Workbook

Sheet Urb MCS
B3: DINERO INGRESO | C3: 1917.20 | G3: 2025 | N3: 2026 | X3: 2026
E4: ABRIL | F4: MAYO | G4: JUNIO | H4: JULIO | I4: AGOSTO | J4: SETIEMBRE | K4: OCTUBRE | L4: NOVIEMBRE | M4: DICIEMBRE | N4: ENERO | O4: FEBRERO | P4: MARZO | Q4: ABRIL | R4: MAYO | S4: JUNIO | T4: JULIO | U4: AGOSTO | V4: SETIEMBRE | X4: OCTUBRE | Y4: NOVIEMBRE | Z4: DICIEMBRE | AA4: ENERO
B5: Calle Enrique Nerini | C5: Enrique Nerini | D5: Monto | E5: PAGOS | X5: ADELANTOS
B6: 105 | C6: Luis Jochamowitz | D6: 70 | G6: 70 | H6: 70 | I6: 70 | J6: 70 | K6: 70 | L6: 70 | M6: 70 | N6: 70 | O6: 70 | P6: 70 | Q6: 70 | R6: 70 | S6: 70 | T6: 70 | U6: 70 | V6: 70
B7: 117 | C7: Amparo de Pinillos | D7: 0
B8: 125 | C8: Sofia Rivero Passalacqua | D8: 70 | F8: 70 | G8: 70 | H8: 70 | I8: 70 | J8: 70 | K8: 70 | L8: 70 | M8: 70 | N8: 70 | O8: 70 | P8: 70 | Q8: 70 | R8: 70 | S8: 70 | T8: 70 | U8: 70 | V8: 70
B9: 133 | C9: Familia Gálvez | D9: 70 | L9: 70 | M9: 70 | N9: 70 | O9: 70 | P9: 70 | Q9: 70 | R9: 70 | S9: 70 | T9: 70 | U9: 70
B10: 149 | C10: Gustavo López Bustamante | D10: 70 | J10: 70 | K10: 70 | L10: 70 | M10: 70 | N10: 70 | O10: 70 | P10: 70 | Q10: 70 | R10: 70 | S10: 70 | T10: 70 | U10: 70
B11: 151 A | D11: 0
B12: 151 B | C12: Christian Estremadoyro | D12: 70 | J12: 70 | K12: 70 | L12: 70 | M12: 70 | N12: 70 | O12: 70 | P12: 70 | Q12: 70 | R12: 70 | S12: 70 | T12: 70 | U12: 70 | V12: 70
B13: 153 | C13: Ricardo Ríos | D13: 0
B14: 159 2do piso | C14: Fernando Leguía Murillo | D14: 70 | J14: 70 | K14: 70 | L14: 70 | M14: 70 | N14: 70 | O14: 70 | P14: 70 | Q14: 70 | R14: 70 | S14: 70 | T14: 70 | U14: 70
B15: 161 1er piso | C15: Gonzalo Pedreschi | D15: 70 | G15: 70 | H15: 70 | I15: 70 | J15: 70 | K15: 70 | L15: 70 | M15: 70
B16: 175 | C16: Graciela Carrillo Ugarte | D16: 70 | J16: 70 | K16: 70 | L16: 70 | M16: 70 | N16: 70 | O16: 70 | P16: 70 | Q16: 70 | R16: 70 | S16: 70 | T16: 70 | U16: 70 | V16: 70
B17: 177 - 181 | C17: Carlos Alberto Zegarra | D17: 70 | J17: 70 | K17: 70 | L17: 70 | M17: 70 | N17: 70 | O17: 70 | P17: 70 | Q17: 70 | R17: 70 | S17: 70 | T17: 70 | U17: 70 | V17: 70
C18: Carlos Alberto Zegarra | D18: 0
E19: =SUM(E6:E18) -> 0 | F19: =SUM(F6:F18) -> 70 | G19: =SUM(G6:G18) -> 210 | H19: =SUM(H6:H18) -> 210 | I19: =SUM(I6:I18) -> 210 | J19: =SUM(J6:J18) -> 560 | K19: =SUM(K6:K18) -> 560 | L19: =SUM(L6:L18) -> 630 | ... V19: =SUM(V6:V18) -> 350 | X19: =SUM(X6:X18) -> 0 | Y19: =SUM(Y6:Y18) -> 0 | Z19: =SUM(Z6:Z18) -> 0 | AA19: =SUM(AA6:AA18) -> 0
B21: Calle Alejandro Freundt | C21: Alejandro Freundt | D21: Monto | E21: PAGOS | X21: ADELANTOS
B22: 109/119 | C22: Edificio Mareia (Madrid) en construction | D22: 0
B23: 116 | C23: Enrique Fowks - casa en venta / vacía | D23: 0
B24: 124-A | C24: Carlos Martell Lamas | D24: 70 | G24: 70 | H24: 70 | I24: 70 | J24: 70 | K24: 70 | L24: 70 | M24: 70 | N24: 70 | O24: 70 | P24: 70 | Q24: 70 | R24: 70 | S24: 70
B25: 124-B | C25: Lucía Cano Correa | D25: 70 | G25: 70 | H25: 70 | I25: 70 | J25: 70 | K25: 70 | L25: 70 | M25: 70 | N25: 70 | O25: 70 | P25: 70 | Q25: 70 | R25: 70 | S25: 70 | T25: 70 | U25: 70 | V25: 70
B26: 131 | C26: María de los Ángeles Espi | D26: 50 | G26: 60 | H26: 60 | I26: 60 | J26: 60 | K26: 60 | L26: 60 | M26: 60 | N26: 50 | O26: 50 | P26: 50 | Q26: 50 | R26: 70 | S26: 60 | T26: 60 | U26: 70 | V26: 70
B27: 134-1er piso | C27: Hector Salas | D27: 70 | K27: 70 | L27: 70 | M27: 70 | N27: 70 | O27: 70 | P27: 70 | Q27: 70 | R27: 70 | S27: 70 | T27: 70 | U27: 70 | V27: 70
B28: 132-2do piso | C28: inquilina - Nicole Fort / dueño Héctor salas | D28: 0 | U28: 70
B29: 132-3er piso | C29: Karen Arbulú | D29: 70 | G29: 70 | H29: 70 | I29: 70 | J29: 70 | K29: 70 | L29: 70 | M29: 70 | N29: 70 | O29: 70 | P29: 70 | Q29: 70 | R29: 70 | S29: 70 | T29: 70 | U29: 70 | V29: 70
B30: 135 | C30: Armando Espinoza/Pilar Arauco | D30: 40 | G30: 40 | H30: 40 | I30: 40 | J30: 40 | K30: 40 | L30: 40 | M30: 40 | N30: 40 | O30: 40 | P30: 40 | Q30: 40 | R30: 40 | S30: 40 | T30: 40 | U30: 40
B31: 137 | C31: Carlos Recavarren | D31: 70 | G31: 70 | H31: 70 | I31: 70 | J31: 70 | K31: 70 | L31: 70 | M31: 70 | N31: 70 | O31: 70 | P31: 70 | Q31: 70 | R31: 70 | S31: 70 | T31: 70 | U31: 70
B32: 140 | C32: Maria Salas de Becerra | D32: 70 | G32: 70 | H32: 70 | I32: 70 | J32: 70 | K32: 70 | L32: 70
B33: 146-3er piso | C33: César Zelaya | D33: 70 | I33: 70 | J33: 70 | K33: 70
B34: 146- dpto 101 | C34: César Zelaya / (Legaspi) inquilino | D34: 70 | I34: 60 | J34: 60 | K34: 60 | L34: 60 | M34: 60
B35: 147 | C35: Margarita Arauco / Oscar Jiménez | D35: 70 | G35: 50 | H35: 50 | I35: 70 | J35: 70 | K35: 70 | L35: 70 | M35: 70 | N35: 70 | O35: 70 | P35: 70 | Q35: 70 | R35: 70 | S35: 70 | T35: 70 | U35: 70 | V35: 70
B36: 151 | C36: Guido Torres | D36: 0
B37: 150 | C37: Janet Silva | D37: 70 | I37: 70 | J37: 70 | K37: 70 | L37: 70 | M37: 70 | N37: 70 | O37: 70 | P37: 70 | Q37: 70 | R37: 70 | S37: 70 | T37: 70 | U37: 70 | V37: 70 | X37: 70
B38: 156 | C38: Lilia Chauca | D38: 0
B39: 160-162 | C39: Carlos Linares | D39: 0
B40: 172 -1er piso | C40: Charo Ramirez | D40: 70 | F40: 70 | G40: 70 | H40: 70 | I40: 70 | J40: 70 | K40: 70 | L40: 70 | M40: 70 | N40: 70 | O40: 70 | P40: 70 | R40: 100 | S40: 100 | T40: 100 | U40: 100
B41: 172-2do piso | C41: Susana Ramírez Llosa | D41: 35 | J41: 35 | K41: 35 | L41: 35 | M41: 35 | N41: 35 | O41: 35 | P41: 35 | Q41: 35
B42: 172 -3er piso | C42: inquilina / Laura Valencia | D42: 35 | J42: 35 | K42: 35 | L42: 35 | M42: 35 | N42: 35 | O42: 35 | P42: 35 | Q42: 35
B43: 173 | C43: Anke Kaulard | D43: 70 | G43: 70 | H43: 70 | I43: 70 | J43: 70 | K43: 70 | L43: 70 | M43: 70 | N43: 70 | O43: 70 | P43: 70 | Q43: 70 | R43: 70 | S43: 70 | T43: 70 | U43: 70 | V43: 70
B44: 176 | C44: Familia Manrique | D44: 70 | G44: 50 | H44: 50 | I44: 70 | J44: 70 | K44: 70 | L44: 70 | M44: 70 | N44: 70 | O44: 70 | P44: 70 | Q44: 70 | R44: 70 | S44: 70 | T44: 70 | U44: 70
B45: 179-2do piso | C45: Inquilina / Moira Caldas | D45: 35 | G45: 35 | H45: 35 | I45: 35 | J45: 35 | K45: 35 | L45: 35 | M45: 35 | N45: 35 | O45: 35 | T45: 35 | U45: 35
B46: 179-3er piso | C46: Dueña - Ana Arauco / inquilina - | D46: 0
B47: 183 | C47: Hilda Fernández de Walters/Roxan | D47: 70 | G47: 70 | H47: 70 | I47: 70 | J47: 70 | K47: 70 | L47: 70 | M47: 70 | N47: 70 | O47: 70 | P47: 70 | Q47: 70 | R47: 70 | S47: 70 | T47: 70 | U47: 70 | V47: 70 | X47: 70 | Y47: 70 | Z47: 70 | AA47: 70
B48: 193 | C48: Francisco Silva | D48: 70
E49: =SUM(E22:E48) -> 0 | F49: =SUM(F22:F48) -> 70 | G49: =SUM(G22:G48) -> 795 | H49: =SUM(H22:H48) -> 795 | I49: =SUM(I22:I48) -> 1035 | J49: =SUM(J22:J48) -> 1105 | K49: =SUM(K22:K48) -> 1175 | L49: =SUM(L22:L48) -> 1105 | ... V49: =SUM(V22:V48) -> 560 | X49: =SUM(X22:X48) -> 140 | Y49: =SUM(Y22:Y48) -> 70 | Z49: =SUM(Z22:Z48) -> 70 | AA49: =SUM(AA22:AA48) -> 70
B51: Calle Othon Gastañeta | C51: Othon Gastañeta | D51: Monto | E51: PAGOS | X51: ADELANTOS
B52: 135 | C52: Nuevo proyecto Arise | D52: 0
B53: 135 | C53: Edificio Arise (77 departamentos) | D53: 0 | G53: 70 | H53: 70 | I53: 70 | J53: 70 | K53: 70 | L53: 70
B54: 135- dpto 1204 | C54: Anita Reátegui | D54: 30 | P54: 30 | Q54: 30 | R54: 30 | S54: 30 | T54: 30 | U54: 30 | V54: 30
B55: 132-139 | C55: Carlos Mayorga | D55: 70 | G55: 70 | H55: 70 | I55: 70 | J55: 70 | K55: 70 | L55: 70 | M55: 70 | N55: 70 | O55: 70 | P55: 70 | Q55: 70 | R55: 70 | S55: 70 | T55: 70 | U55: 70 | V55: 70 | X55: 70
B56: 154 | C56: Sebastián Arenillas | D56: 50 | G56: 50 | H56: 50 | I56: 50 | J56: 50 | K56: 50 | L56: 50 | M56: 50 | N56: 50 | O56: 50 | P56: 50 | Q56: 50 | R56: 50 | S56: 50 | T56: 50 | U56: 50 | V56: 50
B57: 158 | C57: Alejandro Pareja | D57: 0
B58: 178A | C58: Ursula Cruz González | D58: 0 | G58: 50 | H58: 50 | I58: 50 | M58: 50 | N58: 50 | O58: 50 | P58: 50 | Q58: 50 | R58: 50 | S58: 50
B59: 178B | C59: Nelly Gordillo / Orlando Aquije | D59: 50 | G59: 50 | H59: 50 | I59: 50 | J59: 50 | K59: 50 | L59: 50 | M59: 50 | N59: 50 | O59: 50 | P59: 50 | Q59: 50 | R59: 50 | S59: 50 | T59: 50 | U59: 50 | V59: 50
B60: 188 | C60: Gustavo Araujo | D60: 0
B61: 190 | C61: Edificio Costa Sur (47 departamentos) | D61: 500 | G61: 458.02 | H61: 448.21 | I61: 444.59 | J61: 440.23 | K61: 444.39 | L61: 444.35 | M61: 445.02 | N61: 446.3 | O61: 449.92 | P61: 434.58 | Q61: 442.06 | R61: 432.62 | S61: 444.28 | T61: 430.1 | U61: 434.62
B62: 208-1er piso | D62: 0
B63: 208-2do piso | D63: 0
B64: 208 -3er piso | C64: Rocío Rojas | D64: 30 | G64: 10 | H64: 10 | I64: 30 | J64: 30 | K64: 30 | L64: 30 | M64: 30 | N64: 30 | O64: 30 | P64: 30 | Q64: 30 | R64: 30 | S64: 30 | T64: 30 | U64: 30 | V64: 30
B65: 218 | D65: 0
B66: 236-A | C66: Dueño-IVO | D66: 0
B67: 236-B | C67: Leopoldo O'Donnell | D67: 0
B68: 248 | C68: Jean Pierre O´Donnell | D68: 0
E69: =SUM(E52:E68) -> 0 | F69: =SUM(F52:F68) -> 0 | G69: =SUM(G52:G68) -> 758.02 | H69: =SUM(H52:H68) -> 748.21 | I69: =SUM(I52:I68) -> 764.59 | J69: =SUM(J52:J68) -> 710.23 | K69: =SUM(K52:K68) -> 714.39 | L69: =SUM(L52:L68) -> 714.35 | ... V69: =SUM(V52:V68) -> 230 | X69: =SUM(X52:X68) -> 70 | Y69: =SUM(Y52:Y68) -> 0 | Z69: =SUM(Z52:Z68) -> 0 | AA69: =SUM(AA52:AA68) -> 0
B71: Calle Pastor Sevilla | C71: Pastor Sevilla | D71: Monto | E71: PAGOS | X71: ADELANTOS
B72: 101 | C72: Carmen Guzmán | D72: 70 | G72: 70 | H72: 70 | I72: 70 | J72: 70 | K72: 70 | L72: 70 | M72: 70 | N72: 70 | O72: 70 | P72: 70 | Q72: 70 | R72: 70 | S72: 70 | T72: 70 | U72: 70
B73: 123 | C73: Ursula Caceres | D73: 70 | G73: 70 | H73: 70 | I73: 70 | J73: 70 | K73: 70 | L73: 70 | M73: 70 | N73: 70 | O73: 70 | P73: 70 | Q73: 70 | R73: 70 | S73: 70 | T73: 70 | U73: 70 | V73: 70
B74: 135 | C74: dueña.Irma Rios/ inquilina Silvia Noriega | D74: 70 | G74: 70 | H74: 70 | I74: 70 | J74: 70 | K74: 70 | L74: 70 | M74: 70 | N74: 70 | O74: 70 | P74: 70 | Q74: 70 | R74: 70 | S74: 70 | T74: 70 | U74: 70 | V74: 70
B75: 137 | D75: 0
B76: 147 | C76: Alicia y Patricia Melendez | D76: 70 | H76: 70 | I76: 70 | J76: 70 | K76: 70 | L76: 70 | M76: 70 | N76: 70 | O76: 70 | P76: 70 | Q76: 70 | R76: 70 | S76: 70 | T76: 70 | U76: 70 | V76: 70
B77: 159 | C77: Familia Ovalle / inquilinos Éster Oblitas y Telmo Becerra | D77: 0
B78: 165 | C78: dueña.Irma Rios/ inquilino Rodrigo Palacios | D78: 70 | I78: 70 | J78: 70 | K78: 70 | L78: 70 | M78: 70 | N78: 70 | O78: 70 | P78: 70 | Q78: 70 | R78: 70 | S78: 70 | T78: 70 | U78: 70
B79: 167 | C79: Carlos Niezen Matas | D79: 70 | O79: 70 | P79: 70 | Q79: 70 | R79: 70 | S79: 70 | T79: 70 | U79: 70 | V79: 70
B80: 175 | C80: Familia Vernal | D80: 70 | G80: 70 | H80: 70 | I80: 70 | J80: 70 | K80: 70 | L80: 70 | M80: 70 | N80: 70 | O80: 70 | P80: 70 | Q80: 70 | R80: 70 | S80: 70 | T80: 70 | U80: 70 | V80: 70
B81: 185 | D81: 0
B82: 197 | C82: Ricardo Vila | D82: 70 | G82: 70 | H82: 70 | I82: 70 | J82: 70 | K82: 70 | L82: 70 | M82: 70 | N82: 70 | O82: 70 | P82: 70 | Q82: 70 | R82: 70 | S82: 70 | T82: 70 | U82: 70
B83: 198-1er piso | D83: 0
B84: 198-2do piso | D84: 0
B85: 198-3er piso | D85: 0
B86: 207 | C86: Edward Horna | D86: 0
B87: 208 | C87: Roberto Molina | D87: 70
B88: 218 Dpto. 101 | D88: 0
B89: 218 Dpto. 102 | D89: 0
B90: 218 Dpto. 201 | C90: Luis guillen | D90: 0
B91: 218 Dpto. 202 | D91: 0
B92: 218 Dpto. 301 | C92: inquilino | D92: 30 | R92: 30 | S92: 30 | T92: 30 | U92: 30 | V92: 30
B93: 218 Dpto. 302 | C93: Familia Carranza Simons | D93: 50 | P93: 50 | Q93: 50 | R93: 50 | S93: 50 | T93: 50 | U93: 50 | V93: 50
B94: 218 Dpto. 401 | D94: 0
B95: 218 Dpto. 402 | D95: 0
B96: 218 Dpto. 501 | C96: Rebeca de Otero Monteverde /Carlos Otero | D96: 70 | H96: 70 | I96: 70 | J96: 70 | K96: 70 | L96: 70 | M96: 70 | N96: 70 | O96: 70 | P96: 70 | Q96: 70 | R96: 70 | S96: 70 | T96: 70 | U96: 70 | V96: 70
B97: 218 Dpto. 502 | D97: 0 | O97: 0
B98: 226 | C98: Manuel Izarra | D98: 60 | G98: 60 | H98: 60 | I98: 60 | J98: 60 | K98: 60 | L98: 60 | M98: 60 | N98: 60 | O98: 60 | P98: 60 | Q98: 60 | R98: 60 | S98: 60 | T98: 60 | U98: 60
B99: 234 | C99: Giancarlos Marcone | D99: 70 | R99: 70 | S99: 70 | T99: 70 | U99: 70 | V99: 70
B100: 240 | C100: Luis Luna | D100: 0
B101: 267-1 y 2 | C101: David Prado | D101: 70 | J101: 70 | K101: 70 | L101: 70 | M101: 70 | N101: 70 | O101: 70 | P101: 70 | Q101: 70 | R101: 70 | S101: 70 | T101: 70 | U101: 70
B102: 290-dpto201 | C102: Dueño-David Fernandez | D102: 0
B103: 290-dpto 202 | C103: Dueño-David Fernandez | D103: 0
E104: =SUM(E72:E103) -> 0 | F104: =SUM(F72:F103) -> 0 | G104: =SUM(G72:G103) -> 410 | H104: =SUM(H72:H103) -> 550 | I104: =SUM(I72:I103) -> 620 | J104: =SUM(J72:J103) -> 690 | K104: =SUM(K72:K103) -> 690 | L104: =SUM(L72:L103) -> 690 | ... V104: =SUM(V72:V103) -> 570 | X104: =SUM(X72:X103) -> 0 | Y104: =SUM(Y72:Y103) -> 0 | Z104: =SUM(Z72:Z103) -> 0 | AA104: =SUM(AA72:AA103) -> 0
B106: Pasaje La Española | C106: La Espanola | D106: Monto | E106: PAGOS | X106: ADELANTOS
...

Sheet TOTAL CALLE-MES
C2: 2025 | L2: 2026 | X2: 2027
C3: ABRIL | D3: MAYO | E3: JUNIO | F3: JULIO | G3: AGOSTO | H3: SETIEMBRE | I3: OCTUBRE | J3: NOVIEMBRE | K3: DICIEMBRE | L3: ENERO | M3: FEBRERO | N3: MARZO | O3: ABRIL | P3: MAYO | Q3: JUNIO | R3: JULIO | S3: AGOSTO | T3: SETIEMBRE | U3: OCTUBRE | V3: NOVIEMBRE | W3: DICIEMBRE | X3: ENERO | Y3: OTROS
B4: Calle Enrique Nerini | C4: =+'Urb MCS'!E19 -> 0 | D4: =+'Urb MCS'!F19 -> 70 | E4: =+'Urb MCS'!G19 -> 210 | F4: =+'Urb MCS'!H19 -> 210 | G4: =+'Urb MCS'!I19 -> 210 | H4: =+'Urb MCS'!J19 -> 560 | I4: =+'Urb MCS'!K19 -> 560 | J4: =+'Urb MCS'!L19 -> 630 | ... T4: =+'Urb MCS'!V19 -> 350 | U4: =+'Urb MCS'!X19 -> 0 | V4: =+'Urb MCS'!Y19 -> 0 | W4: =+'Urb MCS'!Z19 -> 0
B5: Calle Alejandro Freundt | C5: =+'Urb MCS'!E49 -> 0 | D5: =+'Urb MCS'!F49 -> 70 | E5: =+'Urb MCS'!G49 -> 795 | F5: =+'Urb MCS'!H49 -> 795 | G5: =+'Urb MCS'!I49 -> 1035 | H5: =+'Urb MCS'!J49 -> 1105 | I5: =+'Urb MCS'!K49 -> 1175 | J5: =+'Urb MCS'!L49 -> 1105 | ... T5: =+'Urb MCS'!V49 -> 560 | U5: =+'Urb MCS'!X49 -> 140 | V5: =+'Urb MCS'!Y49 -> 70 | W5: =+'Urb MCS'!Z47 -> 70 | X5: =+'Urb MCS'!AA49 -> 70
B6: Calle Othon Gastañeta | C6: =+'Urb MCS'!E69 -> 0 | D6: =+'Urb MCS'!F69 -> 0 | E6: =+'Urb MCS'!G69 -> 758.02 | F6: =+'Urb MCS'!H69 -> 748.21 | G6: =+'Urb MCS'!I69 -> 764.59 | H6: =+'Urb MCS'!J69 -> 710.23 | I6: =+'Urb MCS'!K69 -> 714.39 | J6: =+'Urb MCS'!L69 -> 714.35 | ... T6: =+'Urb MCS'!V69 -> 230 | U6: =+'Urb MCS'!X69 -> 70 | V6: =+'Urb MCS'!Y69 -> 0 | W6: =+'Urb MCS'!Z69 -> 0 | X6: =+'Urb MCS'!AA104 -> 0
B7: Calle Pastor Sevilla | C7: =+'Urb MCS'!E104 -> 0 | D7: =+'Urb MCS'!F104 -> 0 | E7: =+'Urb MCS'!G104 -> 410 | F7: =+'Urb MCS'!H104 -> 550 | G7: =+'Urb MCS'!I104 -> 620 | H7: =+'Urb MCS'!J104 -> 690 | I7: =+'Urb MCS'!K104 -> 690 | J7: =+'Urb MCS'!L104 -> 690 | ... T7: =+'Urb MCS'!V104 -> 570 | U7: =+'Urb MCS'!X104 -> 0 | V7: =+'Urb MCS'!Y104 -> 0 | W7: =+'Urb MCS'!Z104 -> 0 | X7: =+'Urb MCS'!AA104 -> 0
B8: Pasaje La Española | C8: =+'Urb MCS'!E118 -> 0 | D8: =+'Urb MCS'!F118 -> 70 | E8: =+'Urb MCS'!G118 -> 420 | F8: =+'Urb MCS'!H118 -> 560 | G8: =+'Urb MCS'!I118 -> 630 | H8: =+'Urb MCS'!J118 -> 630 | I8: =+'Urb MCS'!K118 -> 630 | J8: =+'Urb MCS'!L118 -> 630 | ... T8: =+'Urb MCS'!V118 -> 420 | U8: =+'Urb MCS'!X118 -> 140 | V8: =+'Urb MCS'!Y118 -> 70 | W8: =+'Urb MCS'!Z118 -> 70 | X8: =+'Urb MCS'!AA118 -> 0
B9: Malecón Costa Sur | C9: =+'Urb MCS'!E193 -> 1060 | D9: =+'Urb MCS'!F193 -> 1200 | E9: =+'Urb MCS'!G193 -> 3310 | F9: =+'Urb MCS'!H193 -> 3880 | G9: =+'Urb MCS'!I193 -> 3520 | H9: =+'Urb MCS'!J193 -> 3520 | I9: =+'Urb MCS'!K193 -> 3570 | J9: =+'Urb MCS'!L193 -> 3640 | ... T9: =+'Urb MCS'!V193 -> 1330 | U9: =+'Urb MCS'!X193 -> 280 | V9: =+'Urb MCS'!Y193 -> 210 | W9: =+'Urb MCS'!Z193 -> 140 | X9: =+'Urb MCS'!AA193 -> 60
B10: Daniel Urrea | C10: =+'Urb MCS'!E246 -> 0 | D10: =+'Urb MCS'!F246 -> 400 | E10: =+'Urb MCS'!G246 -> 903.3 | F10: =+'Urb MCS'!H246 -> 1221.7 | G10: =+'Urb MCS'!I246 -> 1320 | H10: =+'Urb MCS'!J246 -> 1380 | I10: =+'Urb MCS'!K246 -> 1265 | J10: =+'Urb MCS'!L246 -> 1265 | ... T10: =+'Urb MCS'!V246 -> 1120 | U10: =+'Urb MCS'!X246 -> 120 | V10: =+'Urb MCS'!Y246 -> 0 | W10: =+'Urb MCS'!Z246 -> 0 | X10: =+'Urb MCS'!AA246 -> 0
B11: Calle Dario Torres | C11: =+'Urb MCS'!E276 -> 0 | D11: =+'Urb MCS'!F276 -> 200 | E11: =+'Urb MCS'!G276 -> 620 | F11: =+'Urb MCS'!H276 -> 830 | G11: =+'Urb MCS'!I276 -> 830 | H11: =+'Urb MCS'!J276 -> 830 | I11: =+'Urb MCS'!K276 -> 970 | J11: =+'Urb MCS'!L276 -> 900 | ... T11: =+'Urb MCS'!V276 -> 830 | U11: =+'Urb MCS'!X276 -> 210 | V11: =+'Urb MCS'!Y276 -> 140 | W11: =+'Urb MCS'!Z276 -> 70 | X11: =+'Urb MCS'!AA276 -> 0
B12: Calle Ladislao Graña | C12: =+'Urb MCS'!E281 -> 0 | D12: =+'Urb MCS'!F281 -> 0 | E12: {=+'Urb MCS'!G281:V281} -> 70 | F12: 70 | G12: 70 | H12: 70 | I12: 70 | J12: 70 | K12: 140 | L12: 140 | M12: 140 | N12: 140 | O12: 140 | P12: 140 | Q12: 70 | R12: 70 | S12: 70 | T12: 0 | U12: =+'Urb MCS'!X281 -> 0 | V12: =+'Urb MCS'!Y281 -> 0 | W12: =+'Urb MCS'!Z281 -> 0 | X12: =+'Urb MCS'!AA281 -> 0
B14: TOTAL URBANIZACIÓN | C14: =SUM(C4:C13) -> 1060 | D14: =SUM(D4:D13) -> 2010 | E14: =SUM(E4:E13) -> 7496.32 | F14: =SUM(F4:F12) -> 8864.91 | G14: =SUM(G4:G13) -> 8999.59 | H14: =SUM(H4:H13) -> 9495.23 | I14: =SUM(I4:I13) -> 9644.39 | J14: =SUM(J4:J13) -> 9644.35 | K14: =SUM(K4:K13) -> 9545.02 | L14: =SUM(L4:L13) -> 10136.3 | M14: =SUM(M4:M13) -> 10919.92 | N14: =SUM(N4:N13) -> 11054.58 | ... T14: =SUM(T4:T13) -> 5410 | U14: =SUM(U4:U12) -> 960 | V14: =SUM(V4:V12) -> 490 | W14: =SUM(W4:W12) -> 350 | X14: =SUM(X4:X12) -> 130 | Z14: =AVERAGE(C14:X14) -> 7265.195
O17: Promedio junio a agosto | P17: =AVERAGE(E14:S14) -> 9961.6193
O18: =SUM(E14:S14) -> 149424.29

Sheet EGRESOS
D3: 2025 | M3: 2026
D4: ABRIL | E4: MAYO | F4: JUNIO | G4: JULIO | H4: AGOSTO | I4: SETIEMBRE | J4: OCTUBRE | K4: NOVIEMBRE | L4: DICIEMBRE | M4: ENERO | N4: FEBRERO | O4: MARZO | P4: ABRIL | Q4: MAYO | R4: JUNIO | S4: JULIO | T4: AGOSTO | U4: SETIEMBRE | V4: OCTUBRE | W4: NOVIEMBRE | X4: DICIEMBRE | Y4: OTROS
C5: Pago Seguridad Sr. Rosales (1ra quincena) | D5: 0 | E5: 0 | F5: 4200 | G5: 4200 | H5: 4200 | I5: 4200 | J5: 4200 | K5: 4200 | L5: 4200 | M5: 4200 | N5: 4200 | O5: 4200 | P5: 4200 | Q5: 4200 | R5: 4200 | S5: 4200 | T5: 4200 | U5: 4200
C6: Pago Seguridad Sr. Rosales (2da quincena) | D6: 0 | E6: 0 | F6: 4200 | G6: 4200 | H6: 4200 | I6: 4200 | J6: 4200 | K6: 4200 | L6: 4200 | M6: 4200 | N6: 4200 | O6: 4200 | P6: 4200 | Q6: 4200 | R6: 4200 | S6: 4200 | T6: 4200 | U6: 4200
C7: Pago Guillermo | D7: 0 | E7: 0 | F7: 800 | G7: 800 | H7: 800 | I7: 800 | J7: 800 | K7: 800 | L7: 800 | M7: 800 | N7: 800 | O7: 800 | P7: 800 | Q7: 800 | R7: 800 | S7: 800 | T7: 800 | U7: 800
C8: Pagos chapas/ mantenimiento - Sr. Eliceo | D8: 0 | E8: 0 | F8: 0 | G8: 0 | H8: 0 | I8: 0 | J8: 0 | K8: 0 | L8: 0 | M8: 0 | N8: 0 | O8: 1485 | P8: 0 | Q8: 554.8 | R8: 0 | S8: 0 | T8: 0 | U8: 0
C9: Copias de llaves | D9: 0 | E9: 0 | F9: 0 | G9: 0 | H9: 0 | I9: 30 | J9: 0 | K9: 0 | L9: 0 | M9: 30 | N9: 0 | O9: 90 | P9: 0 | Q9: 0 | R9: 0 | S9: 90 | T9: 0 | U9: 0
C10: Materiales - Utiles | D10: 0 | E10: 0 | F10: 0 | G10: 0 | H10: 0 | I10: 0 | J10: 0 | K10: 0 | L10: o | M10: 0 | N10: 0 | O10: 0 | P10: 0 | Q10: 0 | R10: 0 | S10: 0 | T10: 0 | U10: 0
C11: Compra de equipos y otros | D11: 0 | E11: 0 | F11: 0 | G11: 20 | H11: 30 | I11: 0 | J11: 0 | K11: 0 | L11: 0 | M11: 0 | N11: 0 | O11: 0 | P11: 0 | Q11: 0 | R11: 0 | S11: 0 | T11: 0 | U11: 0
C12: Otros | D12: 0 | E12: 0 | F12: 7.07 | G12: 0 | H12: 0 | I12: 0 | J12: 0 | K12: 0 | L12: o | M12: 0 | N12: 72 | O12: 0 | P12: 0 | Q12: 0 | R12: 0 | S12: 0 | T12: 0 | U12: 0
C13: TOTALES | D13: =SUM(D5:D12) -> 0 | E13: =SUM(E5:E12) -> 0 | F13: =SUM(F5:F12) -> 9207.07 | G13: =SUM(G5:G12) -> 9220 | H13: =SUM(H5:H12) -> 9230 | I13: =SUM(I5:I12) -> 9230 | J13: =SUM(J5:J12) -> 9200 | K13: =SUM(K5:K12) -> 9200 | ... U13: =SUM(U5:U12) -> 9200
C16: En Caja aún por actividad de Halloween para reparación de Reja (Detalle en otra ventana) | J16: 227.2 | M16: ITFS ACUMULADOS
C17: En Caja aún por actividad de Navidad para compra de Canastas, cena y bonos (Detalle en otra ventana) | J17: 26.4 | M17: JUNIO | N17: 0.6
M18: JULIO | N18: 0.45
M19: AGOSTO | N19: 0.05
M20: SETIEMBRE | N20: 0.05
M21: OCTUBRE | N21: 0.05
M22: NOVIEMBRE | N22: 0.05
M23: DICIEMBRE | N23: 0.5
M24: ENERO | N24: 0.45
M25: FEBRERO | N25: 0.45
M26: MARZO | N26: 0.45
M27: ABRIL | N27: 0.45
M28: MAYO | N28: 0.45
M29: JUNIO | N29: 0.45
... M32: SETIEMBRE | N32: 0.55
N33: =SUM(N17:N32) -> 5.9

Sheet TOTAL CTA
D2: 2025 | M2: 2026 | Y2: 2027
D3: ABRIL | E3: MAYO | F3: JUNIO | G3: JULIO | H3: AGOSTO | I3: SETIEMBRE | J3: OCTUBRE | K3: NOVIEMBRE | L3: DICIEMBRE | M3: ENERO | N3: FEBRERO | O3: MARZO | P3: ABRIL | Q3: MAYO | R3: JUNIO | S3: JULIO | T3: AGOSTO | U3: SETIEMBRE | V3: OCTUBRE | W3: NOVIEMBRE | X3: DICIEMBRE | Y3: ENERO
C4: INGRESOS POR MESES | D4: =+'TOTAL CALLE-MES'!C14 -> 1060 | E4: =+'TOTAL CALLE-MES'!D14 -> 2010 | F4: =+'TOTAL CALLE-MES'!E14 -> 7496.32 | G4: =+'TOTAL CALLE-MES'!F14 -> 8864.91 | H4: =+'TOTAL CALLE-MES'!G14 -> 8999.59 | I4: =+'TOTAL CALLE-MES'!H14 -> 9495.23 | J4: =+'TOTAL CALLE-MES'!I14 -> 9644.39 | K4: =+'TOTAL CALLE-MES'!J14 -> 9644.35 | ... Y4: =+'TOTAL CALLE-MES'!X14 -> 130
C5: EGRESOS POR MESES | D5: 0 | E5: 0 | F5: =+EGRESOS!F13 -> 9207.07 | G5: =+EGRESOS!G13 -> 9220 | H5: =+EGRESOS!H13 -> 9230 | I5: =+EGRESOS!I13 -> 9230 | J5: =+EGRESOS!J13 -> 9200 | K5: =+EGRESOS!K13 -> 9200 | L5: =+EGRESOS!L13 -> 9200 | M5: =+EGRESOS!M13 -> 9230 | ... Y5: =+EGRESOS!Y13 -> 0
C7: EN CAJA : | D7: =(D4-D5) -> 1060 | E7: =(E4-E5) -> 2010 | F7: =(F4-F5) -> -1710.75 | G7: =(G4-G5) -> -355.09 | H7: =(H4-H5) -> -230.41 | I7: =(I4-I5) -> 265.23 | J7: =(J4-J5) -> 444.39 | K7: =(K4-K5) -> 444.35 | ... Y7: =(Y4-Y5) -> 130
C9: INGRESOS TOTALES | D9: =(D7+E7+F7+G7+H7+I7+J7+K7+L7+M7+N7+O7+P7+Q7+R7+S7+T7+U7+V7+W7+X7+Y7+Z1) -> 10225.42 | F9: Extravios
C10: DINERO INGRESO (VICTOR) | D10: 1917.20 | F10: 46197 | G10: 50
C11: REJAS Sr. WALTER (Adelanto) | D11: 940 | F11: 46245 | G11: 70
C12: EXTRAVIOS | D12: =+G21 -> 1540 | F12: 46338 | G12: 100
C13: ITFS de todos los meses | D13: -5.9 | F13: 46371 | G13: 20
C14: EFECTIVO | D14: =SUM(D9:D13) -> 12699.52 | F14: 46069 | G14: 140
F15: 46089 | G15: 100
F16: 46093 | G16: 800
C17: SEPARADO (De DONACIONES) | D17: 253.60 | F17: 46095 | G17: 70
C18: (Detalle en Egresos) | F18: 46132 | G18: 70
F19: 46133 | G19: 70
C20: ADELANTOS | D20: =(V7+W7+X7+Y7) -> 1930 | F20: 46183 | G20: 50
G21: =SUM(G10:G20) -> 1540
C24: DEPOSITO AL BBVA | D24: 12694.75

Sheet Halloween-Oct
B2: COMPRA DE STICKERS Y DONACIONES | K2: COMPRA DE ENTRADAS FIESTA
C3: Fecha | D3: Nombre | E3: Monto (Stickers) | F3: Donaciones | G3: Detalle | H3: Total deposito | L3: Fecha | M3: Nombre | N3: Entrada | O3: Donaciones | P3: Detalle | S3: INGRESOS
B4: 1 | C4: 45925 | D4: Esther Oblitas | E4: S/.15.00 | G4: 1 sticker | H4: 15 | K4: 1 | L4: 45950 | M4: Ana Alvaro | O4: S/.100.00 | P4: Donación | S4: Stickers al 8 NOV | T4: S/.1,625.00
B5: 2 | C5: 45929 | D5: Elena Bambaren | F5: S/.100.00 | G5: donación | H5: 100 | K5: 2 | L5: 45952 | M5: Paola (malecón) | N5: S/.50.00 | P5: 1 niño | S5: Reu Halloween | T5: S/.2,920.00
B6: 3 | C6: 45929 | D6: Elena Bambaren | E6: S/.15.00 | G6: 1 sticker | H6: 15 | K6: 3 | L6: 45952 | M6: Lorena Valdez | N6: S/.50.00 | P6: 1 niño | S6: TOTAL INGRESOS | T6: S/.4,545.00
B7: 4 | C7: 45929 | D7: Familia Sanguinetti | E7: S/.30.00 | F7: S/.70.00 | G7: 2 stickers 70 donación | H7: 100 | K7: 4 | L7: 45952 | M7: Aissa (Alba y Giacomo) | N7: S/.90.00 | O7: S/.10.00 | P7: 2 niños
B8: 5 | C8: 45929 | D8: Valeria Osores | E8: S/.30.00 | G8: 2 stickers | H8: 30 | K8: 5 | L8: 45953 | M8: Valery Schroth | N8: S/.90.00 | O8: S/.10.00 | P8: 2 niños | S8: Gastos de fiesta
B9: 6 | C9: 45929 | D9: María Rubio | E9: S/.15.00 | G9: 3 stickers | H9: 45 | K9: 6 | L9: 45953 | M9: Familia Prieto (Roberto y Rodrigo) | N9: S/.90.00 | P9: 2 niños | T9: EGRESOS | U9: Detalle | V9: Fecha
B10: 7 | C10: 45929 | D10: Esteban Rubio | E10: S/.15.00 | K10: 7 | L10: 45953 | M10: Familia Santibañez (Leo y Valentina) | N10: S/.90.00 | P10: 2 niños | S10: Costo de Inflable | T10: S/.1,233.00 | U10: 2 pagos (620+613) | V10: 2025-10-27 y 31
B11: 8 | C11: 45929 | D11: Rafael Rubio | E11: S/.15.00 | K11: 8 | L11: 45954 | M11: Steve Walters | N11: S/.50.00 | P11: 1 niño | S11: Limpieza | T11: S/.40.00 | U11: limpieza malecón | V11: 45961
B12: 9 | C12: 45930 | D12: Francesca Denegri | E12: S/.30.00 | F12: S/.70.00 | G12: 2 stickers 70 donación | H12: 100 | K12: 9 | L12: 45954 | M12: Yago Salas | N12: S/.50.00 | P12: 1 niño | S12: TOTAL EGRESOS | T12: S/.1,273.00
B13: 10 | C13: 45930 | D13: Cesar Bustamante | E13: S/.30.00 | F13: S/.70.00 | G13: 2 stickers 70 donación | H13: 100 | K13: 10 | L13: 45954 | M13: Familia Luque (Salvador, Ariana y Teo) | N13: S/.130.00 | P13: 3 niños
B14: 11 | C14: 45930 | D14: Josmar | E14: S/.30.00 | G14: 2 stickers | H14: 30 | K14: 11 | L14: 45955 | M14: Cesar Bustamante | N14: S/.0.00 | O14: S/.50.00 | P14: Donación | S14: TOTAL RECAUDADO | T14: S/.3,272.00
B15: 12 | C15: 45930 | D15: María Cristina Ortiz (Tale) | E15: S/.45.00 | G15: 3 stickers | H15: 45 | K15: 12 | L15: 45955 | M15: Nahuel y Ariel | N15: S/.90.00 | P15: 2 niños | R15: OTRAS DONACIONES | S15: Amanda | T15: S/.100.00
B16: 13 | C16: 45930 | D16: Daniela Ferrini | E16: S/.15.00 | F16: S/.35.00 | G16: 1 sticker 35 donación | H16: 50 | K16: 13 | L16: 45955 | M16: Lucca Ucelli | N16: S/.90.00 | P16: 2 niños | S16: Percy Sanchez | T16: S/.100.00
B17: 14 | C17: 45929 | D17: Sofia | E17: S/.30.00 | F17: S/.70.00 | G17: 2 stickers 70 donación | H17: 100 | K17: 14 | L17: 45955 | M17: Aurelia Santa Cruz | N17: S/.50.00 | P17: 1 niña | S17: Wally Freita | T17: S/.100.00
B18: 15 | C18: 45930 | D18: Maria Angelica Portocarrero | E18: S/.15.00 | G18: 1 sticker | H18: 15 | K18: 15 | L18: 45961 | M18: Michelle (Santiago Pareja) | N18: S/.50.00 | P18: 1 niño | S18: Andrea | T18: S/.50.00
B19: 16 | C19: 45930 | D19: Georgina Santibañez | E19: S/.30.00 | G19: 2 sticker | H19: 30 | K19: 16 | L19: 45956 | M19: Rodolfo Calderón | N19: S/.50.00 | P19: 1 niño | S19: Maria Inez | T19: S/.125.00
B20: 17 | C20: 45930 | D20: Juan Carlos Celiz | E20: S/.30.00 | G20: 2 sticker | H20: 30 | K20: 17 | L20: 45956 | M20: STAND | N20: S/.80.00 | P20: Stand
B21: 18 | C21: 45930 | D21: Cesar Seminario (Española) | E21: S/.30.00 | G21: 2 sticker | H21: 30 | K21: 18 | L21: 45956 | M21: Eliot Fabing | N21: S/.50.00 | P21: 1 niño | S21: TOTAL CAJA | T21: S/.3,747.00
B22: 19 | C22: 45931 | D22: Rosemarie Lerner (Dario Torres) | E22: S/.15.00 | G22: 1 sticker | H22: 15 | K22: 19 | L22: 45956 | M22: STAND | N22: S/.80.00 | P22: Stand
B23: 20 | C23: 45933 | D23: Luis Monzón Goicochea | E23: S/.30.00 | G23: 2 stickers | H23: 30 | K23: 20 | L23: 45957 | M23: Luca y Luisa Scarafone | N23: S/.90.00 | P23: 2 niños
B24: 21 | C24: 45935 | D24: Jhonnt M (Médico freund) | E24: S/.15.00 | F24: S/.65.00 | G24: 1 sticker 65 donación | H24: 80 | K24: 21 | L24: 45957 | M24: Jihad y Tarek Kahatt | N24: S/.170.00 | P24: 2 niños + Stand | S24: Mantenimiento de reja
B25: 22 | C25: 45936 | D25: Valeria Arias | E25: S/.15.00 | G25: 1 Sticker | H25: 15 | K25: 22 | L25: 45957 | M25: Jaime Castro | N25: S/.50.00 | P25: 1 niño | S25: EGRESOS | T25: Detalle | U25: Fecha
B26: 23 | C26: 45937 | D26: Franklin Levano | E26: S/.30.00 | G26: 2 stickers | H26: 30 | K26: 23 | L26: 45957 | M26: Theo Cardenas | N26: S/.50.00 | P26: 1 niño | S26: S/.1,075.00 | T26: 50% adelanto trabajo | U26: 46340
B27: 24 | C27: 45947 | D27: Katrin Kalmurand | E27: S/.15.00 | G27: 1 Sticker | H27: 15 | K27: 24 | L27: 45958 | M27: Valentino Castañeda | N27: S/.50.00 | P27: 1 niño | S27: S/.975.00 | T27: cancelación trabajo | U27: 46347
B28: 25 | C28: 45947 | D28: Francisco Graña | E28: S/.15.00 | G28: 1 Sticker | H28: 15 | K28: 25 | L28: 45958 | M28: Milagros Villon | N28: S/.50.00 | P28: 1 niño | S28: S/.500.00 | T28: Cambio y soldadura de fierro | U28: 46347
B29: 26 | C29: 45947 | D29: Rocio Lecaros | E29: S/.15.00 | G29: 1 Sticker | H29: 15 | K29: 26 | L29: 45958 | M29: Stand | N29: S/.80.00 | P29: Stand | S29: S/.425.00 | T29: Adelanto Toldo | U29: 46352
B30: 27 | C30: 45948 | D30: Rose | E30: S/.30.00 | G30: 2 stickers | H30: 30 | K30: 27 | L30: 45959 | M30: Emiliano y Mariano Tantalean | N30: S/.90.00 | P30: 2 niños | S30: S/.425.00 | T30: Cancelación Toldo | U30: 46360
B31: 28 | C31: 45950 | D31: Ana Alvaro | F31: S/.100.00 | G31: donación | H31: 100 | K31: 28 | L31: 45960 | M31: Victoria Carrera | N31: S/.50.00 | P31: 1 niña | S31: S/.119.80 | T31: Cinta reflactaria | U31: 46347
B32: 29 | C32: 45950 | D32: Úrsula Caceres | E32: S/.30.00 | G32: 2 stickers | H32: 30 | K32: 29 | L32: 45960 | M32: Valery Schroth | N32: S/.40.00 | P32: 1 niña
B33: 30 | C33: 45951 | D33: Kia (1ra cuota) | F33: S/.200.00 | G33: Deuda | H33: 200 | K33: 30 | L33: 45960 | M33: Salvador Gallegos y Benjamin (primo) | N33: S/.90.00 | P33: 2 niños | S33: S/.3,519.80 | T33: Total Egresos
B34: 31 | C34: 45958 | D34: Georgina Santibañez | E34: S/.15.00 | G34: 1 Sticker | H34: 15 | K34: 31 | L34: 45960 | M34: Emilio y Alonso CArbonel | N34: S/.90.00 | P34: 2 niños
B35: 32 | C35: 45960 | D35: Kia (2da cuota) | F35: S/.200.00 | G35: Deuda | H35: 200 | K35: 32 | L35: 45960 | M35: Ramiro Cobian | N35: S/.50.00 | P35: 1 niño
E36: S/.645.00 | F36: 980 | H36: 1625 | K36: 33 | L36: 45961 | M36: Benjamin (niño) | N36: S/.50.00 | P36: 1 niño | S36: RESTA EN CAJA | T36: 227.20
E37: TOTAL | F37: S/.1,625.00 | K37: 34 | L37: 45961 | M37: Martina Caceres | N37: S/.50.00 | P37: 1 niño
K38: 35 | L38: 45961 | M38: Alessandro Wiese | N38: S/.50.00 | P38: 1 niño
K39: 36 | L39: 45961 | M39: Sol y Lua Arenillas | N39: S/.90.00 | P39: 2 niñas
K40: 37 | L40: 45961 | M40: Familia Maurer (4 niños) | N40: S/.180.00 | P40: 4 niños
K41: 38 | L41: 45961 | M41: Pago efectivo (Ursula y Marcelo) | N41: S/.100.00 | P41: 2 niños
K42: 39 | L42: 45961 | M42: Thiago Zelada | N42: S/.50.00 | P42: 1 niño
M44: TOTAL | N44: 2750 | O44: 170 | P44: =SUM(N44:O44) -> 2920

Sheet Navidad-Dic
B2: Fecha | C2: Nombre | D2: Donaciones | E2: Detalle | F2: Total deposito
B3: 45996 | C3: Carolina Perez Esteves | D3: S/.60.00 | E3: Dario Torres | F3: x | N3: Ayudantes Urbanización | R3: Costo Canasta | S3: Fecha entrega | T3: Bono (yape) | V3: Cantidad | W3: Canasta | X3: Total
B4: 45996 | C4: Charo Ramirez Llosa | D4: S/.60.00 | E4: Freund | F4: x | O4: Seguridad: | V4: 6 | W4: Empresarial II | X4: S/.834.00
B5: 45996 | C5: Mozhdeh Matin | D5: S/.60.00 | E5: Malecón Costa Sur | F5: x | N5: 1.- | O5: Julio Jiménez | R5: S/.139.00 | S5: 46379 | T5: S/.200.00 | V5: 8 | W5: Básica III | X5: S/.280.00
B6: 45998 | C6: Ana Alvaro | D6: S/.100.00 | F6: x | N6: 2.- | O6: Jordan | R6: S/.139.00 | S6: 46379 | T6: S/.200.00 | W6: Envío | X6: S/.15.00
B7: 45998 | C7: Mountain View | D7: S/.20.00 | F7: x | N7: 3.- | O7: Carlos | R7: S/.139.00 | T7: S/.200.00 | X7: S/.1,129.00
B8: 45998 | C8: Familia Pastor | D8: S/.30.00 | E8: Malecón Costa Sur | F8: x | N8: 4.- | O8: Raúl | R8: S/.139.00 | S8: 46379 | T8: S/.200.00
B9: 46003 | C9: Gianfranco Loli | D9: S/.100.00 | E9: Malecón Costa Sur | F9: x | W9: EGRESOS
B10: 46003 | C10: Soledad Hidalgo | D10: S/.50.00 | E10: Nerini | F10: x | O10: Limpieza: | W10: Costo Canastas: | X10: S/.1,129.00
B11: 46003 | C11: Wally Freitas | D11: S/.100.00 | E11: Malecón Costa Sur | F11: x | N11: 5.- | O11: Ruth | R11: S/.139.00 | S11: 46379 | T11: S/.100.00 | W11: Bono Vigilantes: | X11: S/.800.00
B12: 46003 | C12: Familia Walters | D12: S/.100.00 | E12: Freund | F12: x | N12: 6.- | O12: José | R12: S/.139.00 | S12: 46377 | T12: S/.90.00 | W12: Bono Ruth y José: | X12: S/.190.00
B13: 46003 | C13: Karen Arbulu | D13: S/.60.00 | E13: Freund | F13: x | W13: Cena de Navidad | X13: S/.83.20
B14: 46003 | C14: Michael Fabing | D14: S/.60.00 | E14: Malecón Costa Sur | F14: x | O14: Apoyos: | W14: Gaseosas (Tambo) | X14: S/.10.00
B15: 46004 | C15: Mercedes Arauco | D15: S/.40.00 | F15: x | N15: 7.- | O15: Rómulo – ayudante | R15: S/.35.00 | S15: 24 Diciembre | W15: Cena Año Nuevo | X15: S/.131.40
B16: 46005 | C16: Cali Nielsen | D16: S/.100.00 | E16: Sevilla | F16: x | N16: 8.- | O16: Franklin - Transporte de todo tipo | R16: S/.35.00 | S16: 24 Diciembre | X16: S/.2,343.60
B17: 46005 | C17: Cesar Bustamante | D17: S/.100.00 | E17: Urrea | F17: x | N17: 9,. | O17: Alejandro – jardinero | R17: S/.35.00 | S17: 23 Diciembre
B18: 46005 | C18: Susana Cardenas | D18: S/.40.00 | E18: Urrea | F18: x | N18: 10.- | O18: Jacinta – entrega de periódicos | R18: S/.35.00 | S18: 24 Diciembre
B19: 46005 | C19: Familia Torres | D19: S/.60.00 | E19: Española | F19: x | N19: 11.- | O19: Oscar - vendedor de helados | R19: S/.35.00 | S19: 23 Diciembre
B20: 46006 | C20: Chio Lecaros | D20: S/.30.00 | E20: Malecón Costa Sur | F20: x | N20: 12.- | O20: David Méndez – conductor del camión de basura | R20: S/.35.00 | S20: 22 Diciembre
B21: 46006 | C21: Helen Aspi | D21: S/.50.00 | E21: Freund | F21: x | N21: 13.- | O21: Operario 1 camion de basura | R21: S/.35.00 | S21: 22 Diciembre
B22: 46006 | C22: Rosmarie Lerner | D22: S/.50.00 | E22: Dario Torres | F22: x | N22: 14.- | O22: Operario 2 camion de basura | R22: S/.35.00 | S22: 22 Diciembre
B23: 46006 | C23: Graciela Carrillo | D23: S/.50.00 | E23: Nerini | F23: x | N23: 15.- | O23: Envio | R23: S/.15.00
B24: 46006 | C24: Francesca Denegri | D24: S/.70.00 | E24: Española | F24: x | R24: S/.1,129.00
B25: 46006 | C25: Familia Maurer | D25: S/.70.00 | E25: Española | F25: x
B26: 46006 | C26: Cesar Seminario | D26: S/.70.00 | E26: Española | F26: x
B27: 46006 | C27: Otero Monteverde | D27: S/.60.00 | E27: Sevilla | F27: x
B28: 46007 | C28: Familia Carbonel Rázuri | D28: S/.100.00 | E28: Malecón Costa Sur | F28: x
B29: 46007 | C29: Familia Graña Arce | D29: S/.50.00 | E29: Malecón Costa Sur | F29: x
B30: 46007 | C30: Familia Leguia | D30: S/.30.00 | F30: x
B31: 46007 | C31: Familia Rivero | D31: S/.50.00 | F31: Michael
B32: 46008 | C32: Familia Sanguinetti | D32: S/.50.00 | F32: x
B33: 46008 | C33: Cristina Miranda | D33: S/.70.00 | E33: Dario Torres | F33: x
B34: 46009 | C34: Carlos Mayorga | D34: S/.60.00 | F34: Michael
B35: 46009 | C35: Familia Corzo Mayorga | D35: S/.60.00 | F35: Michael
B36: 46009 | C36: Familia Santibañez Bambarén | D36: S/.100.00 | E36: Malecón Costa Sur | F36: x
B37: 46009 | C37: Valeria | D37: S/.100.00 | F37: x
B38: 46013 | C38: Josmar | D38: S/.60.00 | E38: Gastañeta | F38: Michael
B39: 46013 | C39: Mila y Coco | D39: S/.30.00 | F39: Michael
B40: 46013 | C40: Familia Lapeyre | D40: S/.20.00 | F40: x
C41: Total : | D41: S/.2,370.00
C45: Milagros Villón no donó a canastas si a limpieza | D45: S/.150.00 | E45: Se depositó a Luzmila. | F45: Yape. Op. 19888617
C46: Michael hizo el deposito a la cuenta | D46: S/. 260.00 | E46: Cuenta urb. | F46: Interbancaria /3 Feb

Sheet Edificios 
J2: En Construcción | K2: Finalizado
C3: TOTAL
C4: Nerini | D4: 0 | H4: Freund | I4: Gastañeta | J4: Sevilla | K4: Malecón | L4: Urrea | M4: Dario Torres
C5: Freund | D5: 1 | H5: 109 - Edificio Mareia | I5: 135 - ARISE | J5: 218 - Sevilla | K5: 240 - Malecón | L5: 283 - Urrea | M5: 161 - Dario Tores
C6: Gastañeta | D6: 2 | I6: 190 - COSTA SUR | K6: 318- MAREIA | L6: 339 - Urrea | M6: 153 - MYKONOS
C7: Sevilla | D7: 1 | K7: 356 -VISTA MARINA | M7: 178 - Dario Torres
C8: Española | D8: 0 | K8: 366 - malecón
C9: Malecón | D9: 7 | K9: 376 - malecón
C10: Urrea | D10: 2 | K10: 400 - malecón
C11: Dario Torres | D11: 2 | K11: 521 - malecón
D12: =SUM(D4:D11) -> 15 | K12: 658 - FRONTERA
C16: PAGOS DE EDIFICIOS | E16: 2025 | N16: 2026
E17: ABRIL | F17: MAYO | G17: JUNIO | H17: JULIO | I17: AGOSTO | J17: SETIEMBRE | K17: OCTUBRE | L17: NOVIEMBRE | M17: DICIEMBRE | N17: ENERO | O17: FEBRERO | P17: MARZO | Q17: ABRIL | R17: MAYO | S17: JUINO | T17: JULIO | U17: AGOSTO | V17: SETIEMBRE
C18: 109 - Edificio Mareia | E18: 0 | F18: 0 | G18: 0 | H18: 0 | I18: 0 | J18: 0 | K18: 0 | L18: 0 | M18: 0 | N18: 0 | O18: 0 | P18: 0 | Q18: 0 | R18: 0 | S18: 0 | T18: 0 | U18: 0 | V18: 0
C19: 135 - ARISE | E19: 0 | F19: 0 | G19: 0 | H19: 0 | I19: 0 | J19: 0 | K19: 0 | L19: 0 | M19: 0 | N19: 0 | O19: 0 | P19: 30 | Q19: 30 | R19: 50 | S19: 50 | T19: 50 | U19: 70 | V19: 70
C20: 190 - COSTA SUR | E20: 438.32 | F20: 456.66 | G20: 458.02 | H20: 448.21 | I20: 444.59 | J20: 440.23 | K20: 444.39 | L20: 444.35 | M20: 445.02 | N20: 446.3 | O20: 449.92 | P20: 434.58 | Q20: 442.06 | R20: 434.62 | S20: 444.28 | T20: 430.1 | U20: 434.62 | V20: 452.57
C21: 218 - Sevilla | E21: 70 | F21: 70 | G21: 70 | H21: 70 | I21: 70 | J21: 70 | K21: 70 | L21: 70 | M21: 70 | N21: 70 | O21: 70 | P21: 120 | Q21: 150 | R21: 150 | S21: 150 | T21: 150 | U21: 150 | V21: 150
C22: 240 - Malecón | E22: 700 | F22: 700 | G22: 700 | H22: 700 | I22: 300 | J22: 300 | K22: 300 | L22: 300 | M22: 300 | N22: 300 | O22: 300 | P22: 300 | Q22: 300 | R22: 300 | S22: 300 | T22: 300 | U22: 300 | V22: 0
C23: 318- MAREIA | E23: 0 | F23: 0 | G23: 0 | H23: 0 | I23: 0 | J23: 0 | K23: 0 | L23: 0 | M23: 0 | N23: 0 | O23: 0 | P23: 0 | Q23: 0 | R23: 0 | S23: 0 | T23: 0 | U23: 0 | V23: 0
C24: 356 -VISTA MARINA | E24: 1040 | F24: 1040 | G24: 1040 | H24: 1040 | I24: 1040 | J24: 1040 | K24: 1040 | L24: 1040 | M24: 1040 | N24: 1200 | O24: 1770 | P24: 1770 | Q24: 1770 | R24: 1770 | S24: 1770 | T24: 1770 | U24: 1770 | V24: 1770
C25: 366 - malecón | E25: 540 | F25: 540 | G25: 540 | H25: 540 | I25: 540 | J25: 540 | K25: 540 | L25: 540 | M25: 540 | N25: 300 | O25: 300 | P25: 300 | Q25: 300 | R25: 300 | S25: 300 | T25: 300 | U25: 300 | V25: 300
C26: 376 - malecón | E26: 630 | F26: 630 | G26: 630 | H26: 630 | I26: 630 | J26: 630 | K26: 630 | L26: 630 | M26: 630 | N26: 560 | O26: 560 | P26: 560 | Q26: 560 | R26: 560 | S26: 560 | T26: 560 | U26: 560 | V26: 0
C27: 400 - malecón | E27: 500 | F27: 300 | G27: 300 | H27: 300 | I27: 300 | J27: 300 | K27: 300 | L27: 300 | M27: 300 | N27: 300 | O27: 300 | P27: 300 | Q27: 300 | R27: 300 | S27: 300 | T27: 300 | U27: 300 | V27: 300
C28: 521 - malecón | E28: 100 | F28: 100 | G28: 100 | H28: 100 | I28: 100 | J28: 100 | K28: 100 | L28: 100 | M28: 100 | N28: 100 | O28: 100 | P28: 100 | Q28: 100 | R28: 100 | S28: 100 | T28: 100 | U28: 100 | V28: 100
C29: 658 - FRONTERA | E29: 0 | F29: 0 | G29: 0 | H29: 0 | I29: 0 | J29: 0 | K29: 0 | L29: 0 | M29: 0 | N29: 350 | O29: 350 | P29: 350 | Q29: 350 | R29: 350 | S29: 350 | T29: 350 | U29: 350 | V29: 350
... C34: 178 - Dario Torres | E34: 70 | F34: 70 | G34: 70 | H34: 70 | I34: 70 | J34: 70 | K34: 70 | L34: 70 | M34: 70 | N34: 70 | O34: 70 | P34: 70 | Q34: 70 | R34: 70 | S34: 70 | T34: 70 | U34: 70 | V34: 70

Sheet Nerini
G2: 2025 | N2: 2026
E3: ABRIL | F3: MAYO | G3: JUNIO | H3: JULIO | I3: AGOSTO | J3: SETIEMBRE | K3: OCTUBRE | L3: NOVIEMBRE | M3: DICIEMBRE | N3: ENERO | O3: FEBRERO | P3: MARZO | Q3: ABRIL | R3: MAYO | S3: JUNIO | T3: JULIO | U3: AGOSTO | V3: SETIEMBRE | W3: OCTUBRE | X3: NOVIEMBRE | Y3: DICIEMBRE
B4: Calle Enrique Nerini | C4: Enrique Nerini | D4: Monto | E4: PAGOS
B5: 105 | C5: Luis Jochamowitz | D5: 70 | E5: {=+'Urb MCS'!E6:E19} -> 0 | F5: {=+'Urb MCS'!F6:F19} -> 0 | G5: =+'Urb MCS'!G6 -> 70 | H5: =+'Urb MCS'!H6 -> 70 | I5: =+'Urb MCS'!I6 -> 70 | J5: =+'Urb MCS'!J6 -> 70 | K5: =+'Urb MCS'!K6 -> 70 | L5: =+'Urb MCS'!L6 -> 70 | M5: =+'Urb MCS'!M6 -> 70 | N5: =+'Urb MCS'!N6 -> 70 | ... V5: =+'Urb MCS'!V6 -> 70 | W5: {=+'Urb MCS'!X6:X19} -> 0 | X5: {=+'Urb MCS'!Y6:Y19} -> 0 | Y5: {=+'Urb MCS'!Z6:Z19} -> 0
B6: 117 | C6: Amparo de Pinillos | D6: 0 | E6: 0 | F6: 0 | G6: =+'Urb MCS'!G7 -> 0 | H6: =+'Urb MCS'!H7 -> 0 | I6: =+'Urb MCS'!I7 -> 0 | J6: =+'Urb MCS'!J7 -> 0 | K6: =+'Urb MCS'!K7 -> 0 | L6: =+'Urb MCS'!L7 -> 0 | M6: =+'Urb MCS'!M7 -> 0 | N6: =+'Urb MCS'!N7 -> 0 | ... V6: =+'Urb MCS'!V7 -> 0 | W6: 0 | X6: 0 | Y6: 0
B7: 125 | C7: Sofia Rivero Passalacqua | D7: 70 | E7: 0 | F7: 70 | G7: =+'Urb MCS'!G8 -> 70 | H7: =+'Urb MCS'!H8 -> 70 | I7: =+'Urb MCS'!I8 -> 70 | J7: =+'Urb MCS'!J8 -> 70 | K7: =+'Urb MCS'!K8 -> 70 | L7: =+'Urb MCS'!L8 -> 70 | M7: =+'Urb MCS'!M8 -> 70 | N7: =+'Urb MCS'!N8 -> 70 | ... V7: =+'Urb MCS'!V8 -> 70 | W7: 0 | X7: 0 | Y7: 0
B8: 133 | C8: Familia Gálvez | D8: 70 | E8: 0 | F8: 0 | G8: =+'Urb MCS'!G9 -> 0 | H8: =+'Urb MCS'!H9 -> 0 | I8: =+'Urb MCS'!I9 -> 0 | J8: =+'Urb MCS'!J9 -> 0 | K8: =+'Urb MCS'!K9 -> 0 | L8: =+'Urb MCS'!L9 -> 70 | M8: =+'Urb MCS'!M9 -> 70 | N8: =+'Urb MCS'!N9 -> 70 | ... V8: =+'Urb MCS'!V9 -> 0 | W8: 0 | X8: 0 | Y8: 0
B9: 149 | C9: Gustavo López Bustamante | D9: 70 | E9: 0 | F9: 0 | G9: =+'Urb MCS'!G10 -> 0 | H9: =+'Urb MCS'!H10 -> 0 | I9: =+'Urb MCS'!I10 -> 0 | J9: =+'Urb MCS'!J10 -> 70 | K9: =+'Urb MCS'!K10 -> 70 | L9: =+'Urb MCS'!L10 -> 70 | M9: =+'Urb MCS'!M10 -> 70 | N9: =+'Urb MCS'!N10 -> 70 | ... V9: =+'Urb MCS'!V10 -> 0 | W9: 0 | X9: 0 | Y9: 0
B10: 151 A | D10: 0 | E10: 0 | F10: 0 | G10: =+'Urb MCS'!G11 -> 0 | H10: =+'Urb MCS'!H11 -> 0 | I10: =+'Urb MCS'!I11 -> 0 | J10: =+'Urb MCS'!J11 -> 0 | K10: =+'Urb MCS'!K11 -> 0 | L10: =+'Urb MCS'!L11 -> 0 | M10: =+'Urb MCS'!M11 -> 0 | N10: =+'Urb MCS'!N11 -> 0 | ... V10: =+'Urb MCS'!V11 -> 0 | W10: 0 | X10: 0 | Y10: 0
B11: 151 B | C11: Christian Estremadoyro | D11: 70 | E11: 0 | F11: 0 | G11: =+'Urb MCS'!G12 -> 0 | H11: =+'Urb MCS'!H12 -> 0 | I11: =+'Urb MCS'!I12 -> 0 | J11: =+'Urb MCS'!J12 -> 70 | K11: =+'Urb MCS'!K12 -> 70 | L11: =+'Urb MCS'!L12 -> 70 | M11: =+'Urb MCS'!M12 -> 70 | N11: =+'Urb MCS'!N12 -> 70 | ... V11: =+'Urb MCS'!V12 -> 70 | W11: 0 | X11: 0 | Y11: 0
B12: 153 | C12: Ricardo Ríos | D12: 0 | E12: 0 | F12: 0 | G12: =+'Urb MCS'!G13 -> 0 | H12: =+'Urb MCS'!H13 -> 0 | I12: =+'Urb MCS'!I13 -> 0 | J12: =+'Urb MCS'!J13 -> 0 | K12: =+'Urb MCS'!K13 -> 0 | L12: =+'Urb MCS'!L13 -> 0 | M12: =+'Urb MCS'!M13 -> 0 | N12: =+'Urb MCS'!N13 -> 0 | ... V12: =+'Urb MCS'!V13 -> 0 | W12: 0 | X12: 0 | Y12: 0
B13: 159 2do piso | C13: Fernando Leguía Murillo | D13: 70 | E13: 0 | F13: 0 | G13: =+'Urb MCS'!G14 -> 0 | H13: =+'Urb MCS'!H14 -> 0 | I13: =+'Urb MCS'!I14 -> 0 | J13: =+'Urb MCS'!J14 -> 70 | K13: =+'Urb MCS'!K14 -> 70 | L13: =+'Urb MCS'!L14 -> 70 | M13: =+'Urb MCS'!M14 -> 70 | N13: =+'Urb MCS'!N14 -> 70 | ... V13: =+'Urb MCS'!V14 -> 0 | W13: 0 | X13: 0 | Y13: 0
B14: 161 1er piso | C14: Gonzalo Pedreschi | D14: 70 | E14: 0 | F14: 0 | G14: =+'Urb MCS'!G15 -> 70 | H14: =+'Urb MCS'!H15 -> 70 | I14: =+'Urb MCS'!I15 -> 70 | J14: =+'Urb MCS'!J15 -> 70 | K14: =+'Urb MCS'!K15 -> 70 | L14: =+'Urb MCS'!L15 -> 70 | M14: =+'Urb MCS'!M15 -> 70 | N14: =+'Urb MCS'!N15 -> 0 | ... V14: =+'Urb MCS'!V15 -> 0 | W14: 0 | X14: 0 | Y14: 0
B15: 175 | C15: Graciela Carrillo Ugarte | D15: 70 | E15: 0 | F15: 0 | G15: =+'Urb MCS'!G16 -> 0 | H15: =+'Urb MCS'!H16 -> 0 | I15: =+'Urb MCS'!I16 -> 0 | J15: =+'Urb MCS'!J16 -> 70 | K15: =+'Urb MCS'!K16 -> 70 | L15: =+'Urb MCS'!L16 -> 70 | M15: =+'Urb MCS'!M16 -> 70 | N15: =+'Urb MCS'!N16 -> 70 | ... V15: =+'Urb MCS'!V16 -> 70 | W15: 0 | X15: 0 | Y15: 0
B16: 177 - 181 | C16: Carlos Alberto Zegarra | D16: 70 | E16: 0 | F16: 0 | G16: =+'Urb MCS'!G17 -> 0 | H16: =+'Urb MCS'!H17 -> 0 | I16: =+'Urb MCS'!I17 -> 0 | J16: =+'Urb MCS'!J17 -> 70 | K16: =+'Urb MCS'!K17 -> 70 | L16: =+'Urb MCS'!L17 -> 70 | M16: =+'Urb MCS'!M17 -> 70 | N16: =+'Urb MCS'!N17 -> 70 | ... V16: =+'Urb MCS'!V17 -> 70 | W16: 0 | X16: 0 | Y16: 0
C17: Carlos Alberto Zegarra | D17: 0 | E17: 0 | F17: 0 | G17: =+'Urb MCS'!G18 -> 0 | H17: =+'Urb MCS'!H18 -> 0 | I17: =+'Urb MCS'!I18 -> 0 | J17: =+'Urb MCS'!J18 -> 0 | K17: =+'Urb MCS'!K18 -> 0 | L17: =+'Urb MCS'!L18 -> 0 | M17: =+'Urb MCS'!M18 -> 0 | N17: =+'Urb MCS'!N18 -> 0 | ... V17: =+'Urb MCS'!V18 -> 0 | W17: 0 | X17: 0 | Y17: 0
E18: 0 | F18: 70 | G18: =+'Urb MCS'!G19 -> 210 | H18: =+'Urb MCS'!H19 -> 210 | I18: =+'Urb MCS'!I19 -> 210 | J18: =+'Urb MCS'!J19 -> 560 | K18: =+'Urb MCS'!K19 -> 560 | L18: =+'Urb MCS'!L19 -> 630 | M18: =+'Urb MCS'!M19 -> 630 | N18: =+'Urb MCS'!N19 -> 560 | ... V18: =+'Urb MCS'!V19 -> 350 | W18: 0 | X18: 0 | Y18: 0
W20: =AVERAGE(G18:U18) -> 499.33333

Sheet Freundt
F2: 2025 | N2: 2026
E3: ABRIL | F3: MAYO | G3: JUNIO | H3: JULIO | I3: AGOSTO | J3: SETIEMBRE | K3: OCTUBRE | L3: NOVIEMBRE | M3: DICIEMBRE | N3: ENERO | O3: FEBRERO | P3: MARZO | Q3: ABRIL | R3: MAYO | S3: JUNIO | T3: JULIO | U3: AGOSTO | V3: SETIEMBRE | W3: OCTUBRE | X3: NOVIEMBRE | Y3: DICIEMBRE
B4: Calle Alejandro Freundt | C4: Alejandro Freundt | D4: Monto | E4: PAGOS
B5: 109/119 | C5: Edificio Mareia (Madrid) en construction | D5: 0 | E5: {=+'Urb MCS'!E22:E49} -> 0 | F5: {=+'Urb MCS'!F22:F49} -> 0 | G5: =+'Urb MCS'!G22 -> 0 | H5: =+'Urb MCS'!H22 -> 0 | I5: =+'Urb MCS'!I22 -> 0 | J5: =+'Urb MCS'!J22 -> 0 | K5: =+'Urb MCS'!K22 -> 0 | L5: =+'Urb MCS'!L22 -> 0 | M5: =+'Urb MCS'!M22 -> 0 | N5: =+'Urb MCS'!N22 -> 0 | ... V5: =+'Urb MCS'!V22 -> 0 | W5: {=+'Urb MCS'!X22:X49} -> 0 | X5: {=+'Urb MCS'!Y22:Y49} -> 0 | Y5: {=+'Urb MCS'!Z22:Z49} -> 0
B6: 116 | C6: Enrique Fowks - casa en venta / vacía | D6: 0 | E6: 0 | F6: 0 | G6: =+'Urb MCS'!G23 -> 0 | H6: =+'Urb MCS'!H23 -> 0 | I6: =+'Urb MCS'!I23 -> 0 | J6: =+'Urb MCS'!J23 -> 0 | K6: =+'Urb MCS'!K23 -> 0 | L6: =+'Urb MCS'!L23 -> 0 | M6: =+'Urb MCS'!M23 -> 0 | N6: =+'Urb MCS'!N23 -> 0 | ... V6: =+'Urb MCS'!V23 -> 0 | W6: 0 | X6: 0 | Y6: 0
B7: 124-A | C7: Carlos Martell Lamas | D7: 70 | E7: 0 | F7: 0 | G7: =+'Urb MCS'!G24 -> 70 | H7: =+'Urb MCS'!H24 -> 70 | I7: =+'Urb MCS'!I24 -> 70 | J7: =+'Urb MCS'!J24 -> 70 | K7: =+'Urb MCS'!K24 -> 70 | L7: =+'Urb MCS'!L24 -> 70 | M7: =+'Urb MCS'!M24 -> 70 | N7: =+'Urb MCS'!N24 -> 70 | ... V7: =+'Urb MCS'!V24 -> 0 | W7: 0 | X7: 0 | Y7: 0
B8: 124-B | C8: Lucía Cano Correa | D8: 70 | E8: 0 | F8: 0 | G8: =+'Urb MCS'!G25 -> 70 | H8: =+'Urb MCS'!H25 -> 70 | I8: =+'Urb MCS'!I25 -> 70 | J8: =+'Urb MCS'!J25 -> 70 | K8: =+'Urb MCS'!K25 -> 70 | L8: =+'Urb MCS'!L25 -> 70 | M8: =+'Urb MCS'!M25 -> 70 | N8: =+'Urb MCS'!N25 -> 70 | ... V8: =+'Urb MCS'!V25 -> 70 | W8: 0 | X8: 0 | Y8: 0
B9: 131 | C9: María de los Ángeles Espi | D9: 70 | E9: 0 | F9: 0 | G9: =+'Urb MCS'!G26 -> 60 | H9: =+'Urb MCS'!H26 -> 60 | I9: =+'Urb MCS'!I26 -> 60 | J9: =+'Urb MCS'!J26 -> 60 | K9: =+'Urb MCS'!K26 -> 60 | L9: =+'Urb MCS'!L26 -> 60 | M9: =+'Urb MCS'!M26 -> 60 | N9: =+'Urb MCS'!N26 -> 50 | ... V9: =+'Urb MCS'!V26 -> 70 | W9: 0 | X9: 0 | Y9: 0
B10: 134-1er piso | C10: Hector Salas | D10: 70 | E10: 0 | F10: 0 | G10: =+'Urb MCS'!G27 -> 0 | H10: =+'Urb MCS'!H27 -> 0 | I10: =+'Urb MCS'!I27 -> 0 | J10: =+'Urb MCS'!J27 -> 0 | K10: =+'Urb MCS'!K27 -> 70 | L10: =+'Urb MCS'!L27 -> 70 | M10: =+'Urb MCS'!M27 -> 70 | N10: =+'Urb MCS'!N27 -> 70 | ... V10: =+'Urb MCS'!V27 -> 70 | W10: 0 | X10: 0 | Y10: 0
B11: 132-2do piso | C11: inquilina - Nicole Fort / dueño Héctor salas | D11: 0 | E11: 0 | F11: 0 | G11: =+'Urb MCS'!G28 -> 0 | H11: =+'Urb MCS'!H28 -> 0 | I11: =+'Urb MCS'!I28 -> 0 | J11: =+'Urb MCS'!J28 -> 0 | K11: =+'Urb MCS'!K28 -> 0 | L11: =+'Urb MCS'!L28 -> 0 | M11: =+'Urb MCS'!M28 -> 0 | N11: =+'Urb MCS'!N28 -> 0 | ... V11: =+'Urb MCS'!V28 -> 0 | W11: 0 | X11: 0 | Y11: 0
B12: 132-3er piso | C12: Karen Arbulú | D12: 70 | E12: 0 | F12: 0 | G12: =+'Urb MCS'!G29 -> 70 | H12: =+'Urb MCS'!H29 -> 70 | I12: =+'Urb MCS'!I29 -> 70 | J12: =+'Urb MCS'!J29 -> 70 | K12: =+'Urb MCS'!K29 -> 70 | L12: =+'Urb MCS'!L29 -> 70 | M12: =+'Urb MCS'!M29 -> 70 | N12: =+'Urb MCS'!N29 -> 70 | ... V12: =+'Urb MCS'!V29 -> 70 | W12: 0 | X12: 0 | Y12: 0
B13: 135 | C13: Armando Espinoza/Pilar Arauco | D13: 40 | E13: 0 | F13: 0 | G13: =+'Urb MCS'!G30 -> 40 | H13: =+'Urb MCS'!H30 -> 40 | I13: =+'Urb MCS'!I30 -> 40 | J13: =+'Urb MCS'!J30 -> 40 | K13: =+'Urb MCS'!K30 -> 40 | L13: =+'Urb MCS'!L30 -> 40 | M13: =+'Urb MCS'!M30 -> 40 | N13: =+'Urb MCS'!N30 -> 40 | ... V13: =+'Urb MCS'!V30 -> 0 | W13: 0 | X13: 0 | Y13: 0
B14: 137 | C14: Carlos Recavarren | D14: 70 | E14: 0 | F14: 0 | G14: =+'Urb MCS'!H31 -> 70 | H14: =+'Urb MCS'!H31 -> 70 | I14: =+'Urb MCS'!I31 -> 70 | J14: =+'Urb MCS'!J31 -> 70 | K14: =+'Urb MCS'!K31 -> 70 | L14: =+'Urb MCS'!L31 -> 70 | M14: =+'Urb MCS'!M31 -> 70 | N14: =+'Urb MCS'!N31 -> 70 | O14: =+'Urb MCS'!O31 -> 70 | ... T14: =+'Urb MCS'!T31 -> 70 | U14: 70 | V14: =+'Urb MCS'!V31 -> 0 | W14: 0 | X14: 0 | Y14: 0
B15: 140 | C15: Maria Salas de Becerra | D15: 0 | E15: 0 | F15: 0 | G15: =+'Urb MCS'!G32 -> 70 | H15: =+'Urb MCS'!H32 -> 70 | I15: =+'Urb MCS'!I32 -> 70 | J15: =+'Urb MCS'!J32 -> 70 | K15: =+'Urb MCS'!K32 -> 70 | L15: =+'Urb MCS'!L32 -> 70 | M15: =+'Urb MCS'!M32 -> 0 | N15: =+'Urb MCS'!N32 -> 0 | ... V15: =+'Urb MCS'!V32 -> 0 | W15: 0 | X15: 0 | Y15: 0
B16: 146-3er piso | C16: César Zelaya | D16: 0 | E16: 0 | F16: 0 | G16: =+'Urb MCS'!G33 -> 0 | H16: =+'Urb MCS'!H33 -> 0 | I16: {=+'Urb MCS'!I33:M33} -> 70 | J16: 70 | K16: 70 | L16: 0 | M16: 0 | N16: =+'Urb MCS'!N33 -> 0 | O16: =+'Urb MCS'!O33 -> 0 | P16: =+'Urb MCS'!P33 -> 0 | Q16: =+'Urb MCS'!Q33 -> 0 | R16: =+'Urb MCS'!R33 -> 0 | S16: =+'Urb MCS'!S33 -> 0 | T16: =+'Urb MCS'!T33 -> 0 | U16: =+'Urb MCS'!U33 -> 0 | V16: =+'Urb MCS'!V33 -> 0 | W16: 0 | X16: 0 | Y16: 0
B17: 146- dpto 101 | C17: César Zelaya / inquilino | D17: 0 | E17: 0 | F17: 0 | G17: =+'Urb MCS'!G34 -> 0 | H17: =+'Urb MCS'!I33 -> 70 | I17: =+'Urb MCS'!I34 -> 60 | J17: =+'Urb MCS'!J34 -> 60 | K17: =+'Urb MCS'!K34 -> 60 | L17: =+'Urb MCS'!J33 -> 70 | M17: =+'Urb MCS'!K33 -> 70 | N17: =+'Urb MCS'!N34 -> 0 | O17: =+'Urb MCS'!O34 -> 0 | P17: =+'Urb MCS'!P34 -> 0 | Q17: =+'Urb MCS'!Q34 -> 0 | R17: =+'Urb MCS'!R34 -> 0 | S17: =+'Urb MCS'!S34 -> 0 | T17: =+'Urb MCS'!T34 -> 0 | U17: =+'Urb MCS'!U34 -> 0 | V17: =+'Urb MCS'!V34 -> 0 | W17: 0 | X17: 0 | Y17: 0
B18: 147 | C18: Margarita Arauco / Oscar Jiménez | D18: 70 | E18: 0 | F18: 0 | G18: =+'Urb MCS'!G35 -> 50 | H18: =+'Urb MCS'!H35 -> 50 | I18: =+'Urb MCS'!I35 -> 70 | J18: =+'Urb MCS'!J35 -> 70 | K18: =+'Urb MCS'!K35 -> 70 | L18: =+'Urb MCS'!L35 -> 70 | M18: =+'Urb MCS'!M35 -> 70 | N18: =+'Urb MCS'!N35 -> 70 | ... V18: =+'Urb MCS'!V35 -> 70 | W18: 0 | X18: 0 | Y18: 0
B19: 151 | C19: Guido Torres | D19: 0 | E19: 0 | F19: 0 | G19: =+'Urb MCS'!G36 -> 0 | H19: =+'Urb MCS'!H36 -> 0 | I19: =+'Urb MCS'!I36 -> 0 | J19: =+'Urb MCS'!J36 -> 0 | K19: =+'Urb MCS'!K36 -> 0 | L19: =+'Urb MCS'!L36 -> 0 | M19: =+'Urb MCS'!M36 -> 0 | N19: =+'Urb MCS'!N36 -> 0 | ... V19: =+'Urb MCS'!V36 -> 0 | W19: 0 | X19: 0 | Y19: 0
B20: 150 | C20: Janet Silva | D20: 70 | E20: 0 | F20: 0 | G20: =+'Urb MCS'!G37 -> 0 | H20: =+'Urb MCS'!H37 -> 0 | I20: =+'Urb MCS'!I37 -> 70 | J20: =+'Urb MCS'!J37 -> 70 | K20: =+'Urb MCS'!K37 -> 70 | L20: =+'Urb MCS'!L37 -> 70 | M20: =+'Urb MCS'!M37 -> 70 | N20: =+'Urb MCS'!N37 -> 70 | ... V20: =+'Urb MCS'!V37 -> 70 | W20: 70 | X20: 0 | Y20: 0
B21: 156 | C21: Lilia Chauca | D21: 0 | E21: 0 | F21: 0 | G21: =+'Urb MCS'!G38 -> 0 | H21: =+'Urb MCS'!H38 -> 0 | I21: =+'Urb MCS'!I38 -> 0 | J21: =+'Urb MCS'!J38 -> 0 | K21: =+'Urb MCS'!K38 -> 0 | L21: =+'Urb MCS'!L38 -> 0 | M21: =+'Urb MCS'!M38 -> 0 | N21: =+'Urb MCS'!N38 -> 0 | ... V21: =+'Urb MCS'!V38 -> 0 | W21: 0 | X21: 0 | Y21: 0
B22: 160-162 | C22: Carlos Linares | D22: 0 | E22: 0 | F22: 0 | G22: =+'Urb MCS'!G39 -> 0 | H22: =+'Urb MCS'!H39 -> 0 | I22: =+'Urb MCS'!I39 -> 0 | J22: =+'Urb MCS'!J39 -> 0 | K22: =+'Urb MCS'!K39 -> 0 | L22: =+'Urb MCS'!L39 -> 0 | M22: =+'Urb MCS'!M39 -> 0 | N22: =+'Urb MCS'!N39 -> 0 | ... V22: =+'Urb MCS'!V39 -> 0 | W22: 0 | X22: 0 | Y22: 0
B23: 172 -1er piso | C23: Charo Ramirez | D23: 100 | E23: 0 | F23: 70 | G23: =+'Urb MCS'!G40 -> 70 | H23: =+'Urb MCS'!H40 -> 70 | I23: =+'Urb MCS'!I40 -> 70 | J23: =+'Urb MCS'!J40 -> 70 | K23: =+'Urb MCS'!K40 -> 70 | L23: =+'Urb MCS'!L40 -> 70 | M23: =+'Urb MCS'!M40 -> 70 | N23: =+'Urb MCS'!N40 -> 70 | ... R23: =+'Urb MCS'!R40 -> 100 | S23: =+'Urb MCS'!T40 -> 100 | T23: 100 | U23: =+'Urb MCS'!U40 -> 100 | V23: =+'Urb MCS'!V40 -> 0 | W23: 0 | X23: 0 | Y23: 0
B24: 172-2do piso | C24: Susana Ramírez Llosa | E24: 0 | F24: 0 | G24: =+'Urb MCS'!G41 -> 0 | H24: =+'Urb MCS'!H41 -> 0 | I24: =+'Urb MCS'!I41 -> 0 | J24: =+'Urb MCS'!J41 -> 35 | K24: =+'Urb MCS'!K41 -> 35 | L24: =+'Urb MCS'!L41 -> 35 | M24: =+'Urb MCS'!M41 -> 35 | N24: =+'Urb MCS'!N41 -> 35 | ... Q24: =+'Urb MCS'!Q41 -> 35 | V24: =+'Urb MCS'!V41 -> 0 | W24: 0 | X24: 0 | Y24: 0
B25: 172 -3er piso | C25: inquilina / Laura Valencia | E25: 0 | F25: 0 | G25: =+'Urb MCS'!G42 -> 0 | H25: =+'Urb MCS'!H42 -> 0 | I25: =+'Urb MCS'!I42 -> 0 | J25: =+'Urb MCS'!J42 -> 35 | K25: =+'Urb MCS'!K42 -> 35 | L25: =+'Urb MCS'!L42 -> 35 | M25: =+'Urb MCS'!M42 -> 35 | N25: =+'Urb MCS'!N42 -> 35 | ... Q25: =+'Urb MCS'!Q42 -> 35 | V25: =+'Urb MCS'!V42 -> 0 | W25: 0 | X25: 0 | Y25: 0
B26: 173 | C26: Anke Kaulard | D26: 70 | E26: 0 | F26: 0 | G26: =+'Urb MCS'!G43 -> 70 | H26: =+'Urb MCS'!H43 -> 70 | I26: =+'Urb MCS'!I43 -> 70 | J26: =+'Urb MCS'!J43 -> 70 | K26: =+'Urb MCS'!K43 -> 70 | L26: =+'Urb MCS'!L43 -> 70 | M26: =+'Urb MCS'!M43 -> 70 | N26: =+'Urb MCS'!N43 -> 70 | ... V26: =+'Urb MCS'!V43 -> 70 | W26: 0 | X26: 0 | Y26: 0
B27: 176 | C27: Familia Manrique | D27: 70 | E27: 0 | F27: 0 | G27: =+'Urb MCS'!G44 -> 50 | H27: =+'Urb MCS'!H44 -> 50 | I27: =+'Urb MCS'!I44 -> 70 | J27: =+'Urb MCS'!J44 -> 70 | K27: =+'Urb MCS'!K44 -> 70 | L27: =+'Urb MCS'!L44 -> 70 | M27: =+'Urb MCS'!M44 -> 70 | N27: =+'Urb MCS'!N44 -> 70 | ... V27: =+'Urb MCS'!V44 -> 0 | W27: 0 | X27: 0 | Y27: 0
B28: 179-2do piso | C28: Inquilina / Moira Caldas | D28: 35 | E28: 0 | F28: 0 | G28: =+'Urb MCS'!G45 -> 35 | H28: =+'Urb MCS'!H45 -> 35 | I28: =+'Urb MCS'!I45 -> 35 | J28: =+'Urb MCS'!J45 -> 35 | K28: =+'Urb MCS'!K45 -> 35 | L28: =+'Urb MCS'!L45 -> 35 | M28: =+'Urb MCS'!M45 -> 35 | N28: =+'Urb MCS'!N45 -> 35 | ... V28: =+'Urb MCS'!V45 -> 0 | W28: 0 | X28: 0 | Y28: 0
B29: 179-3er piso | C29: Dueña - Ana Arauco / inquilina - | D29: 0 | E29: 0 | F29: 0 | G29: =+'Urb MCS'!G46 -> 0 | H29: =+'Urb MCS'!H46 -> 0 | I29: =+'Urb MCS'!I46 -> 0 | J29: =+'Urb MCS'!J46 -> 0 | K29: =+'Urb MCS'!K46 -> 0 | L29: =+'Urb MCS'!L46 -> 0 | M29: =+'Urb MCS'!M46 -> 0 | N29: =+'Urb MCS'!N46 -> 0 | ... V29: =+'Urb MCS'!V46 -> 0 | W29: 0 | X29: 0 | Y29: 0
B30: 183 | C30: Hilda Fernández de Walters/Roxan | D30: 70 | E30: 0 | F30: 0 | G30: =+'Urb MCS'!G47 -> 70 | H30: =+'Urb MCS'!H47 -> 70 | I30: =+'Urb MCS'!I47 -> 70 | J30: =+'Urb MCS'!J47 -> 70 | K30: =+'Urb MCS'!K47 -> 70 | L30: =+'Urb MCS'!L47 -> 70 | M30: =+'Urb MCS'!M47 -> 70 | N30: =+'Urb MCS'!N47 -> 70 | ... V30: =+'Urb MCS'!V47 -> 70 | W30: 70 | X30: 70 | Y30: 70
B31: 193 | C31: Francisco Silva | D31: 0 | E31: 0 | F31: 0 | G31: =+'Urb MCS'!G48 -> 0 | H31: =+'Urb MCS'!H48 -> 0 | I31: =+'Urb MCS'!I48 -> 0 | J31: =+'Urb MCS'!J48 -> 0 | K31: =+'Urb MCS'!K48 -> 0 | L31: =+'Urb MCS'!L48 -> 0 | M31: =+'Urb MCS'!M48 -> 0 | N31: =+'Urb MCS'!N48 -> 0 | ... V31: =+'Urb MCS'!V48 -> 0 | W31: 0 | X31: 0 | Y31: 0
E32: 0 | F32: 70 | G32: =+'Urb MCS'!G49 -> 795 | H32: =+'Urb MCS'!H49 -> 795 | I32: =+'Urb MCS'!I49 -> 1035 | J32: =+'Urb MCS'!J49 -> 1105 | K32: =+'Urb MCS'!K49 -> 1175 | L32: =+'Urb MCS'!L49 -> 1105 | M32: =+'Urb MCS'!M49 -> 1035 | N32: =+'Urb MCS'!N49 -> 965 | ... V32: =+'Urb MCS'!V49 -> 560 | W32: 140 | X32: 70 | Y32: 70
W35: =AVERAGE(G32:U32) -> 959

Sheet Gastañeta
E2: 2025 | N2: 2026
E3: ABRIL | F3: MAYO | G3: JUNIO | H3: JULIO | I3: AGOSTO | J3: SETIEMBRE | K3: OCTUBRE | L3: NOVIEMBRE | M3: DICIEMBRE | N3: ENERO | O3: FEBRERO | P3: MARZO | Q3: ABRIL | R3: MAYO | S3: JUNIO | T3: JULIO | U3: AGOSTO | V3: SETIEMBRE | W3: OCTUBRE | X3: NOVIEMBRE | Y3: DICIEMBRE
B4: Calle Othon Gastañeta | C4: Othon Gastañeta | D4: Monto | E4: PAGOS
B5: 135 | C5: Nuevo proyecto Arise | D5: 0 | E5: {=+'Urb MCS'!E52:E69} -> 0 | F5: {=+'Urb MCS'!F52:F69} -> 0 | G5: =+'Urb MCS'!G52 -> 0 | H5: =+'Urb MCS'!H52 -> 0 | I5: =+'Urb MCS'!I52 -> 0 | J5: =+'Urb MCS'!J52 -> 0 | K5: =+'Urb MCS'!K52 -> 0 | L5: =+'Urb MCS'!L52 -> 0 | M5: =+'Urb MCS'!M52 -> 0 | N5: =+'Urb MCS'!N52 -> 0 | ... V5: =+'Urb MCS'!V52 -> 0 | W5: {=+'Urb MCS'!X52:X69} -> 0 | X5: {=+'Urb MCS'!Y52:Y69} -> 0 | Y5: {=+'Urb MCS'!Z52:Z69} -> 0
B6: 135 | C6: Edificio Arise (77 departamentos) | D6: 0 | E6: 0 | F6: 0 | G6: =+'Urb MCS'!G53 -> 70 | H6: =+'Urb MCS'!H53 -> 70 | I6: =+'Urb MCS'!I53 -> 70 | J6: =+'Urb MCS'!J53 -> 70 | K6: =+'Urb MCS'!K53 -> 70 | L6: =+'Urb MCS'!L53 -> 70 | M6: =+'Urb MCS'!M53 -> 0 | N6: =+'Urb MCS'!N53 -> 0 | ... V6: =+'Urb MCS'!V53 -> 0 | W6: 0 | X6: 0 | Y6: 0
B7: 135- dpto 1204 | C7: Anita Reátegui | D7: 30 | E7: 0 | F7: 0 | G7: =+'Urb MCS'!G54 -> 0 | H7: =+'Urb MCS'!H54 -> 0 | I7: =+'Urb MCS'!I54 -> 0 | J7: =+'Urb MCS'!J54 -> 0 | K7: =+'Urb MCS'!K54 -> 0 | L7: =+'Urb MCS'!L54 -> 0 | M7: =+'Urb MCS'!M54 -> 0 | N7: =+'Urb MCS'!N54 -> 0 | ... V7: =+'Urb MCS'!V54 -> 30 | W7: 0 | X7: 0 | Y7: 0
B8: 132-139 | C8: Carlos Mayorga | D8: 70 | E8: 0 | F8: 0 | G8: =+'Urb MCS'!G55 -> 70 | H8: =+'Urb MCS'!H55 -> 70 | I8: =+'Urb MCS'!I55 -> 70 | J8: =+'Urb MCS'!J55 -> 70 | K8: =+'Urb MCS'!K55 -> 70 | L8: =+'Urb MCS'!L55 -> 70 | M8: =+'Urb MCS'!M55 -> 70 | N8: =+'Urb MCS'!N55 -> 70 | ... V8: =+'Urb MCS'!V55 -> 70 | W8: 70 | X8: 0 | Y8: 0
B9: 154 | C9: Sebastián Arenillas | D9: 50 | E9: 0 | F9: 0 | G9: =+'Urb MCS'!G56 -> 50 | H9: =+'Urb MCS'!H56 -> 50 | I9: =+'Urb MCS'!I56 -> 50 | J9: =+'Urb MCS'!J56 -> 50 | K9: =+'Urb MCS'!K56 -> 50 | L9: =+'Urb MCS'!L56 -> 50 | M9: =+'Urb MCS'!M56 -> 50 | N9: =+'Urb MCS'!N56 -> 50 | ... V9: =+'Urb MCS'!V56 -> 50 | W9: 0 | X9: 0 | Y9: 0
B10: 158 | C10: Alejandro Pareja | D10: 0 | E10: 0 | F10: 0 | G10: =+'Urb MCS'!G57 -> 0 | H10: =+'Urb MCS'!H57 -> 0 | I10: =+'Urb MCS'!I57 -> 0 | J10: =+'Urb MCS'!J57 -> 0 | K10: =+'Urb MCS'!K57 -> 0 | L10: =+'Urb MCS'!L57 -> 0 | M10: =+'Urb MCS'!M57 -> 0 | N10: =+'Urb MCS'!N57 -> 0 | ... V10: =+'Urb MCS'!V57 -> 0 | W10: 0 | X10: 0 | Y10: 0
B11: 178A | C11: Ursula Cruz González | D11: 50 | E11: 0 | F11: 0 | G11: =+'Urb MCS'!G58 -> 50 | H11: =+'Urb MCS'!H58 -> 50 | I11: =+'Urb MCS'!I58 -> 50 | J11: =+'Urb MCS'!J58 -> 0 | K11: =+'Urb MCS'!K58 -> 0 | L11: =+'Urb MCS'!L58 -> 0 | M11: =+'Urb MCS'!M58 -> 50 | N11: =+'Urb MCS'!N58 -> 50 | ... S11: =+'Urb MCS'!S58 -> 50 | T11: 50 | U11: 50 | V11: =+'Urb MCS'!V58 -> 0 | W11: 0 | X11: 0 | Y11: 0
B12: 178B | C12: Nelly Gordillo | D12: 50 | E12: 0 | F12: 0 | G12: =+'Urb MCS'!G59 -> 50 | H12: =+'Urb MCS'!H59 -> 50 | I12: =+'Urb MCS'!I59 -> 50 | J12: =+'Urb MCS'!J59 -> 50 | K12: =+'Urb MCS'!K59 -> 50 | L12: =+'Urb MCS'!L59 -> 50 | M12: =+'Urb MCS'!M59 -> 50 | N12: =+'Urb MCS'!N59 -> 50 | ... V12: =+'Urb MCS'!V59 -> 50 | W12: 0 | X12: 0 | Y12: 0
B13: 188 | C13: Gustavo Araujo | D13: 0 | E13: 0 | F13: 0 | G13: =+'Urb MCS'!G60 -> 0 | H13: =+'Urb MCS'!H60 -> 0 | I13: =+'Urb MCS'!I60 -> 0 | J13: =+'Urb MCS'!J60 -> 0 | K13: =+'Urb MCS'!K60 -> 0 | L13: =+'Urb MCS'!L60 -> 0 | M13: =+'Urb MCS'!M60 -> 0 | N13: =+'Urb MCS'!N60 -> 0 | ... V13: =+'Urb MCS'!V60 -> 0 | W13: 0 | X13: 0 | Y13: 0
B14: 190 | C14: Edificio Costa Sur (47 departamentos) | D14: 500 | E14: 0 | F14: 0 | G14: =+'Urb MCS'!G61 -> 458.02 | H14: =+'Urb MCS'!H61 -> 448.21 | I14: =+'Urb MCS'!I61 -> 444.59 | J14: =+'Urb MCS'!J61 -> 440.23 | K14: =+'Urb MCS'!K61 -> 444.39 | L14: =+'Urb MCS'!L61 -> 444.35 | M14: =+'Urb MCS'!M61 -> 445.02 | N14: =+'Urb MCS'!N61 -> 446.3 | ... V14: =+'Urb MCS'!V61 -> 0 | W14: 0 | X14: 0 | Y14: 0
B15: 208-1er piso | D15: 0 | E15: 0 | F15: 0 | G15: =+'Urb MCS'!G62 -> 0 | H15: =+'Urb MCS'!H62 -> 0 | I15: =+'Urb MCS'!I62 -> 0 | J15: =+'Urb MCS'!J62 -> 0 | K15: =+'Urb MCS'!K62 -> 0 | L15: =+'Urb MCS'!L62 -> 0 | M15: =+'Urb MCS'!M62 -> 0 | N15: =+'Urb MCS'!N62 -> 0 | ... V15: =+'Urb MCS'!V62 -> 0 | W15: 0 | X15: 0 | Y15: 0
B16: 208-2do piso | D16: 0 | E16: 0 | F16: 0 | G16: =+'Urb MCS'!G63 -> 0 | H16: =+'Urb MCS'!H63 -> 0 | I16: =+'Urb MCS'!I63 -> 0 | J16: =+'Urb MCS'!J63 -> 0 | K16: =+'Urb MCS'!K63 -> 0 | L16: =+'Urb MCS'!L63 -> 0 | M16: =+'Urb MCS'!M63 -> 0 | N16: =+'Urb MCS'!N63 -> 0 | ... V16: =+'Urb MCS'!V63 -> 0 | W16: 0 | X16: 0 | Y16: 0
B17: 208 -3er piso | C17: Rocío Rojas | D17: 30 | E17: 0 | F17: 0 | G17: =+'Urb MCS'!G64 -> 10 | H17: =+'Urb MCS'!H64 -> 10 | I17: =+'Urb MCS'!I64 -> 30 | J17: =+'Urb MCS'!J64 -> 30 | K17: =+'Urb MCS'!K64 -> 30 | L17: =+'Urb MCS'!L64 -> 30 | M17: =+'Urb MCS'!M64 -> 30 | N17: =+'Urb MCS'!N64 -> 30 | ... V17: =+'Urb MCS'!V64 -> 30 | W17: 0 | X17: 0 | Y17: 0
B18: 218 | D18: 0 | E18: 0 | F18: 0 | G18: =+'Urb MCS'!G65 -> 0 | H18: =+'Urb MCS'!H65 -> 0 | I18: =+'Urb MCS'!I65 -> 0 | J18: =+'Urb MCS'!J65 -> 0 | K18: =+'Urb MCS'!K65 -> 0 | L18: =+'Urb MCS'!L65 -> 0 | M18: =+'Urb MCS'!M65 -> 0 | N18: =+'Urb MCS'!N65 -> 0 | ... V18: =+'Urb MCS'!V65 -> 0 | W18: 0 | X18: 0 | Y18: 0
B19: 236-A | C19: Dueño-IVO | D19: 0 | E19: 0 | F19: 0 | G19: =+'Urb MCS'!G66 -> 0 | H19: =+'Urb MCS'!H66 -> 0 | I19: =+'Urb MCS'!I66 -> 0 | J19: =+'Urb MCS'!J66 -> 0 | K19: =+'Urb MCS'!K66 -> 0 | L19: =+'Urb MCS'!L66 -> 0 | M19: =+'Urb MCS'!M66 -> 0 | N19: =+'Urb MCS'!N66 -> 0 | ... V19: =+'Urb MCS'!V66 -> 0 | W19: 0 | X19: 0 | Y19: 0
B20: 236-B | C20: Leopoldo O'Donnell | D20: 0 | E20: 0 | F20: 0 | G20: =+'Urb MCS'!G67 -> 0 | H20: =+'Urb MCS'!H67 -> 0 | I20: =+'Urb MCS'!I67 -> 0 | J20: =+'Urb MCS'!J67 -> 0 | K20: =+'Urb MCS'!K67 -> 0 | L20: =+'Urb MCS'!L67 -> 0 | M20: =+'Urb MCS'!M67 -> 0 | N20: =+'Urb MCS'!N67 -> 0 | ... V20: =+'Urb MCS'!V67 -> 0 | W20: 0 | X20: 0 | Y20: 0
B21: 248 | C21: Jean Pierre O´Donnell | D21: 0 | E21: 0 | F21: 0 | G21: =+'Urb MCS'!G68 -> 0 | H21: =+'Urb MCS'!H68 -> 0 | I21: =+'Urb MCS'!I68 -> 0 | J21: =+'Urb MCS'!J68 -> 0 | K21: =+'Urb MCS'!K68 -> 0 | L21: =+'Urb MCS'!L68 -> 0 | M21: =+'Urb MCS'!M68 -> 0 | N21: =+'Urb MCS'!N68 -> 0 | ... V21: =+'Urb MCS'!V68 -> 0 | W21: 0 | X21: 0 | Y21: 0
E22: 0 | F22: 0 | G22: =+'Urb MCS'!G69 -> 758.02 | H22: =+'Urb MCS'!H69 -> 748.21 | I22: =+'Urb MCS'!I69 -> 764.59 | J22: =+'Urb MCS'!J69 -> 710.23 | K22: =+'Urb MCS'!K69 -> 714.39 | L22: =+'Urb MCS'!L69 -> 714.35 | M22: =+'Urb MCS'!M69 -> 695.02 | N22: =+'Urb MCS'!N69 -> 696.3 | ... V22: =+'Urb MCS'!V69 -> 230 | W22: 70 | X22: 0 | Y22: 0
V25: =AVERAGE(G22:U22) -> 713.286

Sheet Sevilla
E2: 2025 | N2: 2026
E3: ABRIL | F3: MAYO | G3: JUNIO | H3: JULIO | I3: AGOSTO | J3: SETIEMBRE | K3: OCTUBRE | L3: NOVIEMBRE | M3: DICIEMBRE | N3: ENERO | O3: FEBRERO | P3: MARZO | Q3: ABRIL | R3: MAYO | S3: JUNIO | T3: JULIO | U3: AGOSTO | V3: SETIEMBRE | W3: OCTUBRE | X3: NOVIEMBRE | Y3: DICIEMBRE
B4: Calle Pastor Sevilla | C4: Pastor Sevilla | D4: Monto | E4: PAGOS
B5: 101 | C5: Carmen Guzmán | D5: 70 | E5: {=+'Urb MCS'!E72:E104} -> 0 | F5: {=+'Urb MCS'!F72:F104} -> 0 | G5: =+'Urb MCS'!G72 -> 70 | H5: =+'Urb MCS'!H72 -> 70 | I5: =+'Urb MCS'!I72 -> 70 | J5: =+'Urb MCS'!J72 -> 70 | K5: =+'Urb MCS'!K72 -> 70 | L5: =+'Urb MCS'!L72 -> 70 | M5: =+'Urb MCS'!M72 -> 70 | N5: =+'Urb MCS'!N72 -> 70 | ... V5: =+'Urb MCS'!V72 -> 0 | W5: {=+'Urb MCS'!X72:X104} -> 0 | X5: {=+'Urb MCS'!Y72:Y104} -> 0 | Y5: {=+'Urb MCS'!Z72:Z104} -> 0
B6: 123 | C6: Ursula Caceres | D6: 70 | E6: 0 | F6: 0 | G6: =+'Urb MCS'!G73 -> 70 | H6: =+'Urb MCS'!H73 -> 70 | I6: =+'Urb MCS'!I73 -> 70 | J6: =+'Urb MCS'!J73 -> 70 | K6: =+'Urb MCS'!K73 -> 70 | L6: =+'Urb MCS'!L73 -> 70 | M6: =+'Urb MCS'!M73 -> 70 | N6: =+'Urb MCS'!N73 -> 70 | ... V6: =+'Urb MCS'!V73 -> 70 | W6: 0 | X6: 0 | Y6: 0
B7: 135 | C7: dueña.Irma Rios/ inquilina Silvia Noriega | D7: 70 | E7: 0 | F7: 0 | G7: =+'Urb MCS'!G74 -> 70 | H7: =+'Urb MCS'!H74 -> 70 | I7: =+'Urb MCS'!I74 -> 70 | J7: =+'Urb MCS'!J74 -> 70 | K7: =+'Urb MCS'!K74 -> 70 | L7: =+'Urb MCS'!L74 -> 70 | M7: =+'Urb MCS'!M74 -> 70 | N7: =+'Urb MCS'!N74 -> 70 | ... V7: =+'Urb MCS'!V74 -> 70 | W7: 0 | X7: 0 | Y7: 0
B8: 137 | D8: 0 | E8: 0 | F8: 0 | G8: =+'Urb MCS'!G75 -> 0 | H8: =+'Urb MCS'!H75 -> 0 | I8: =+'Urb MCS'!I75 -> 0 | J8: =+'Urb MCS'!J75 -> 0 | K8: =+'Urb MCS'!K75 -> 0 | L8: =+'Urb MCS'!L75 -> 0 | M8: =+'Urb MCS'!M75 -> 0 | N8: =+'Urb MCS'!N75 -> 0 | ... V8: =+'Urb MCS'!V75 -> 0 | W8: 0 | X8: 0 | Y8: 0
B9: 147 | C9: Alicia y Patricia Melendez | D9: 70 | E9: 0 | F9: 0 | G9: =+'Urb MCS'!G76 -> 0 | H9: =+'Urb MCS'!H76 -> 70 | I9: =+'Urb MCS'!I76 -> 70 | J9: =+'Urb MCS'!J76 -> 70 | K9: =+'Urb MCS'!K76 -> 70 | L9: =+'Urb MCS'!L76 -> 70 | M9: =+'Urb MCS'!M76 -> 70 | N9: =+'Urb MCS'!N76 -> 70 | ... V9: =+'Urb MCS'!V76 -> 70 | W9: 0 | X9: 0 | Y9: 0
B10: 159 | C10: Familia Ovalle / inquilinos Éster Oblitas y Telmo Becerra | D10: 0 | E10: 0 | F10: 0 | G10: =+'Urb MCS'!G77 -> 0 | H10: =+'Urb MCS'!H77 -> 0 | I10: =+'Urb MCS'!I77 -> 0 | J10: =+'Urb MCS'!J77 -> 0 | K10: =+'Urb MCS'!K77 -> 0 | L10: =+'Urb MCS'!L77 -> 0 | M10: =+'Urb MCS'!M77 -> 0 | N10: =+'Urb MCS'!N77 -> 0 | ... V10: =+'Urb MCS'!V77 -> 0 | W10: 0 | X10: 0 | Y10: 0
B11: 165 | C11: dueña.Irma Rios/ inquilino Rodrigo Palacios | D11: 70 | E11: 0 | F11: 0 | G11: =+'Urb MCS'!G78 -> 0 | H11: =+'Urb MCS'!H78 -> 0 | I11: =+'Urb MCS'!I78 -> 70 | J11: =+'Urb MCS'!J78 -> 70 | K11: =+'Urb MCS'!K78 -> 70 | L11: =+'Urb MCS'!L78 -> 70 | M11: =+'Urb MCS'!M78 -> 70 | N11: =+'Urb MCS'!N78 -> 70 | ... V11: =+'Urb MCS'!V78 -> 0 | W11: 0 | X11: 0 | Y11: 0
B12: 167 | C12: Carlos Niezen Matas | D12: 70 | E12: 0 | F12: 0 | G12: =+'Urb MCS'!G79 -> 0 | H12: =+'Urb MCS'!H79 -> 0 | I12: =+'Urb MCS'!I79 -> 0 | J12: =+'Urb MCS'!J79 -> 0 | K12: =+'Urb MCS'!K79 -> 0 | L12: =+'Urb MCS'!L79 -> 0 | M12: =+'Urb MCS'!M79 -> 0 | N12: 70 | O12: =+'Urb MCS'!O79 -> 70 | P12: =+'Urb MCS'!P79 -> 70 | Q12: =+'Urb MCS'!Q79 -> 70 | R12: =+'Urb MCS'!R79 -> 70 | S12: =+'Urb MCS'!S79 -> 70 | T12: =+'Urb MCS'!T79 -> 70 | U12: =+'Urb MCS'!U79 -> 70 | V12: =+'Urb MCS'!V79 -> 70 | W12: 0 | X12: 0 | Y12: 0
B13: 175 | C13: Familia Vernal | D13: 70 | E13: 0 | F13: 0 | G13: =+'Urb MCS'!G80 -> 70 | H13: =+'Urb MCS'!H80 -> 70 | I13: =+'Urb MCS'!I80 -> 70 | J13: =+'Urb MCS'!J80 -> 70 | K13: =+'Urb MCS'!K80 -> 70 | L13: =+'Urb MCS'!L80 -> 70 | M13: =+'Urb MCS'!M80 -> 70 | N13: =+'Urb MCS'!N80 -> 70 | ... V13: =+'Urb MCS'!V80 -> 70 | W13: 0 | X13: 0 | Y13: 0
B14: 185 | D14: 0 | E14: 0 | F14: 0 | G14: =+'Urb MCS'!G81 -> 0 | H14: =+'Urb MCS'!H81 -> 0 | I14: =+'Urb MCS'!I81 -> 0 | J14: =+'Urb MCS'!J81 -> 0 | K14: =+'Urb MCS'!K81 -> 0 | L14: =+'Urb MCS'!L81 -> 0 | M14: =+'Urb MCS'!M81 -> 0 | N14: =+'Urb MCS'!N81 -> 0 | ... V14: =+'Urb MCS'!V81 -> 0 | W14: 0 | X14: 0 | Y14: 0
B15: 197 | C15: Ricardo Vila | D15: 70 | E15: 0 | F15: 0 | G15: =+'Urb MCS'!G82 -> 70 | H15: =+'Urb MCS'!H82 -> 70 | I15: =+'Urb MCS'!I82 -> 70 | J15: =+'Urb MCS'!J82 -> 70 | K15: =+'Urb MCS'!K82 -> 70 | L15: =+'Urb MCS'!L82 -> 70 | M15: =+'Urb MCS'!M82 -> 70 | N15: =+'Urb MCS'!N82 -> 70 | ... V15: =+'Urb MCS'!V82 -> 0 | W15: 0 | X15: 0 | Y15: 0
B16: 198-1er piso | D16: 0 | E16: 0 | F16: 0 | G16: =+'Urb MCS'!G83 -> 0 | H16: =+'Urb MCS'!H83 -> 0 | I16: =+'Urb MCS'!I83 -> 0 | J16: =+'Urb MCS'!J83 -> 0 | K16: =+'Urb MCS'!K83 -> 0 | L16: =+'Urb MCS'!L83 -> 0 | M16: =+'Urb MCS'!M83 -> 0 | N16: =+'Urb MCS'!N83 -> 0 | ... V16: =+'Urb MCS'!V83 -> 0 | W16: 0 | X16: 0 | Y16: 0
B17: 198-2do piso | D17: 0 | E17: 0 | F17: 0 | G17: =+'Urb MCS'!G84 -> 0 | H17: =+'Urb MCS'!H84 -> 0 | I17: =+'Urb MCS'!I84 -> 0 | J17: =+'Urb MCS'!J84 -> 0 | K17: =+'Urb MCS'!K84 -> 0 | L17: =+'Urb MCS'!L84 -> 0 | M17: =+'Urb MCS'!M84 -> 0 | N17: =+'Urb MCS'!N84 -> 0 | ... V17: =+'Urb MCS'!V84 -> 0 | W17: 0 | X17: 0 | Y17: 0
B18: 198-3er piso | D18: 0 | E18: 0 | F18: 0 | G18: =+'Urb MCS'!G85 -> 0 | H18: =+'Urb MCS'!H85 -> 0 | I18: =+'Urb MCS'!I85 -> 0 | J18: =+'Urb MCS'!J85 -> 0 | K18: =+'Urb MCS'!K85 -> 0 | L18: =+'Urb MCS'!L85 -> 0 | M18: =+'Urb MCS'!M85 -> 0 | N18: =+'Urb MCS'!N85 -> 0 | ... V18: =+'Urb MCS'!V85 -> 0 | W18: 0 | X18: 0 | Y18: 0
B19: 207 | C19: Edward Horna | D19: 0 | E19: 0 | F19: 0 | G19: =+'Urb MCS'!G86 -> 0 | H19: =+'Urb MCS'!H86 -> 0 | I19: =+'Urb MCS'!I86 -> 0 | J19: =+'Urb MCS'!J86 -> 0 | K19: =+'Urb MCS'!K86 -> 0 | L19: =+'Urb MCS'!L86 -> 0 | M19: =+'Urb MCS'!M86 -> 0 | N19: =+'Urb MCS'!N86 -> 0 | ... V19: =+'Urb MCS'!V86 -> 0 | W19: 0 | X19: 0 | Y19: 0
B20: 208 | C20: Roberto Molina | D20: 0 | E20: 0 | F20: 0 | G20: =+'Urb MCS'!G87 -> 0 | H20: =+'Urb MCS'!H87 -> 0 | I20: =+'Urb MCS'!I87 -> 0 | J20: =+'Urb MCS'!J87 -> 0 | K20: =+'Urb MCS'!K87 -> 0 | L20: =+'Urb MCS'!L87 -> 0 | M20: =+'Urb MCS'!M87 -> 0 | N20: =+'Urb MCS'!N87 -> 0 | ... V20: =+'Urb MCS'!V87 -> 0 | W20: 0 | X20: 0 | Y20: 0
B21: 218 Dpto. 101 | D21: 0 | E21: 0 | F21: 0 | G21: =+'Urb MCS'!G88 -> 0 | H21: =+'Urb MCS'!H88 -> 0 | I21: =+'Urb MCS'!I88 -> 0 | J21: =+'Urb MCS'!J88 -> 0 | K21: =+'Urb MCS'!K88 -> 0 | L21: =+'Urb MCS'!L88 -> 0 | M21: =+'Urb MCS'!M88 -> 0 | N21: =+'Urb MCS'!N88 -> 0 | ... V21: =+'Urb MCS'!V88 -> 0 | W21: 0 | X21: 0 | Y21: 0
B22: 218 Dpto. 102 | D22: 0 | E22: 0 | F22: 0 | G22: =+'Urb MCS'!G89 -> 0 | H22: =+'Urb MCS'!H89 -> 0 | I22: =+'Urb MCS'!I89 -> 0 | J22: =+'Urb MCS'!J89 -> 0 | K22: =+'Urb MCS'!K89 -> 0 | L22: =+'Urb MCS'!L89 -> 0 | M22: =+'Urb MCS'!M89 -> 0 | N22: =+'Urb MCS'!N89 -> 0 | ... V22: =+'Urb MCS'!V89 -> 0 | W22: 0 | X22: 0 | Y22: 0
B23: 218 Dpto. 201 | C23: Luis guillen | D23: 0 | E23: 0 | F23: 0 | G23: =+'Urb MCS'!G90 -> 0 | H23: =+'Urb MCS'!H90 -> 0 | I23: =+'Urb MCS'!I90 -> 0 | J23: =+'Urb MCS'!J90 -> 0 | K23: =+'Urb MCS'!K90 -> 0 | L23: =+'Urb MCS'!L90 -> 0 | M23: =+'Urb MCS'!M90 -> 0 | N23: =+'Urb MCS'!N90 -> 0 | ... V23: =+'Urb MCS'!V90 -> 0 | W23: 0 | X23: 0 | Y23: 0
B24: 218 Dpto. 202 | D24: 0 | E24: 0 | F24: 0 | G24: =+'Urb MCS'!G91 -> 0 | H24: =+'Urb MCS'!H91 -> 0 | I24: =+'Urb MCS'!I91 -> 0 | J24: =+'Urb MCS'!J91 -> 0 | K24: =+'Urb MCS'!K91 -> 0 | L24: =+'Urb MCS'!L91 -> 0 | M24: =+'Urb MCS'!M91 -> 0 | N24: =+'Urb MCS'!N91 -> 0 | ... V24: =+'Urb MCS'!V91 -> 0 | W24: 0 | X24: 0 | Y24: 0
B25: 218 Dpto. 301 | C25: inquilino | D25: 30 | E25: 0 | F25: 0 | G25: =+'Urb MCS'!G92 -> 0 | H25: =+'Urb MCS'!H92 -> 0 | I25: =+'Urb MCS'!I92 -> 0 | J25: =+'Urb MCS'!J92 -> 0 | K25: =+'Urb MCS'!K92 -> 0 | L25: =+'Urb MCS'!L92 -> 0 | M25: =+'Urb MCS'!M92 -> 0 | N25: =+'Urb MCS'!N92 -> 0 | ... P25: =+'Urb MCS'!P92 -> 0 | Q25: 30 | R25: =+'Urb MCS'!R92 -> 30 | S25: =+'Urb MCS'!S92 -> 30 | T25: =+'Urb MCS'!T92 -> 30 | U25: =+'Urb MCS'!U92 -> 30 | V25: =+'Urb MCS'!V92 -> 30 | W25: 0 | X25: 0 | Y25: 0
B26: 218 Dpto. 302 | C26: Familia Carranza Simons | D26: 50 | E26: 0 | F26: 0 | G26: =+'Urb MCS'!G93 -> 0 | H26: =+'Urb MCS'!H93 -> 0 | I26: =+'Urb MCS'!I93 -> 0 | J26: =+'Urb MCS'!J93 -> 0 | K26: =+'Urb MCS'!K93 -> 0 | L26: =+'Urb MCS'!L93 -> 0 | M26: =+'Urb MCS'!M93 -> 0 | N26: =+'Urb MCS'!N93 -> 0 | ... V26: =+'Urb MCS'!V93 -> 50 | W26: 0 | X26: 0 | Y26: 0
B27: 218 Dpto. 401 | D27: 0 | E27: 0 | F27: 0 | G27: =+'Urb MCS'!G94 -> 0 | H27: =+'Urb MCS'!H94 -> 0 | I27: =+'Urb MCS'!I94 -> 0 | J27: =+'Urb MCS'!J94 -> 0 | K27: =+'Urb MCS'!K94 -> 0 | L27: =+'Urb MCS'!L94 -> 0 | M27: =+'Urb MCS'!M94 -> 0 | N27: =+'Urb MCS'!N94 -> 0 | ... V27: =+'Urb MCS'!V94 -> 0 | W27: 0 | X27: 0 | Y27: 0
B28: 218 Dpto. 402 | D28: 0 | E28: 0 | F28: 0 | G28: =+'Urb MCS'!G95 -> 0 | H28: =+'Urb MCS'!H95 -> 0 | I28: =+'Urb MCS'!I95 -> 0 | J28: =+'Urb MCS'!J95 -> 0 | K28: =+'Urb MCS'!K95 -> 0 | L28: =+'Urb MCS'!L95 -> 0 | M28: =+'Urb MCS'!M95 -> 0 | N28: =+'Urb MCS'!N95 -> 0 | ... V28: =+'Urb MCS'!V95 -> 0 | W28: 0 | X28: 0 | Y28: 0
B29: 218 Dpto. 501 | C29: Rebeca de Otero Monteverde /Carlos Otero | D29: 70 | E29: 0 | F29: 0 | G29: =+'Urb MCS'!G96 -> 0 | H29: =+'Urb MCS'!H96 -> 70 | I29: =+'Urb MCS'!I96 -> 70 | J29: =+'Urb MCS'!J96 -> 70 | K29: =+'Urb MCS'!K96 -> 70 | L29: =+'Urb MCS'!L96 -> 70 | M29: =+'Urb MCS'!M96 -> 70 | N29: =+'Urb MCS'!N96 -> 70 | ... V29: =+'Urb MCS'!V96 -> 70 | W29: 0 | X29: 0 | Y29: 0
B30: 218 Dpto. 502 | D30: 0 | E30: 0 | F30: 0 | G30: =+'Urb MCS'!G97 -> 0 | H30: =+'Urb MCS'!H97 -> 0 | I30: =+'Urb MCS'!I97 -> 0 | J30: =+'Urb MCS'!J97 -> 0 | K30: =+'Urb MCS'!K97 -> 0 | L30: =+'Urb MCS'!L97 -> 0 | M30: =+'Urb MCS'!M97 -> 0 | N30: =+'Urb MCS'!N97 -> 0 | ... V30: =+'Urb MCS'!V97 -> 0 | W30: 0 | X30: 0 | Y30: 0
B31: 226 | C31: Manuel Izarra | D31: 60 | E31: 0 | F31: 0 | G31: =+'Urb MCS'!G98 -> 60 | H31: =+'Urb MCS'!H98 -> 60 | I31: =+'Urb MCS'!I98 -> 60 | J31: =+'Urb MCS'!J98 -> 60 | K31: =+'Urb MCS'!K98 -> 60 | L31: =+'Urb MCS'!L98 -> 60 | M31: =+'Urb MCS'!M98 -> 60 | N31: =+'Urb MCS'!N98 -> 60 | ... V31: =+'Urb MCS'!V98 -> 0 | W31: 0 | X31: 0 | Y31: 0
B32: 234 | C32: Giancarlos Marcone | D32: 70 | E32: 0 | F32: 0 | G32: =+'Urb MCS'!G99 -> 0 | H32: =+'Urb MCS'!H99 -> 0 | I32: =+'Urb MCS'!I99 -> 0 | J32: =+'Urb MCS'!J99 -> 0 | K32: =+'Urb MCS'!K99 -> 0 | L32: =+'Urb MCS'!L99 -> 0 | M32: =+'Urb MCS'!M99 -> 0 | N32: =+'Urb MCS'!N99 -> 0 | ... Q32: =+'Urb MCS'!Q99 -> 0 | R32: 0 | S32: 0 | T32: =+'Urb MCS'!T99 -> 70 | U32: =+'Urb MCS'!U99 -> 70 | V32: =+'Urb MCS'!V99 -> 70 | W32: 0 | X32: 0 | Y32: 0
B33: 240 | C33: Luis Luna | D33: 0 | E33: 0 | F33: 0 | G33: =+'Urb MCS'!G100 -> 0 | H33: =+'Urb MCS'!H100 -> 0 | I33: =+'Urb MCS'!I100 -> 0 | J33: =+'Urb MCS'!J100 -> 0 | K33: =+'Urb MCS'!K100 -> 0 | L33: =+'Urb MCS'!L100 -> 0 | M33: =+'Urb MCS'!M100 -> 0 | N33: =+'Urb MCS'!N100 -> 0 | ... V33: =+'Urb MCS'!V100 -> 0 | W33: 0 | X33: 0 | Y33: 0
B34: 267-1 y 2 | C34: David Prado | D34: 70 | E34: 0 | F34: 0 | G34: =+'Urb MCS'!G101 -> 0 | H34: =+'Urb MCS'!H101 -> 0 | I34: =+'Urb MCS'!I101 -> 0 | J34: =+'Urb MCS'!J101 -> 70 | K34: =+'Urb MCS'!K101 -> 70 | L34: =+'Urb MCS'!L101 -> 70 | M34: =+'Urb MCS'!M101 -> 70 | N34: =+'Urb MCS'!N101 -> 70 | ... V34: =+'Urb MCS'!V101 -> 0 | W34: 0 | X34: 0 | Y34: 0
B35: 290-dpto201 | C35: Dueño-David Fernandez | D35: 0 | E35: 0 | F35: 0 | G35: =+'Urb MCS'!G102 -> 0 | H35: =+'Urb MCS'!H102 -> 0 | I35: =+'Urb MCS'!I102 -> 0 | J35: =+'Urb MCS'!J102 -> 0 | K35: =+'Urb MCS'!K102 -> 0 | L35: =+'Urb MCS'!L102 -> 0 | M35: =+'Urb MCS'!M102 -> 0 | N35: =+'Urb MCS'!N102 -> 0 | ... V35: =+'Urb MCS'!V102 -> 0 | W35: 0 | X35: 0 | Y35: 0
B36: 290-dpto 202 | C36: Dueño-David Fernandez | D36: 0 | E36: 0 | F36: 0 | G36: =+'Urb MCS'!G103 -> 0 | H36: =+'Urb MCS'!H103 -> 0 | I36: =+'Urb MCS'!I103 -> 0 | J36: =+'Urb MCS'!J103 -> 0 | K36: =+'Urb MCS'!K103 -> 0 | L36: =+'Urb MCS'!L103 -> 0 | M36: =+'Urb MCS'!M103 -> 0 | N36: =+'Urb MCS'!N103 -> 0 | ... V36: =+'Urb MCS'!V103 -> 0 | W36: 0 | X36: 0 | Y36: 0
E37: 0 | F37: 0 | G37: =+'Urb MCS'!G104 -> 410 | H37: =+'Urb MCS'!H104 -> 550 | I37: =+'Urb MCS'!I104 -> 620 | J37: =+'Urb MCS'!J104 -> 690 | K37: =+'Urb MCS'!K104 -> 690 | L37: =+'Urb MCS'!L104 -> 690 | M37: =+'Urb MCS'!M104 -> 690 | N37: =+'Urb MCS'!N104 -> 690 | ... V37: =+'Urb MCS'!V104 -> 570 | W37: 0 | X37: 0 | Y37: 0
V40: =AVERAGE(G37:U37) -> 736.66667

Sheet La española
E2: 2025 | N2: 2026
E3: ABRIL | F3: MAYO | G3: JUNIO | H3: JULIO | I3: AGOSTO | J3: SETIEMBRE | K3: OCTUBRE | L3: NOVIEMBRE | M3: DICIEMBRE | N3: ENERO | O3: FEBRERO | P3: MARZO | Q3: ABRIL | R3: MAYO | S3: JUNIO | T3: JULIO | U3: AGOSTO | V3: SETIEMBRE | W3: OCTUBRE | X3: NOVIEMBRE | Y3: DICIEMBRE
B4: Pasaje La Española | C4: La Espanola | D4: Monto | E4: PAGOS
B5: 105 | C5: Dueño- Rafael León / inquilina-Maria Ines Rizopatron | D5: 0 | E5: {=+'Urb MCS'!E107:E118} -> 0 | F5: {=+'Urb MCS'!F107:F118} -> 0 | G5: =+'Urb MCS'!G107 -> 0 | H5: =+'Urb MCS'!H107 -> 0 | I5: =+'Urb MCS'!I107 -> 0 | J5: =+'Urb MCS'!J107 -> 0 | K5: =+'Urb MCS'!K107 -> 0 | L5: =+'Urb MCS'!L107 -> 0 | M5: =+'Urb MCS'!M107 -> 0 | N5: =+'Urb MCS'!N107 -> 0 | ... V5: =+'Urb MCS'!V107 -> 0 | W5: {=+'Urb MCS'!X107:X118} -> 0 | X5: {=+'Urb MCS'!Y107:Y118} -> 0 | Y5: {=+'Urb MCS'!Z107:Z118} -> 0
B6: 106 | C6: Georgina Santibañez / inquilino - Alex Wiese | D6: 70 | E6: 0 | F6: 0 | G6: =+'Urb MCS'!G108 -> 70 | H6: =+'Urb MCS'!H108 -> 70 | I6: =+'Urb MCS'!I108 -> 70 | J6: =+'Urb MCS'!J108 -> 70 | K6: =+'Urb MCS'!K108 -> 70 | L6: =+'Urb MCS'!L108 -> 70 | M6: =+'Urb MCS'!M108 -> 70 | N6: =+'Urb MCS'!N108 -> 70 | ... V6: =+'Urb MCS'!V108 -> 70 | W6: 0 | X6: 0 | Y6: 0
B7: 120 | C7: Familia Seminario | D7: 70 | E7: 0 | F7: 0 | G7: =+'Urb MCS'!G109 -> 70 | H7: =+'Urb MCS'!H109 -> 70 | I7: =+'Urb MCS'!I109 -> 70 | J7: =+'Urb MCS'!J109 -> 70 | K7: =+'Urb MCS'!K109 -> 70 | L7: =+'Urb MCS'!L109 -> 70 | M7: =+'Urb MCS'!M109 -> 70 | N7: =+'Urb MCS'!N109 -> 70 | ... V7: =+'Urb MCS'!V109 -> 70 | W7: 70 | X7: 70 | Y7: 70
B8: 121 | C8: Rafael Rubio Bowden | D8: 70 | E8: 0 | F8: 0 | G8: =+'Urb MCS'!G110 -> 70 | H8: =+'Urb MCS'!H110 -> 70 | I8: =+'Urb MCS'!I110 -> 70 | J8: =+'Urb MCS'!J110 -> 70 | K8: =+'Urb MCS'!K110 -> 70 | L8: =+'Urb MCS'!L110 -> 70 | M8: =+'Urb MCS'!M110 -> 70 | N8: =+'Urb MCS'!N110 -> 70 | ... V8: =+'Urb MCS'!V110 -> 0 | W8: 0 | X8: 0 | Y8: 0
B9: 134 | C9: Francesca Denegri / inquilino - Ignacio Araujo | D9: 70 | E9: 0 | F9: 70 | G9: =+'Urb MCS'!G111 -> 70 | H9: =+'Urb MCS'!H111 -> 70 | I9: =+'Urb MCS'!I111 -> 70 | J9: =+'Urb MCS'!J111 -> 70 | K9: =+'Urb MCS'!K111 -> 70 | L9: =+'Urb MCS'!L111 -> 70 | M9: =+'Urb MCS'!M111 -> 70 | N9: =+'Urb MCS'!N111 -> 70 | ... V9: =+'Urb MCS'!V111 -> 70 | W9: 70 | X9: 0 | Y9: 0
B10: 135 | D10: 0 | E10: 0 | F10: 0 | G10: =+'Urb MCS'!G112 -> 0 | H10: =+'Urb MCS'!H112 -> 0 | I10: =+'Urb MCS'!I112 -> 0 | J10: =+'Urb MCS'!J112 -> 0 | K10: =+'Urb MCS'!K112 -> 0 | L10: =+'Urb MCS'!L112 -> 0 | M10: =+'Urb MCS'!M112 -> 0 | N10: =+'Urb MCS'!N112 -> 0 | ... V10: =+'Urb MCS'!V112 -> 0 | W10: 0 | X10: 0 | Y10: 0
B11: 148 | C11: Mary de Torres / Efraín Torres La Jara | D11: 70 | E11: 0 | F11: 0 | G11: =+'Urb MCS'!G113 -> 70 | H11: =+'Urb MCS'!H113 -> 70 | I11: =+'Urb MCS'!I113 -> 70 | J11: =+'Urb MCS'!J113 -> 70 | K11: =+'Urb MCS'!K113 -> 70 | L11: =+'Urb MCS'!L113 -> 70 | M11: =+'Urb MCS'!M113 -> 70 | N11: =+'Urb MCS'!N113 -> 70 | ... V11: =+'Urb MCS'!V113 -> 70 | W11: 0 | X11: 0 | Y11: 0
B12: 149 | C12: Juan Carlos Hinojosa Arenas | D12: 70 | E12: 0 | F12: 0 | G12: =+'Urb MCS'!G114 -> 0 | H12: =+'Urb MCS'!H114 -> 70 | I12: =+'Urb MCS'!I114 -> 70 | J12: =+'Urb MCS'!J114 -> 70 | K12: =+'Urb MCS'!K114 -> 70 | L12: =+'Urb MCS'!L114 -> 70 | M12: =+'Urb MCS'!M114 -> 70 | N12: =+'Urb MCS'!N114 -> 70 | ... V12: =+'Urb MCS'!V114 -> 70 | W12: 0 | X12: 0 | Y12: 0
B13: 160 | C13: Augusto Maurer | D13: 70 | E13: 0 | F13: 0 | G13: 0 | H13: =+'Urb MCS'!H115 -> 70 | I13: =+'Urb MCS'!I115 -> 70 | J13: =+'Urb MCS'!J115 -> 70 | K13: =+'Urb MCS'!K115 -> 70 | L13: =+'Urb MCS'!L115 -> 70 | M13: =+'Urb MCS'!M115 -> 70 | N13: =+'Urb MCS'!N115 -> 70 | O13: =+'Urb MCS'!O115 -> 70 | ... V13: =+'Urb MCS'!V115 -> 70 | W13: 0 | X13: 0 | Y13: 0
B14: 174 | C14: casa vacía | D14: 70 | E14: 0 | F14: 0 | G14: =+'Urb MCS'!G116 -> 0 | H14: =+'Urb MCS'!H116 -> 0 | I14: =+'Urb MCS'!I116 -> 70 | J14: =+'Urb MCS'!J116 -> 70 | K14: =+'Urb MCS'!K116 -> 70 | L14: =+'Urb MCS'!L116 -> 70 | M14: =+'Urb MCS'!M116 -> 70 | N14: =+'Urb MCS'!N116 -> 70 | ... V14: =+'Urb MCS'!V116 -> 0 | W14: 0 | X14: 0 | Y14: 0
B15: 179 | C15: Dueño- Rafael León / Paola Patiño | D15: 70 | E15: 0 | F15: 0 | G15: =+'Urb MCS'!G117 -> 70 | H15: =+'Urb MCS'!H117 -> 70 | I15: =+'Urb MCS'!I117 -> 70 | J15: =+'Urb MCS'!J117 -> 70 | K15: =+'Urb MCS'!K117 -> 70 | L15: =+'Urb MCS'!L117 -> 70 | M15: =+'Urb MCS'!M117 -> 70 | N15: =+'Urb MCS'!N117 -> 70 | ... V15: =+'Urb MCS'!V117 -> 0 | W15: 0 | X15: 0 | Y15: 0
E16: 0 | F16: 70 | G16: =+'Urb MCS'!G118 -> 420 | H16: =+'Urb MCS'!H118 -> 560 | I16: =+'Urb MCS'!I118 -> 630 | J16: =+'Urb MCS'!J118 -> 630 | K16: =+'Urb MCS'!K118 -> 630 | L16: =+'Urb MCS'!L118 -> 630 | M16: =+'Urb MCS'!M118 -> 630 | N16: =+'Urb MCS'!N118 -> 630 | ... V16: =+'Urb MCS'!V118 -> 420 | W16: 140 | X16: 70 | Y16: 70
W19: =AVERAGE(G16:U16) -> 588

Sheet Malecón Costa Sur
E2: 2025 | N2: 2026
E3: ABRIL | F3: MAYO | G3: JUNIO | H3: JULIO | I3: AGOSTO | J3: SETIEMBRE | K3: OCTUBRE | L3: NOVIEMBRE | M3: DICIEMBRE | N3: ENERO | O3: FEBRERO | P3: MARZO | Q3: ABRIL | R3: MAYO | S3: JUNIO | T3: JULIO | U3: AGOSTO | V3: SETIEMBRE | W3: OCTUBRE | X3: NOVIEMBRE | Y3: DICIEMBRE
B4: Malecón Costa Sur | C4: Malecon Costa Sur | D4: Monto | E4: PAGOS
B5: 240 Dpto. 101 | C5: Sofía Mulanovich / inquilino. Hernán Vega | D5: 300 | E5: =+'Urb MCS'!E121 -> 0 | F5: =+'Urb MCS'!F121 -> 0 | G5: =+'Urb MCS'!G121 -> 700 | H5: =+'Urb MCS'!H121 -> 700 | I5: =+'Urb MCS'!I121 -> 300 | J5: =+'Urb MCS'!J121 -> 300 | K5: =+'Urb MCS'!K121 -> 300 | L5: =+'Urb MCS'!L121 -> 300 | ... V5: =+'Urb MCS'!V121 -> 0
B6: 240 Dpto. 102 | C6: Lisette Favre
B7: 240 Dpto. 201 | C7: Ernesto Fernández
B8: 240 Dpto. 202 | C8: Lisette Favre
B9: 240 Dpto. 301 | C9: Javier Figueroa
B10: 240 Dpto. 302 | C10: Diego Figueroa
B11: 240 Dpto. 401 | C11: Eric Hanschke / Vania Masías
B12: 240 Dpto. 501 | C12: Carlos Mujica
B13: 240 Dpto. 601 | C13: José Luis Dupuy
B14: 240 Dpto. 602 | C14: Marita Benavides
B15: 312 | C15: Edificio Mareia (Madrid) (101 departamentos) en construction | D15: 0 | E15: =+'Urb MCS'!E131 -> 0 | F15: =+'Urb MCS'!F131 -> 0 | G15: =+'Urb MCS'!G131 -> 0 | H15: =+'Urb MCS'!H131 -> 0 | I15: =+'Urb MCS'!I131 -> 0 | J15: =+'Urb MCS'!J131 -> 0 | K15: =+'Urb MCS'!K131 -> 0 | L15: =+'Urb MCS'!L131 -> 0 | ... V15: =+'Urb MCS'!V131 -> 0
B16: 330 | C16: Edificio Mareia (Madrid) en construction | D16: 0 | E16: =+'Urb MCS'!E132 -> 0 | F16: =+'Urb MCS'!F132 -> 0 | G16: =+'Urb MCS'!G132 -> 0 | H16: =+'Urb MCS'!H132 -> 0 | I16: =+'Urb MCS'!I132 -> 0 | J16: =+'Urb MCS'!J132 -> 0 | K16: =+'Urb MCS'!K132 -> 0 | L16: =+'Urb MCS'!L132 -> 0 | ... V16: =+'Urb MCS'!V132 -> 0
B17: 356 | C17: Edificio Vista Marina (52 departamentos) | D17: 1770 | E17: =+'Urb MCS'!E133 -> 1060 | F17: =+'Urb MCS'!F133 -> 1060 | G17: =+'Urb MCS'!G133 -> 1040 | H17: =+'Urb MCS'!H133 -> 1000 | I17: =+'Urb MCS'!I133 -> 1040 | J17: =+'Urb MCS'!J133 -> 1040 | K17: =+'Urb MCS'!K133 -> 1040 | L17: =+'Urb MCS'!L133 -> 1040 | ... V17: =+'Urb MCS'!V133 -> 0
B18: 366 Dpto. 101 | C18: Luisa de Salas / Enrique Salas | D18: 300 | E18: =+'Urb MCS'!E134 -> 0 | F18: =+'Urb MCS'!F134 -> 0 | G18: =+'Urb MCS'!G134 -> 0 | H18: =+'Urb MCS'!H134 -> 540 | I18: =+'Urb MCS'!I134 -> 540 | J18: =+'Urb MCS'!J134 -> 540 | K18: =+'Urb MCS'!K134 -> 540 | L18: =+'Urb MCS'!L134 -> 540 | ... V18: =+'Urb MCS'!V134 -> 300
B19: 366 Dpto. 102 | C19: Massimo Capaccio
B20: 366 Dpto. 201 | C20: John Smith Tafur
B21: 366 Dpto. 202 | C21: Roberto Prieto
B22: 366 Dpto. 301 | C22: Federico Scheuch
B23: 366 Dpto. 302 | C23: Rony Sueros
B24: 366 Dpto. 401 | C24: Tamir Bazaz
B25: 366 Dpto. 501 | C25: Dawson/ Gonzalo Casapia Nue
B26: 366 Dpto. 601 | C26: Alex Baur
B27: 366 Dpto. 701 | C27: Gladis Leveratto
B28: 376 Dpto. 101 | C28: Sofía López de Romaña | D28: 560 | E28: =+'Urb MCS'!E144 -> 0 | F28: =+'Urb MCS'!F144 -> 0 | G28: =+'Urb MCS'!G144 -> 560 | H28: =+'Urb MCS'!H144 -> 560 | I28: =+'Urb MCS'!I144 -> 560 | J28: =+'Urb MCS'!J144 -> 560 | K28: =+'Urb MCS'!K144 -> 560 | L28: =+'Urb MCS'!L144 -> 560 | ... V28: =+'Urb MCS'!V144 -> 0
B29: 376 Dpto. 201 | C29: Felipe Ricci
B30: 376 Dpto. 301 | C30: Rene Gasturimendi
B31: 376 Dpto. 401 | C31: Guillermo Carbonel
B32: 376 Dpto. 501 | C32: Daniela Nesta (Inq. Francesca Pancorvo )
B33: 376 Dpto. 601 | C33: Jorge Salazar / Vanessa Sánchez (INQ ANUSHKA NEUSTADTL)
B34: 376 Dpto. 701 | C34: Luis Olcese
B35: 376 Dpto. 801 | C35: Claudio Ortiz De Zevallos /Carmen Cano
B36: 376 Dpto. 901 | C36: Sandro Nesta
B37: Cdra 4 - 101 | C37: Elionor lingui | D37: 300 | E37: 0 | F37: =+'Urb MCS'!F153 -> 0 | G37: 300 | H37: =+'Urb MCS'!H153 -> 300 | I37: =+'Urb MCS'!I153 -> 300 | J37: =+'Urb MCS'!J153 -> 300 | K37: =+'Urb MCS'!K153 -> 300 | L37: =+'Urb MCS'!L153 -> 300 | M37: =+'Urb MCS'!M153 -> 300 | N37: =+'Urb MCS'!N153 -> 300 | O37: =+'Urb MCS'!O153 -> 300 | ... V37: =+'Urb MCS'!V153 -> 300
B38: Cdra 4 - 102 | C38: Alex Defeudis
B39: Cdra 4 - 201 | C39: Linda Matsuda
B40: Cdra 4 - 301 | C40: Francisco Graña / Andrés Arce
B41: Cdra 4 - 401 | C41: Luis Saldivar
B42: Cdra 4 - 501 | C42: Salvador Ricci/ inquilino. Julio Ruten
B43: Cdra 4 - 601 | C43: Mauricio Aguirre
B44: Cdra 4 - 701 | C44: Valentina Brero
B45: Cdra 4 - 801 | C45: Adolfo Morán
B46: Cdra 4 - 901 | C46: Andrés Mujica
B47: 501/521 | C47: Andrés Longhi / Chio Lecaros | D47: 35 | E47: =+'Urb MCS'!E163 -> 0 | F47: =+'Urb MCS'!F163 -> 0 | G47: =+'Urb MCS'!G163 -> 35 | H47: =+'Urb MCS'!H163 -> 35 | I47: =+'Urb MCS'!I163 -> 35 | J47: =+'Urb MCS'!J163 -> 35 | K47: =+'Urb MCS'!K163 -> 35 | L47: =+'Urb MCS'!L163 -> 35 | ... V47: =+'Urb MCS'!V163 -> 0 | W47: {=+'Urb MCS'!X163:X193} -> 0 | X47: {=+'Urb MCS'!Y163:Y193} -> 0 | Y47: {=+'Urb MCS'!Z163:Z193} -> 0
B48: 521 Nº 101 | D48: 0 | E48: =+'Urb MCS'!E164 -> 0 | F48: =+'Urb MCS'!F164 -> 0 | G48: =+'Urb MCS'!G164 -> 0 | H48: =+'Urb MCS'!H164 -> 0 | I48: =+'Urb MCS'!I164 -> 0 | J48: =+'Urb MCS'!J164 -> 0 | K48: =+'Urb MCS'!K164 -> 0 | L48: =+'Urb MCS'!L164 -> 0 | ... V48: =+'Urb MCS'!V164 -> 0 | W48: 0 | X48: 0 | Y48: 0
B49: 521 Nº 201 | D49: 0 | E49: =+'Urb MCS'!E165 -> 0 | F49: =+'Urb MCS'!F165 -> 0 | G49: =+'Urb MCS'!G165 -> 0 | H49: =+'Urb MCS'!H165 -> 0 | I49: =+'Urb MCS'!I165 -> 0 | J49: =+'Urb MCS'!J165 -> 0 | K49: =+'Urb MCS'!K165 -> 0 | L49: =+'Urb MCS'!L165 -> 0 | ... V49: =+'Urb MCS'!V165 -> 0 | W49: 0 | X49: 0 | Y49: 0
B50: 521 Nº 202 | C50: Andrea Mendizabal | D50: 30 | E50: =+'Urb MCS'!E166 -> 0 | F50: =+'Urb MCS'!F166 -> 0 | G50: =+'Urb MCS'!G166 -> 30 | H50: =+'Urb MCS'!H166 -> 30 | I50: =+'Urb MCS'!I166 -> 30 | J50: =+'Urb MCS'!J166 -> 30 | K50: =+'Urb MCS'!K166 -> 30 | L50: =+'Urb MCS'!L166 -> 30 | ... V50: =+'Urb MCS'!V166 -> 30 | W50: 0 | X50: 0 | Y50: 0
B51: 521 Nº 203 | C51: Juan Felipe Oliva | D51: 35 | E51: =+'Urb MCS'!E167 -> 0 | F51: =+'Urb MCS'!F167 -> 0 | G51: =+'Urb MCS'!G167 -> 35 | H51: =+'Urb MCS'!H167 -> 35 | I51: =+'Urb MCS'!I167 -> 35 | J51: =+'Urb MCS'!J167 -> 35 | K51: =+'Urb MCS'!K167 -> 35 | L51: =+'Urb MCS'!L167 -> 35 | ... V51: =+'Urb MCS'!V167 -> 0 | W51: 0 | X51: 0 | Y51: 0
B52: 521 Nº 301 | D52: 0 | E52: =+'Urb MCS'!E168 -> 0 | F52: =+'Urb MCS'!F168 -> 0 | G52: =+'Urb MCS'!G168 -> 0 | H52: =+'Urb MCS'!H168 -> 0 | I52: =+'Urb MCS'!I168 -> 0 | J52: =+'Urb MCS'!J168 -> 0 | K52: =+'Urb MCS'!K168 -> 0 | L52: =+'Urb MCS'!L168 -> 0 | ... V52: =+'Urb MCS'!V168 -> 0 | W52: 0 | X52: 0 | Y52: 0
B53: 521 Nº 302 | D53: 0 | E53: =+'Urb MCS'!E169 -> 0 | F53: =+'Urb MCS'!F169 -> 0 | G53: =+'Urb MCS'!G169 -> 0 | H53: =+'Urb MCS'!H169 -> 0 | I53: =+'Urb MCS'!I169 -> 0 | J53: =+'Urb MCS'!J169 -> 0 | K53: =+'Urb MCS'!K169 -> 0 | L53: =+'Urb MCS'!L169 -> 0 | ... V53: =+'Urb MCS'!V169 -> 0 | W53: 0 | X53: 0 | Y53: 0
B54: 537 | C54: Diego Sanguinetti / Valerie Schroth | D54: 70 | E54: =+'Urb MCS'!E170 -> 0 | F54: =+'Urb MCS'!F170 -> 0 | G54: =+'Urb MCS'!G170 -> 0 | H54: =+'Urb MCS'!H170 -> 0 | I54: =+'Urb MCS'!I170 -> 0 | J54: =+'Urb MCS'!J170 -> 0 | K54: =+'Urb MCS'!K170 -> 0 | L54: =+'Urb MCS'!L170 -> 0 | ... V54: =+'Urb MCS'!V170 -> 70 | W54: 70 | X54: 70 | Y54: 70
B55: 561 | C55: Víctor Monteverde | D55: 70 | E55: =+'Urb MCS'!E171 -> 0 | F55: =+'Urb MCS'!F171 -> 0 | G55: =+'Urb MCS'!G171 -> 0 | H55: =+'Urb MCS'!H171 -> 0 | I55: =+'Urb MCS'!I171 -> 0 | J55: =+'Urb MCS'!J171 -> 0 | K55: =+'Urb MCS'!K171 -> 0 | L55: =+'Urb MCS'!L171 -> 70 | ... V55: =+'Urb MCS'!V171 -> 70 | W55: 0 | X55: 0 | Y55: 0
B56: 570 | C56: Flor Mayorga / Carlos Corzo | D56: 70 | E56: =+'Urb MCS'!E172 -> 0 | F56: =+'Urb MCS'!F172 -> 0 | G56: =+'Urb MCS'!G172 -> 70 | H56: =+'Urb MCS'!H172 -> 70 | I56: =+'Urb MCS'!I172 -> 70 | J56: =+'Urb MCS'!J172 -> 70 | K56: =+'Urb MCS'!K172 -> 70 | L56: =+'Urb MCS'!L172 -> 70 | ... V56: =+'Urb MCS'!V172 -> 70 | W56: 70 | X56: 0 | Y56: 0
B57: 585 | C57: Rodolfo Crovetti Barrios | D57: 70 | E57: =+'Urb MCS'!E173 -> 0 | F57: =+'Urb MCS'!F173 -> 0 | G57: =+'Urb MCS'!G173 -> 70 | H57: =+'Urb MCS'!H173 -> 70 | I57: =+'Urb MCS'!I173 -> 70 | J57: =+'Urb MCS'!J173 -> 70 | K57: =+'Urb MCS'!K173 -> 70 | L57: =+'Urb MCS'!L173 -> 70 | ... V57: =+'Urb MCS'!V173 -> 70 | W57: 0 | X57: 0 | Y57: 0
B58: 604 | C58: Christian Flores | D58: 0 | E58: =+'Urb MCS'!E174 -> 0 | F58: =+'Urb MCS'!F174 -> 0 | G58: =+'Urb MCS'!G174 -> 0 | H58: =+'Urb MCS'!H174 -> 0 | I58: =+'Urb MCS'!I174 -> 0 | J58: =+'Urb MCS'!J174 -> 0 | K58: =+'Urb MCS'!K174 -> 0 | L58: =+'Urb MCS'!L174 -> 0 | ... V58: =+'Urb MCS'!V174 -> 0 | W58: 0 | X58: 0 | Y58: 0
B59: 618 | C59: Omar Gutierrez Palao | D59: 0 | E59: =+'Urb MCS'!E175 -> 0 | F59: =+'Urb MCS'!F175 -> 0 | G59: =+'Urb MCS'!G175 -> 0 | H59: =+'Urb MCS'!H175 -> 0 | I59: =+'Urb MCS'!I175 -> 0 | J59: =+'Urb MCS'!J175 -> 0 | K59: =+'Urb MCS'!K175 -> 0 | L59: =+'Urb MCS'!L175 -> 0 | ... V59: =+'Urb MCS'!V175 -> 0 | W59: 0 | X59: 0 | Y59: 0
B60: 628 | C60: Dueño. Martha Chávez / Inquilino -Gianfranco Loli | D60: 70 | E60: =+'Urb MCS'!F176 -> 0 | F60: 0 | G60: 0 | H60: =+'Urb MCS'!H176 -> 70 | I60: =+'Urb MCS'!I176 -> 70 | J60: =+'Urb MCS'!J176 -> 70 | K60: =+'Urb MCS'!K176 -> 70 | L60: =+'Urb MCS'!L176 -> 70 | M60: =+'Urb MCS'!M176 -> 70 | N60: =+'Urb MCS'!N176 -> 70 | O60: =+'Urb MCS'!O176 -> 70 | ... V60: =+'Urb MCS'!V176 -> 70 | W60: 70 | X60: 70 | Y60: 70
B61: 644 | C61: Alvaro Florez | D61: 0 | E61: =+'Urb MCS'!E177 -> 0 | F61: =+'Urb MCS'!F177 -> 0 | G61: =+'Urb MCS'!G177 -> 0 | H61: =+'Urb MCS'!H177 -> 0 | I61: =+'Urb MCS'!I177 -> 0 | J61: =+'Urb MCS'!J177 -> 0 | K61: =+'Urb MCS'!K177 -> 0 | L61: =+'Urb MCS'!L177 -> 0 | ... V61: =+'Urb MCS'!V177 -> 0 | W61: 0 | X61: 0 | Y61: 0
B62: 658 | C62: Edificio Frontera (64 departamentos) en construction | D62: 350 | E62: =+'Urb MCS'!E178 -> 0 | F62: =+'Urb MCS'!F178 -> 0 | G62: =+'Urb MCS'!G178 -> 0 | H62: =+'Urb MCS'!H178 -> 0 | I62: =+'Urb MCS'!I178 -> 0 | J62: =+'Urb MCS'!J178 -> 0 | K62: =+'Urb MCS'!K178 -> 0 | L62: =+'Urb MCS'!L178 -> 0 | ... V62: =+'Urb MCS'!V178 -> 0 | W62: 0 | X62: 0 | Y62: 0
B63: 676 | C63: Lida Cárcamo | D63: 0 | E63: =+'Urb MCS'!E179 -> 0 | F63: =+'Urb MCS'!F179 -> 0 | G63: =+'Urb MCS'!G179 -> 0 | H63: =+'Urb MCS'!H179 -> 0 | I63: =+'Urb MCS'!I179 -> 0 | J63: =+'Urb MCS'!J179 -> 0 | K63: =+'Urb MCS'!K179 -> 0 | L63: =+'Urb MCS'!L179 -> 0 | ... V63: =+'Urb MCS'!V179 -> 0 | W63: 0 | X63: 0 | Y63: 0
B64: 676-3 | C64: Lida Cárcamo | D64: 0 | E64: =+'Urb MCS'!E180 -> 0 | F64: =+'Urb MCS'!F180 -> 0 | G64: =+'Urb MCS'!G180 -> 0 | H64: =+'Urb MCS'!H180 -> 0 | I64: =+'Urb MCS'!I180 -> 0 | J64: =+'Urb MCS'!J180 -> 0 | K64: =+'Urb MCS'!K180 -> 0 | L64: =+'Urb MCS'!L180 -> 0 | ... V64: =+'Urb MCS'!V180 -> 0 | W64: 0 | X64: 0 | Y64: 0
B65: 682-A | C65: Mozhdeh Matin | D65: 70 | E65: =+'Urb MCS'!E181 -> 0 | F65: =+'Urb MCS'!F181 -> 0 | G65: =+'Urb MCS'!G181 -> 70 | H65: =+'Urb MCS'!H181 -> 70 | I65: =+'Urb MCS'!I181 -> 70 | J65: =+'Urb MCS'!J181 -> 70 | K65: =+'Urb MCS'!K181 -> 70 | L65: =+'Urb MCS'!L181 -> 70 | ... V65: =+'Urb MCS'!V181 -> 70 | W65: 0 | X65: 0 | Y65: 0
B66: 682-B | C66: Arturo Montoya / Tula de Montoya | D66: 70 | E66: =+'Urb MCS'!E182 -> 0 | F66: =+'Urb MCS'!F182 -> 0 | G66: =+'Urb MCS'!G182 -> 70 | H66: =+'Urb MCS'!H182 -> 70 | I66: =+'Urb MCS'!I182 -> 70 | J66: =+'Urb MCS'!J182 -> 70 | K66: =+'Urb MCS'!K182 -> 70 | L66: =+'Urb MCS'!L182 -> 70 | ... V66: =+'Urb MCS'!V182 -> 0 | W66: 0 | X66: 0 | Y66: 0
B67: 682-C | C67: Jacqueline Patiño / Michel Fabing | D67: 70 | E67: =+'Urb MCS'!E183 -> 0 | F67: =+'Urb MCS'!F183 -> 0 | G67: =+'Urb MCS'!G183 -> 70 | H67: =+'Urb MCS'!H183 -> 70 | I67: =+'Urb MCS'!I183 -> 70 | J67: =+'Urb MCS'!J183 -> 70 | K67: =+'Urb MCS'!K183 -> 70 | L67: =+'Urb MCS'!L183 -> 70 | ... V67: =+'Urb MCS'!V183 -> 70 | W67: 0 | X67: 0 | Y67: 0
B68: 682-D | C68: Javier Ureña Castellano / Cyntia Ureña / Araceli Quiroz Ureña | D68: 0 | E68: =+'Urb MCS'!E184 -> 0 | F68: =+'Urb MCS'!F184 -> 0 | G68: =+'Urb MCS'!G184 -> 0 | H68: =+'Urb MCS'!H184 -> 0 | I68: =+'Urb MCS'!I184 -> 0 | J68: =+'Urb MCS'!J184 -> 0 | K68: =+'Urb MCS'!K184 -> 0 | L68: =+'Urb MCS'!L184 -> 0 | ... V68: =+'Urb MCS'!V184 -> 0 | W68: 0 | X68: 0 | Y68: 0
B69: 682-E | C69: Familia Pastor | D69: 70 | E69: =+'Urb MCS'!E185 -> 0 | F69: =+'Urb MCS'!F185 -> 0 | G69: =+'Urb MCS'!G185 -> 50 | H69: =+'Urb MCS'!H185 -> 50 | I69: =+'Urb MCS'!I185 -> 50 | J69: =+'Urb MCS'!J185 -> 50 | K69: =+'Urb MCS'!K185 -> 50 | L69: =+'Urb MCS'!L185 -> 50 | ... V69: =+'Urb MCS'!V185 -> 70 | W69: 0 | X69: 0 | Y69: 0
B70: 682-F | C70: Isaac Pérez / Wally Freitas | D70: 70 | E70: =+'Urb MCS'!E186 -> 0 | F70: =+'Urb MCS'!F186 -> 70 | G70: =+'Urb MCS'!G186 -> 70 | H70: =+'Urb MCS'!H186 -> 70 | I70: =+'Urb MCS'!I186 -> 70 | J70: =+'Urb MCS'!J186 -> 70 | K70: =+'Urb MCS'!G264 -> 70 | L70: =+'Urb MCS'!L186 -> 70 | M70: =+'Urb MCS'!M186 -> 70 | N70: =+'Urb MCS'!N186 -> 70 | O70: =+'Urb MCS'!O186 -> 70 | P70: =+'Urb MCS'!P186 -> 70 | Q70: =+'Urb MCS'!Q186 -> 70 | R70: =+'Urb MCS'!R186 -> 70 | S70: =+'Urb MCS'!S186 -> 70 | ... V70: =+'Urb MCS'!V186 -> 70 | W70: 70 | X70: 70 | Y70: 0
B71: 682-G | C71: Alejandro Santibañez | D71: 70 | E71: =+'Urb MCS'!E187 -> 0 | F71: =+'Urb MCS'!F187 -> 70 | G71: =+'Urb MCS'!G187 -> 70 | H71: =+'Urb MCS'!H187 -> 70 | I71: =+'Urb MCS'!I187 -> 70 | J71: =+'Urb MCS'!J187 -> 70 | K71: =+'Urb MCS'!K187 -> 70 | L71: =+'Urb MCS'!L187 -> 70 | ... T71: =+'Urb MCS'!T187 -> 70 | U71: 0 | V71: =+'Urb MCS'!V187 -> 0 | W71: 0 | X71: 0 | Y71: 0
B72: 682-H | C72: Eduardo Olivera | D72: 70 | E72: =+'Urb MCS'!E188 -> 0 | F72: =+'Urb MCS'!F188 -> 0 | G72: =+'Urb MCS'!G188 -> 70 | H72: =+'Urb MCS'!H188 -> 70 | I72: =+'Urb MCS'!I188 -> 70 | J72: =+'Urb MCS'!J188 -> 70 | K72: =+'Urb MCS'!K188 -> 70 | L72: =+'Urb MCS'!L188 -> 70 | ... V72: =+'Urb MCS'!V188 -> 70 | W72: 0 | X72: 0 | Y72: 0
B73: 682-I | C73: Rolando / José Lara Montani | D73: 0 | E73: =+'Urb MCS'!E189 -> 0 | F73: =+'Urb MCS'!F189 -> 0 | G73: =+'Urb MCS'!G189 -> 0 | H73: =+'Urb MCS'!H189 -> 0 | I73: =+'Urb MCS'!I189 -> 0 | J73: =+'Urb MCS'!J189 -> 0 | K73: =+'Urb MCS'!K189 -> 0 | L73: =+'Urb MCS'!L189 -> 0 | ... V73: =+'Urb MCS'!V189 -> 0 | W73: 0 | X73: 0 | Y73: 0
B74: 699-1 | C74: Rodrigo Olano Romero/casa vacia | D74: 0 | E74: =+'Urb MCS'!E190 -> 0 | F74: =+'Urb MCS'!F190 -> 0 | G74: =+'Urb MCS'!G190 -> 0 | H74: =+'Urb MCS'!H190 -> 0 | I74: =+'Urb MCS'!I190 -> 0 | J74: =+'Urb MCS'!J190 -> 0 | K74: =+'Urb MCS'!K190 -> 0 | L74: =+'Urb MCS'!L190 -> 0 | ... V74: =+'Urb MCS'!V190 -> 0 | W74: 0 | X74: 0 | Y74: 0
B75: xxx | C75: Franklin Levano | D75: 50 | E75: =+'Urb MCS'!E191 -> 0 | F75: =+'Urb MCS'!F191 -> 0 | G75: =+'Urb MCS'!G191 -> 0 | H75: =+'Urb MCS'!H191 -> 0 | I75: =+'Urb MCS'!I191 -> 0 | J75: =+'Urb MCS'!J191 -> 0 | K75: =+'Urb MCS'!K191 -> 50 | L75: =+'Urb MCS'!L191 -> 50 | ... V75: =+'Urb MCS'!V191 -> 0 | W75: 0 | X75: 0 | Y75: 0
B76: xxx | C76: Carlos Perales | D76: 50 | E76: =+'Urb MCS'!E192 -> 0 | F76: =+'Urb MCS'!F192 -> 0 | G76: =+'Urb MCS'!G192 -> 0 | H76: =+'Urb MCS'!H192 -> 0 | I76: =+'Urb MCS'!I192 -> 0 | J76: =+'Urb MCS'!J192 -> 0 | K76: =+'Urb MCS'!K192 -> 0 | L76: =+'Urb MCS'!L192 -> 0 | ... V76: =+'Urb MCS'!V192 -> 0 | W76: 0 | X76: 0 | Y76: 0
E77: =+'Urb MCS'!E193 -> 1060 | F77: =+'Urb MCS'!F193 -> 1200 | G77: =+'Urb MCS'!G193 -> 3310 | H77: =+'Urb MCS'!H193 -> 3880 | I77: =+'Urb MCS'!I193 -> 3520 | J77: =+'Urb MCS'!J193 -> 3520 | K77: =+'Urb MCS'!K193 -> 3570 | L77: =+'Urb MCS'!L193 -> 3640 | ... V77: =+'Urb MCS'!V193 -> 1330 | W77: 280 | X77: 210 | Y77: 140
V80: =AVERAGE(G77:U77) -> 4016

Sheet Urrea
E2: 2025 | N2: 2026
E3: ABRIL | F3: MAYO | G3: JUNIO | H3: JULIO | I3: AGOSTO | J3: SETIEMBRE | K3: OCTUBRE | L3: NOVIEMBRE | M3: DICIEMBRE | N3: ENERO | O3: FEBRERO | P3: MARZO | Q3: ABRIL | R3: MAYO | S3: JUNIO | T3: JULIO | U3: AGOSTO | V3: SETIEMBRE | W3: OCTUBRE | X3: NOVIEMBRE | Y3: DICIEMBRE
B4: Daniel Urrea | C4: Daniel Urrea | D4: Monto | E4: PAGOS
B5: 211 | C5: Carlos Angosto | D5: 0 | E5: {=+'Urb MCS'!E196:E246} -> 0 | F5: {=+'Urb MCS'!F196:F246} -> 0 | G5: =+'Urb MCS'!G196 -> 0 | H5: =+'Urb MCS'!H196 -> 0 | I5: =+'Urb MCS'!I196 -> 0 | J5: =+'Urb MCS'!J196 -> 0 | K5: =+'Urb MCS'!K196 -> 0 | L5: =+'Urb MCS'!L196 -> 0 | M5: =+'Urb MCS'!M196 -> 0 | N5: =+'Urb MCS'!N196 -> 0 | ... V5: =+'Urb MCS'!V196 -> 0 | W5: {=+'Urb MCS'!X196:X246} -> 0 | X5: {=+'Urb MCS'!Y196:Y246} -> 0 | Y5: {=+'Urb MCS'!Z196:Z246} -> 0
B6: 215 | C6: Javier y Maritza Seoane Byrne | D6: 70 | E6: 0 | F6: 0 | G6: =+'Urb MCS'!G197 -> 70 | H6: =+'Urb MCS'!H197 -> 70 | I6: =+'Urb MCS'!I197 -> 70 | J6: =+'Urb MCS'!J197 -> 70 | K6: =+'Urb MCS'!K197 -> 70 | L6: =+'Urb MCS'!L197 -> 70 | M6: =+'Urb MCS'!M197 -> 70 | N6: =+'Urb MCS'!N197 -> 70 | ... U6: =+'Urb MCS'!U197 -> 70 | V6: 70 | W6: 0 | X6: 0 | Y6: 0
B7: 220 | C7: Carina Caycho | D7: 0 | E7: 0 | F7: 0 | G7: =+'Urb MCS'!G198 -> 0 | H7: =+'Urb MCS'!H198 -> 0 | I7: =+'Urb MCS'!I198 -> 0 | J7: =+'Urb MCS'!J198 -> 0 | K7: =+'Urb MCS'!K198 -> 0 | L7: =+'Urb MCS'!L198 -> 0 | M7: =+'Urb MCS'!M198 -> 0 | N7: =+'Urb MCS'!N198 -> 0 | ... V7: =+'Urb MCS'!V198 -> 0 | W7: 0 | X7: 0 | Y7: 0
B8: 229 - 239 | C8: proyecto inmobiliario - Avenir CostAzul | D8: 0 | E8: 0 | F8: 0 | G8: =+'Urb MCS'!G199 -> 70 | H8: =+'Urb MCS'!H199 -> 70 | I8: =+'Urb MCS'!I199 -> 70 | J8: =+'Urb MCS'!J199 -> 70 | K8: =+'Urb MCS'!K199 -> 70 | L8: =+'Urb MCS'!L199 -> 70 | M8: =+'Urb MCS'!M199 -> 0 | N8: =+'Urb MCS'!N199 -> 0 | ... V8: =+'Urb MCS'!V199 -> 0 | W8: 0 | X8: 0 | Y8: 0
B9: 247 | C9: casa vacía | D9: 0 | E9: 0 | F9: 0 | G9: =+'Urb MCS'!G200 -> 0 | H9: =+'Urb MCS'!H200 -> 0 | I9: =+'Urb MCS'!I200 -> 0 | J9: =+'Urb MCS'!J200 -> 0 | K9: =+'Urb MCS'!K200 -> 0 | L9: =+'Urb MCS'!L200 -> 0 | M9: =+'Urb MCS'!M200 -> 0 | N9: =+'Urb MCS'!N200 -> 0 | ... V9: =+'Urb MCS'!V200 -> 0 | W9: 0 | X9: 0 | Y9: 0
B10: 251 3er piso | C10: casa vacía | D10: 0 | E10: 0 | F10: 0 | G10: =+'Urb MCS'!G201 -> 0 | H10: =+'Urb MCS'!H201 -> 0 | I10: =+'Urb MCS'!I201 -> 0 | J10: =+'Urb MCS'!J201 -> 0 | K10: =+'Urb MCS'!K201 -> 0 | L10: =+'Urb MCS'!L201 -> 0 | M10: =+'Urb MCS'!M201 -> 0 | N10: =+'Urb MCS'!N201 -> 0 | ... R10: =+'Urb MCS'!R201 -> 0 | S10: 0 | T10: =+'Urb MCS'!T201 -> 0 | U10: =+'Urb MCS'!U201 -> 0 | V10: =+'Urb MCS'!V201 -> 0 | W10: 0 | X10: 0 | Y10: 0
B11: 253 | C11: casa vacía | D11: 0 | E11: 0 | F11: 0 | G11: =+'Urb MCS'!G202 -> 35 | H11: =+'Urb MCS'!H202 -> 35 | I11: =+'Urb MCS'!I202 -> 35 | J11: =+'Urb MCS'!J202 -> 35 | K11: =+'Urb MCS'!K202 -> 0 | L11: =+'Urb MCS'!L202 -> 0 | M11: =+'Urb MCS'!M202 -> 0 | N11: =+'Urb MCS'!N202 -> 0 | ... V11: =+'Urb MCS'!V202 -> 0 | W11: 0 | X11: 0 | Y11: 0
B12: 257 | C12: Amelia Llosa | D12: 70 | E12: 0 | F12: 0 | G12: =+'Urb MCS'!G203 -> 70 | H12: =+'Urb MCS'!H203 -> 70 | I12: =+'Urb MCS'!I203 -> 70 | J12: =+'Urb MCS'!J203 -> 70 | K12: =+'Urb MCS'!K203 -> 0 | L12: =+'Urb MCS'!L203 -> 0 | M12: =+'Urb MCS'!M203 -> 0 | N12: =+'Urb MCS'!N203 -> 0 | ... R12: =+'Urb MCS'!R203 -> 0 | S12: 0 | T12: =+'Urb MCS'!T203 -> 70 | U12: =+'Urb MCS'!U203 -> 70 | V12: =+'Urb MCS'!V203 -> 70 | W12: 70 | X12: 0 | Y12: 0
B13: 260 | C13: José M. Bustamante CH. / Iris | D13: 0 | E13: 0 | F13: 0 | G13: =+'Urb MCS'!G204 -> 0 | H13: =+'Urb MCS'!H204 -> 0 | I13: =+'Urb MCS'!I204 -> 0 | J13: =+'Urb MCS'!J204 -> 0 | K13: =+'Urb MCS'!K204 -> 0 | L13: =+'Urb MCS'!L204 -> 0 | M13: =+'Urb MCS'!M204 -> 0 | N13: =+'Urb MCS'!N204 -> 0 | ... V13: =+'Urb MCS'!V204 -> 0 | W13: 0 | X13: 0 | Y13: 0
B14: 258 | C14: Roció Velarde | D14: 70 | E14: 0 | F14: 0 | G14: =+'Urb MCS'!G205 -> 0 | H14: =+'Urb MCS'!H205 -> 70 | I14: =+'Urb MCS'!I205 -> 70 | J14: =+'Urb MCS'!J205 -> 70 | K14: =+'Urb MCS'!K205 -> 70 | L14: =+'Urb MCS'!L205 -> 70 | M14: =+'Urb MCS'!M205 -> 70 | N14: =+'Urb MCS'!N205 -> 70 | ... V14: =+'Urb MCS'!V205 -> 70 | W14: 0 | X14: 0 | Y14: 0
B15: 263 | C15: Carlos Rivera Castro/ Nestor Rivera | D15: 70 | E15: 0 | F15: 0 | G15: =+'Urb MCS'!G206 -> 70 | H15: =+'Urb MCS'!H206 -> 70 | I15: =+'Urb MCS'!I206 -> 70 | J15: =+'Urb MCS'!J206 -> 70 | K15: =+'Urb MCS'!K206 -> 70 | L15: =+'Urb MCS'!L206 -> 70 | M15: =+'Urb MCS'!M206 -> 70 | N15: =+'Urb MCS'!N206 -> 70 | ... U15: =+'Urb MCS'!U206 -> 70 | V15: 70 | W15: 0 | X15: 0 | Y15: 0
B16: 268 | C16: Adriana Soto | D16: 70 | E16: 0 | F16: 0 | G16: =+'Urb MCS'!G207 -> 70 | H16: =+'Urb MCS'!H207 -> 70 | I16: =+'Urb MCS'!I207 -> 70 | J16: =+'Urb MCS'!J207 -> 70 | K16: =+'Urb MCS'!K207 -> 70 | L16: =+'Urb MCS'!L207 -> 70 | M16: =+'Urb MCS'!M207 -> 70 | N16: =+'Urb MCS'!N207 -> 70 | ... V16: =+'Urb MCS'!V207 -> 70 | W16: 0 | X16: 0 | Y16: 0
B17: 270 | C17: Graciela Gómez de Lapeyre | D17: 70 | E17: 0 | F17: 0 | G17: =+'Urb MCS'!G208 -> 70 | H17: =+'Urb MCS'!H208 -> 70 | I17: =+'Urb MCS'!I208 -> 70 | J17: =+'Urb MCS'!J208 -> 70 | K17: =+'Urb MCS'!K208 -> 70 | L17: =+'Urb MCS'!L208 -> 70 | M17: =+'Urb MCS'!M208 -> 70 | N17: =+'Urb MCS'!N208 -> 70 | ... V17: =+'Urb MCS'!V208 -> 0 | W17: 0 | X17: 0 | Y17: 0
B18: 278 - 1piso | C18: Alicia Zarauz / inquilino Mallki Rivas | D18: 70 | E18: 0 | F18: 0 | G18: =+'Urb MCS'!G209 -> 0 | H18: =+'Urb MCS'!H209 -> 35 | I18: =+'Urb MCS'!I209 -> 35 | J18: =+'Urb MCS'!J209 -> 35 | K18: =+'Urb MCS'!K209 -> 35 | L18: =+'Urb MCS'!L209 -> 35 | M18: =+'Urb MCS'!M209 -> 35 | N18: =+'Urb MCS'!N209 -> 35 | ... V18: =+'Urb MCS'!V209 -> 0 | W18: 0 | X18: 0 | Y18: 0
B19: 278-2piso | C19: Dueña.Gladis Leveratto / inquilino. | D19: 70 | E19: 0 | F19: 0 | G19: =+'Urb MCS'!G210 -> 0 | H19: =+'Urb MCS'!H210 -> 0 | I19: =+'Urb MCS'!I210 -> 70 | J19: =+'Urb MCS'!J210 -> 70 | K19: =+'Urb MCS'!K210 -> 70 | L19: =+'Urb MCS'!L210 -> 70 | M19: =+'Urb MCS'!M210 -> 70 | N19: =+'Urb MCS'!N210 -> 0 | ... V19: =+'Urb MCS'!V210 -> 0 | W19: 0 | X19: 0 | Y19: 0
B20: 278-3piso | C20: Valeria Arias | D20: 50 | E20: 0 | F20: 0 | G20: =+'Urb MCS'!G211 -> 0 | H20: =+'Urb MCS'!H211 -> 0 | I20: =+'Urb MCS'!I211 -> 0 | J20: =+'Urb MCS'!J211 -> 60 | K20: =+'Urb MCS'!K211 -> 50 | L20: =+'Urb MCS'!L211 -> 50 | M20: =+'Urb MCS'!M211 -> 50 | N20: =+'Urb MCS'!N211 -> 50 | ... V20: =+'Urb MCS'!V211 -> 0 | W20: 0 | X20: 0 | Y20: 0
B21: 279 | C21: Luis Monzón Goicochea | D21: 0 | E21: 0 | F21: 0 | G21: =+'Urb MCS'!G212 -> 0 | H21: =+'Urb MCS'!H212 -> 0 | I21: =+'Urb MCS'!I212 -> 0 | J21: =+'Urb MCS'!J212 -> 0 | K21: =+'Urb MCS'!K212 -> 0 | L21: =+'Urb MCS'!L212 -> 0 | M21: =+'Urb MCS'!M212 -> 0 | N21: =+'Urb MCS'!N212 -> 0 | ... V21: =+'Urb MCS'!V212 -> 0 | W21: 0 | X21: 0 | Y21: 0
B22: 283 Dpto. 101 | D22: 0 | E22: 0 | F22: 0 | G22: =+'Urb MCS'!G213 -> 0 | H22: =+'Urb MCS'!H213 -> 0 | I22: =+'Urb MCS'!I213 -> 0 | J22: =+'Urb MCS'!J213 -> 0 | K22: =+'Urb MCS'!K213 -> 0 | L22: =+'Urb MCS'!L213 -> 0 | M22: =+'Urb MCS'!M213 -> 0 | N22: =+'Urb MCS'!N213 -> 0 | ... V22: =+'Urb MCS'!V213 -> 0 | W22: 0 | X22: 0 | Y22: 0
B23: 283 Dpto. 102 | C23: Susana Vega | D23: 50 | E23: 0 | F23: 0 | G23: =+'Urb MCS'!G214 -> 70 | H23: =+'Urb MCS'!H214 -> 50 | I23: =+'Urb MCS'!I214 -> 50 | J23: =+'Urb MCS'!J214 -> 50 | K23: =+'Urb MCS'!K214 -> 50 | L23: =+'Urb MCS'!L214 -> 50 | M23: =+'Urb MCS'!M214 -> 50 | N23: =+'Urb MCS'!N214 -> 50 | ... V23: =+'Urb MCS'!V214 -> 0 | W23: 0 | X23: 0 | Y23: 0
B24: 283 Dpto. 201 | D24: 0 | E24: 0 | F24: 0 | G24: =+'Urb MCS'!G215 -> 0 | H24: =+'Urb MCS'!H215 -> 0 | I24: =+'Urb MCS'!I215 -> 0 | J24: =+'Urb MCS'!J215 -> 0 | K24: =+'Urb MCS'!K215 -> 0 | L24: =+'Urb MCS'!L215 -> 0 | M24: =+'Urb MCS'!M215 -> 0 | N24: =+'Urb MCS'!N215 -> 0 | ... V24: =+'Urb MCS'!V215 -> 0 | W24: 0 | X24: 0 | Y24: 0
B25: 283 Dpto. 202 | D25: 0 | E25: 0 | F25: 0 | G25: =+'Urb MCS'!G216 -> 0 | H25: =+'Urb MCS'!H216 -> 0 | I25: =+'Urb MCS'!I216 -> 0 | J25: =+'Urb MCS'!J216 -> 0 | K25: =+'Urb MCS'!K216 -> 0 | L25: =+'Urb MCS'!L216 -> 0 | M25: =+'Urb MCS'!M216 -> 0 | N25: =+'Urb MCS'!N216 -> 0 | ... V25: =+'Urb MCS'!V216 -> 0 | W25: 0 | X25: 0 | Y25: 0
B26: 283 Dpto. 301 | D26: 0 | E26: 0 | F26: 0 | G26: =+'Urb MCS'!G217 -> 0 | H26: =+'Urb MCS'!H217 -> 0 | I26: =+'Urb MCS'!I217 -> 0 | J26: =+'Urb MCS'!J217 -> 0 | K26: =+'Urb MCS'!K217 -> 0 | L26: =+'Urb MCS'!L217 -> 0 | M26: =+'Urb MCS'!M217 -> 0 | N26: =+'Urb MCS'!N217 -> 0 | ... V26: =+'Urb MCS'!V217 -> 0 | W26: 0 | X26: 0 | Y26: 0
B27: 283 Dpto. 302 | C27: Daniel Rubio | D27: 50 | E27: 0 | F27: 0 | G27: =+'Urb MCS'!G218 -> 50 | H27: =+'Urb MCS'!H218 -> 50 | I27: =+'Urb MCS'!I218 -> 70 | J27: =+'Urb MCS'!J218 -> 70 | K27: =+'Urb MCS'!K218 -> 70 | L27: =+'Urb MCS'!L218 -> 70 | M27: =+'Urb MCS'!M218 -> 70 | N27: =+'Urb MCS'!N218 -> 70 | ... V27: =+'Urb MCS'!V218 -> 50 | W27: 50 | X27: 0 | Y27: 0
B28: 283 Dpto. 401 | C28: Daniela Tizon | D28: 50 | E28: 0 | F28: 0 | G28: =+'Urb MCS'!G219 -> 0 | H28: =+'Urb MCS'!H219 -> 50 | I28: =+'Urb MCS'!I219 -> 50 | J28: =+'Urb MCS'!J219 -> 50 | K28: =+'Urb MCS'!K219 -> 50 | L28: =+'Urb MCS'!L219 -> 50 | M28: =+'Urb MCS'!M219 -> 50 | N28: =+'Urb MCS'!N219 -> 50 | ... V28: =+'Urb MCS'!V219 -> 50 | W28: 0 | X28: 0 | Y28: 0
B29: 283 Dpto. 402 | C29: Maria Esther / inquilina - Laura Graner | D29: 50 | E29: 0 | F29: 0 | G29: =+'Urb MCS'!G220 -> 0 | H29: =+'Urb MCS'!H220 -> 0 | I29: =+'Urb MCS'!I220 -> 0 | J29: =+'Urb MCS'!J220 -> 0 | K29: =+'Urb MCS'!K220 -> 0 | L29: =+'Urb MCS'!L220 -> 0 | M29: =+'Urb MCS'!M220 -> 0 | N29: =+'Urb MCS'!N220 -> 0 | ... V29: =+'Urb MCS'!V220 -> 50 | W29: 0 | X29: 0 | Y29: 0
B30: 283 Dpto. 501 | C30: Nydia Montes | D30: 70 | E30: 0 | F30: 0 | G30: =+'Urb MCS'!G221 -> 0 | H30: =+'Urb MCS'!H221 -> 50 | I30: =+'Urb MCS'!I221 -> 50 | J30: =+'Urb MCS'!J221 -> 50 | K30: =+'Urb MCS'!K221 -> 50 | L30: =+'Urb MCS'!L221 -> 50 | M30: =+'Urb MCS'!M221 -> 50 | N30: =+'Urb MCS'!N221 -> 50 | ... V30: =+'Urb MCS'!V221 -> 0 | W30: 0 | X30: 0 | Y30: 0
B31: 283 Dpto. 502 | C31: Isabella Osores | D31: 70 | E31: 0 | F31: 0 | G31: =+'Urb MCS'!G222 -> 0 | H31: =+'Urb MCS'!H222 -> 50 | I31: =+'Urb MCS'!I222 -> 50 | J31: =+'Urb MCS'!J222 -> 50 | K31: =+'Urb MCS'!K222 -> 50 | L31: =+'Urb MCS'!L222 -> 50 | M31: =+'Urb MCS'!M222 -> 50 | N31: =+'Urb MCS'!N222 -> 50 | ... V31: =+'Urb MCS'!V222 -> 70 | W31: 0 | X31: 0 | Y31: 0
B32: 286-290 | D32: 0 | E32: 0 | F32: 0 | G32: =+'Urb MCS'!G223 -> 0 | H32: =+'Urb MCS'!H223 -> 0 | I32: =+'Urb MCS'!I223 -> 0 | J32: =+'Urb MCS'!J223 -> 0 | K32: =+'Urb MCS'!K223 -> 0 | L32: =+'Urb MCS'!L223 -> 0 | M32: =+'Urb MCS'!M223 -> 0 | N32: =+'Urb MCS'!N223 -> 0 | ... V32: =+'Urb MCS'!V223 -> 0 | W32: 0 | X32: 0 | Y32: 0
B33: 287-291 | C33: Cesar Bustamante | D33: 70 | E33: 0 | F33: 0 | G33: =+'Urb MCS'!G224 -> 70 | H33: =+'Urb MCS'!H224 -> 70 | I33: =+'Urb MCS'!I224 -> 70 | J33: =+'Urb MCS'!J224 -> 70 | K33: =+'Urb MCS'!K224 -> 70 | L33: =+'Urb MCS'!L224 -> 70 | M33: =+'Urb MCS'!M224 -> 70 | N33: =+'Urb MCS'!N224 -> 70 | ... V33: =+'Urb MCS'!V224 -> 70 | W33: 0 | X33: 0 | Y33: 0
B34: 195 | C34: Susy Russo | D34: 0 | E34: 0 | F34: 0 | G34: =+'Urb MCS'!G225 -> 0 | H34: =+'Urb MCS'!H225 -> 0 | I34: =+'Urb MCS'!I225 -> 0 | J34: =+'Urb MCS'!J225 -> 0 | K34: =+'Urb MCS'!K225 -> 0 | L34: =+'Urb MCS'!L225 -> 0 | M34: =+'Urb MCS'!M225 -> 0 | N34: =+'Urb MCS'!N225 -> 0 | ... V34: =+'Urb MCS'!V225 -> 0 | W34: 0 | X34: 0 | Y34: 0
B35: 300 | C35: María Luisa Patro | D35: 0 | E35: 0 | F35: 0 | G35: =+'Urb MCS'!G226 -> 0 | H35: =+'Urb MCS'!H226 -> 0 | I35: =+'Urb MCS'!I226 -> 0 | J35: =+'Urb MCS'!J226 -> 0 | K35: =+'Urb MCS'!K226 -> 0 | L35: =+'Urb MCS'!L226 -> 0 | M35: =+'Urb MCS'!M226 -> 0 | N35: =+'Urb MCS'!N226 -> 0 | ... V35: =+'Urb MCS'!V226 -> 0 | W35: 0 | X35: 0 | Y35: 0
B36: 312 | C36: Mercedes Burga | D36: 70 | E36: 0 | F36: 0 | G36: =+'Urb MCS'!G227 -> 70 | H36: =+'Urb MCS'!H227 -> 70 | I36: =+'Urb MCS'!I227 -> 70 | J36: =+'Urb MCS'!J227 -> 70 | K36: =+'Urb MCS'!K227 -> 70 | L36: =+'Urb MCS'!L227 -> 70 | M36: =+'Urb MCS'!M227 -> 70 | N36: =+'Urb MCS'!N227 -> 70 | ... V36: =+'Urb MCS'!V227 -> 70 | W36: 0 | X36: 0 | Y36: 0
B37: 339 Dpto 101 | C37: Eduardo Castañeda | D37: 650 | E37: 0 | F37: 0 | G37: =+'Urb MCS'!G228 -> 0 | H37: =+'Urb MCS'!H228 -> 0 | I37: =+'Urb MCS'!I228 -> 0 | J37: =+'Urb MCS'!J228 -> 0 | K37: =+'Urb MCS'!K228 -> 0 | L37: =+'Urb MCS'!L228 -> 0 | M37: =+'Urb MCS'!M228 -> 0 | N37: =+'Urb MCS'!N228 -> 700 | ... V37: =+'Urb MCS'!V228 -> 550 | W37: 0 | X37: 0 | Y37: 0
B38: 339 Dpto 102 | C38: Fiorella Caceres | E38: 0 | F38: 0 | G38: =+'Urb MCS'!G229 -> 0 | H38: =+'Urb MCS'!H229 -> 0 | I38: =+'Urb MCS'!I229 -> 0 | J38: =+'Urb MCS'!J229 -> 0 | K38: =+'Urb MCS'!K229 -> 0 | L38: =+'Urb MCS'!L229 -> 0 | M38: =+'Urb MCS'!M229 -> 0 | W38: 0 | X38: 0 | Y38: 0
B39: 339 Dpto 201 | C39: Julia Parodi | E39: 0 | F39: 0 | G39: =+'Urb MCS'!G230 -> 0 | H39: =+'Urb MCS'!H230 -> 0 | I39: =+'Urb MCS'!I230 -> 0 | J39: =+'Urb MCS'!J230 -> 0 | K39: =+'Urb MCS'!K230 -> 0 | L39: =+'Urb MCS'!L230 -> 0 | M39: =+'Urb MCS'!M230 -> 0 | W39: 0 | X39: 0 | Y39: 0
B40: 339 Dpto 202 | C40: Carla Valdivia / Ricardo Bazán | E40: 0 | F40: 50 | G40: =+'Urb MCS'!G231 -> 50 | H40: =+'Urb MCS'!H231 -> 50 | I40: =+'Urb MCS'!I231 -> 50 | J40: =+'Urb MCS'!J231 -> 50 | K40: =+'Urb MCS'!K231 -> 50 | L40: =+'Urb MCS'!L231 -> 50 | M40: =+'Urb MCS'!M231 -> 50 | W40: 0 | X40: 0 | Y40: 0
B41: 339 Dpto 301 | C41: Angel Aliaga Giles | E41: 0 | F41: 0 | G41: =+'Urb MCS'!G232 -> 0 | H41: =+'Urb MCS'!H232 -> 0 | I41: =+'Urb MCS'!I232 -> 0 | J41: =+'Urb MCS'!J232 -> 0 | K41: =+'Urb MCS'!K232 -> 0 | L41: =+'Urb MCS'!L232 -> 0 | M41: =+'Urb MCS'!M232 -> 0 | W41: 0 | X41: 0 | Y41: 0
B42: 339 Dpto 302 | C42: MALECON SUR SAC | E42: 0 | F42: 0 | G42: =+'Urb MCS'!G233 -> 0 | H42: =+'Urb MCS'!H233 -> 0 | I42: =+'Urb MCS'!I233 -> 0 | J42: =+'Urb MCS'!J233 -> 0 | K42: =+'Urb MCS'!K233 -> 0 | L42: =+'Urb MCS'!L233 -> 0 | M42: =+'Urb MCS'!M233 -> 0 | W42: 0 | X42: 0 | Y42: 0
B43: 339 Dpto 401 | C43: Pablo Borasino | E43: 0 | F43: 0 | G43: =+'Urb MCS'!G234 -> 0 | H43: =+'Urb MCS'!H234 -> 50 | I43: =+'Urb MCS'!I234 -> 50 | J43: =+'Urb MCS'!J234 -> 50 | K43: =+'Urb MCS'!K234 -> 50 | L43: =+'Urb MCS'!L234 -> 50 | M43: =+'Urb MCS'!M234 -> 0 | W43: 0 | X43: 0 | Y43: 0
B44: 339 Dpto 402 | C44: MALECON SUR SAC | E44: 0 | F44: 0 | G44: =+'Urb MCS'!G235 -> 0 | H44: =+'Urb MCS'!H235 -> 0 | I44: =+'Urb MCS'!I235 -> 0 | J44: =+'Urb MCS'!J235 -> 0 | K44: =+'Urb MCS'!K235 -> 0 | L44: =+'Urb MCS'!L235 -> 0 | M44: =+'Urb MCS'!M235 -> 0 | W44: 0 | X44: 0 | Y44: 0
B45: 339 Dpto 501 | C45: Kianna Ramirez / Walter Cardenas | E45: 0 | F45: 0 | G45: =+'Urb MCS'!G236 -> 0 | H45: =+'Urb MCS'!H236 -> 50 | I45: =+'Urb MCS'!I236 -> 50 | J45: =+'Urb MCS'!J236 -> 50 | K45: =+'Urb MCS'!K236 -> 50 | L45: =+'Urb MCS'!L236 -> 50 | M45: =+'Urb MCS'!M236 -> 50 | W45: 0 | X45: 0 | Y45: 0
B46: 339 Dpto 502 | C46: Victor Ferré Neyra | E46: 0 | F46: 0 | G46: =+'Urb MCS'!G237 -> 0 | H46: =+'Urb MCS'!H237 -> 0 | I46: =+'Urb MCS'!I237 -> 0 | J46: =+'Urb MCS'!J237 -> 0 | K46: =+'Urb MCS'!K237 -> 0 | L46: =+'Urb MCS'!L237 -> 0 | M46: =+'Urb MCS'!M237 -> 0 | W46: 0 | X46: 0 | Y46: 0
B47: 339 Dpto 601 | C47: Joel Astocaza | E47: 0 | F47: 0 | G47: =+'Urb MCS'!G238 -> 0 | H47: =+'Urb MCS'!H238 -> 0 | I47: =+'Urb MCS'!I238 -> 0 | J47: =+'Urb MCS'!J238 -> 0 | K47: =+'Urb MCS'!K238 -> 0 | L47: =+'Urb MCS'!L238 -> 0 | M47: =+'Urb MCS'!M238 -> 0 | W47: 0 | X47: 0 | Y47: 0
B48: 339 Dpto 602 | C48: Gabriel Hildebtandt | E48: 0 | F48: 0 | G48: =+'Urb MCS'!G239 -> 38.3 | H48: =+'Urb MCS'!H239 -> 21.7 | I48: =+'Urb MCS'!I239 -> 30 | J48: =+'Urb MCS'!J239 -> 30 | K48: =+'Urb MCS'!K239 -> 30 | L48: =+'Urb MCS'!L239 -> 30 | M48: =+'Urb MCS'!M239 -> 0 | W48: 0 | X48: 0 | Y48: 0
B49: 339 Dpto 603 | C49: Judith San Román | E49: 0 | F49: 0 | G49: =+'Urb MCS'!G240 -> 0 | H49: =+'Urb MCS'!H240 -> 0 | I49: =+'Urb MCS'!I240 -> 0 | J49: =+'Urb MCS'!J240 -> 0 | K49: =+'Urb MCS'!K240 -> 0 | L49: =+'Urb MCS'!L240 -> 0 | M49: =+'Urb MCS'!M240 -> 0 | W49: 0 | X49: 0 | Y49: 0
B50: 339 Dpto 604 | C50: Susana Cardenas | E50: 0 | F50: 350 | G50: =+'Urb MCS'!G241 -> 70 | H50: =+'Urb MCS'!H241 -> 70 | I50: =+'Urb MCS'!I241 -> 70 | J50: =+'Urb MCS'!J241 -> 70 | K50: =+'Urb MCS'!K241 -> 70 | L50: =+'Urb MCS'!L241 -> 70 | M50: =+'Urb MCS'!M241 -> 70 | W50: 0 | X50: 0 | Y50: 0
B51: 340 | C51: Sara y Violeta Charún | D51: 30 | E51: 0 | F51: 0 | G51: =+'Urb MCS'!G242 -> 30 | H51: =+'Urb MCS'!H242 -> 30 | I51: =+'Urb MCS'!I242 -> 30 | J51: =+'Urb MCS'!J242 -> 30 | K51: =+'Urb MCS'!K242 -> 30 | L51: =+'Urb MCS'!L242 -> 30 | M51: =+'Urb MCS'!M242 -> 30 | N51: =+'Urb MCS'!N242 -> 30 | ... T51: =+'Urb MCS'!T242 -> 30 | U51: 30 | V51: =+'Urb MCS'!V242 -> 0 | W51: 0 | X51: 0 | Y51: 0
B52: 349 | C52: Víctor Ferré Neyra/ lorena Flores | D52: 0 | E52: 0 | F52: 0 | G52: =+'Urb MCS'!G243 -> 0 | H52: =+'Urb MCS'!H243 -> 0 | I52: =+'Urb MCS'!I243 -> 0 | J52: =+'Urb MCS'!J243 -> 0 | K52: =+'Urb MCS'!K243 -> 0 | L52: =+'Urb MCS'!L243 -> 0 | M52: =+'Urb MCS'!M243 -> 0 | N52: =+'Urb MCS'!N243 -> 0 | ... V52: =+'Urb MCS'!V243 -> 0 | W52: 0 | X52: 0 | Y52: 0
B53: 350 | D53: 0 | E53: 0 | F53: 0 | G53: =+'Urb MCS'!G244 -> 0 | H53: =+'Urb MCS'!H244 -> 0 | I53: =+'Urb MCS'!I244 -> 0 | J53: =+'Urb MCS'!J244 -> 0 | K53: =+'Urb MCS'!K244 -> 0 | L53: =+'Urb MCS'!L244 -> 0 | M53: =+'Urb MCS'!M244 -> 0 | N53: =+'Urb MCS'!N244 -> 0 | ... V53: =+'Urb MCS'!V244 -> 0 | W53: 0 | X53: 0 | Y53: 0
B54: 371-A | C54: Amparo Pantoja | D54: 0 | E54: 0 | F54: 0 | G54: =+'Urb MCS'!G245 -> 0 | H54: =+'Urb MCS'!H245 -> 0 | I54: =+'Urb MCS'!I245 -> 0 | J54: =+'Urb MCS'!J245 -> 0 | K54: =+'Urb MCS'!K245 -> 0 | L54: =+'Urb MCS'!L245 -> 0 | M54: =+'Urb MCS'!M245 -> 0 | N54: =+'Urb MCS'!N245 -> 0 | ... V54: =+'Urb MCS'!V245 -> 0 | W54: 0 | X54: 0 | Y54: 0
E55: 0 | F55: 400 | G55: =+'Urb MCS'!G246 -> 903.3 | H55: =+'Urb MCS'!H246 -> 1221.7 | I55: =+'Urb MCS'!I246 -> 1320 | J55: =+'Urb MCS'!J246 -> 1380 | K55: =+'Urb MCS'!K246 -> 1265 | L55: =+'Urb MCS'!L246 -> 1265 | M55: =+'Urb MCS'!M246 -> 1115 | N55: =+'Urb MCS'!N246 -> 1575 | ... V55: =+'Urb MCS'!V246 -> 1120 | W55: 120 | X55: 0 | Y55: 0
V58: =AVERAGE(G55:U55) -> 1446.6667

Sheet Dario Torres
E2: 2025 | N2: 2026
E3: ABRIL | F3: MAYO | G3: JUNIO | H3: JULIO | I3: AGOSTO | J3: SETIEMBRE | K3: OCTUBRE | L3: NOVIEMBRE | M3: DICIEMBRE | N3: ENERO | O3: FEBRERO | P3: MARZO | Q3: ABRIL | R3: MAYO | S3: JUNIO | T3: JULIO | U3: AGOSTO | V3: SETIEMBRE | W3: OCTUBRE | X3: NOVIEMBRE | Y3: DICIEMBRE
B4: Calle Dario Torres | C4: Dario Torres | D4: Monto | E4: PAGOS
B5: 111-115 | C5: Paola Patiño | D5: 70 | E5: {=+'Urb MCS'!E249:E276} -> 0 | F5: {=+'Urb MCS'!F249:F276} -> 0 | G5: ='Urb MCS'!G249 -> 0 | H5: ='Urb MCS'!H249 -> 0 | I5: ='Urb MCS'!I249 -> 0 | J5: ='Urb MCS'!J249 -> 0 | K5: ='Urb MCS'!K249 -> 0 | L5: ='Urb MCS'!L249 -> 0 | M5: ='Urb MCS'!M249 -> 0 | N5: ='Urb MCS'!N249 -> 0 | ... V5: ='Urb MCS'!V249 -> 0 | W5: {=+'Urb MCS'!X249:X276} -> 0 | X5: {=+'Urb MCS'!Y249:Y276} -> 0 | Y5: {=+'Urb MCS'!Z249:Z276} -> 0
B6: 131 | C6: Cristina Miranda | D6: 70 | E6: 0 | F6: 0 | G6: ='Urb MCS'!G250 -> 70 | H6: ='Urb MCS'!H250 -> 70 | I6: ='Urb MCS'!I250 -> 70 | J6: ='Urb MCS'!J250 -> 70 | K6: ='Urb MCS'!K250 -> 70 | L6: ='Urb MCS'!L250 -> 70 | M6: ='Urb MCS'!M250 -> 70 | N6: ='Urb MCS'!N250 -> 70 | ... V6: ='Urb MCS'!V250 -> 0 | W6: 0 | X6: 0 | Y6: 0
B7: 140 | D7: 0 | E7: 0 | F7: 0 | G7: ='Urb MCS'!G251 -> 0 | H7: ='Urb MCS'!H251 -> 0 | I7: ='Urb MCS'!I251 -> 0 | J7: ='Urb MCS'!J251 -> 0 | K7: ='Urb MCS'!K251 -> 0 | L7: ='Urb MCS'!L251 -> 0 | M7: ='Urb MCS'!M251 -> 0 | N7: ='Urb MCS'!N251 -> 0 | ... V7: ='Urb MCS'!V251 -> 0 | W7: 0 | X7: 0 | Y7: 0
B8: 141 | C8: Carlos Sánchez Gálvez | D8: 70 | E8: 0 | F8: 0 | G8: ='Urb MCS'!G252 -> 0 | H8: ='Urb MCS'!H252 -> 70 | I8: ='Urb MCS'!I252 -> 70 | J8: ='Urb MCS'!J252 -> 70 | K8: ='Urb MCS'!K252 -> 70 | L8: ='Urb MCS'!L252 -> 70 | M8: ='Urb MCS'!M252 -> 70 | N8: ='Urb MCS'!N252 -> 70 | ... V8: ='Urb MCS'!V252 -> 70 | W8: 70 | X8: 70 | Y8: 70
B9: 148 | D9: 0 | E9: 0 | F9: 0 | G9: ='Urb MCS'!G253 -> 0 | H9: ='Urb MCS'!H253 -> 0 | I9: ='Urb MCS'!I253 -> 0 | J9: ='Urb MCS'!J253 -> 0 | K9: ='Urb MCS'!K253 -> 0 | L9: ='Urb MCS'!L253 -> 0 | M9: ='Urb MCS'!M253 -> 0 | N9: ='Urb MCS'!N253 -> 0 | ... V9: ='Urb MCS'!V253 -> 0 | W9: 0 | X9: 0 | Y9: 0
B10: 153 | C10: Edificio Mykonos (31 departamentos) | D10: 200 | E10: 0 | F10: 200 | G10: ='Urb MCS'!G254 -> 200 | H10: ='Urb MCS'!H254 -> 200 | I10: ='Urb MCS'!I254 -> 200 | J10: ='Urb MCS'!J254 -> 200 | K10: ='Urb MCS'!K254 -> 200 | L10: ='Urb MCS'!L254 -> 200 | M10: ='Urb MCS'!M254 -> 200 | N10: ='Urb MCS'!N254 -> 200 | ... V10: ='Urb MCS'!V254 -> 200 | W10: 0 | X10: 0 | Y10: 0
B11: 154 | C11: María Pía Molero Mesía | D11: 70 | E11: 0 | F11: 0 | G11: ='Urb MCS'!G255 -> 70 | H11: ='Urb MCS'!H255 -> 70 | I11: ='Urb MCS'!I255 -> 70 | J11: ='Urb MCS'!J255 -> 70 | K11: ='Urb MCS'!K255 -> 70 | L11: ='Urb MCS'!L255 -> 70 | M11: ='Urb MCS'!M255 -> 70 | N11: ='Urb MCS'!N255 -> 70 | ... V11: ='Urb MCS'!V255 -> 70 | W11: 0 | X11: 0 | Y11: 0
B12: 161 Dpto. 101 | C12: Hermelinda Niezen | D12: 70 | E12: 0 | F12: 0 | G12: ='Urb MCS'!G256 -> 70 | H12: ='Urb MCS'!H256 -> 70 | I12: ='Urb MCS'!I256 -> 70 | J12: ='Urb MCS'!J256 -> 70 | K12: ='Urb MCS'!K256 -> 70 | L12: ='Urb MCS'!L256 -> 70 | M12: ='Urb MCS'!M256 -> 70 | N12: ='Urb MCS'!N256 -> 70 | ... V12: ='Urb MCS'!V256 -> 0 | W12: 0 | X12: 0 | Y12: 0
B13: 161 Dpto. 102 | C13: Rosemaria Lerner | D13: 70 | E13: 0 | F13: 0 | G13: ='Urb MCS'!G257 -> 70 | H13: ='Urb MCS'!H257 -> 70 | I13: ='Urb MCS'!I257 -> 70 | J13: ='Urb MCS'!J257 -> 70 | K13: ='Urb MCS'!K257 -> 70 | L13: ='Urb MCS'!L257 -> 70 | M13: ='Urb MCS'!M257 -> 70 | N13: ='Urb MCS'!N257 -> 70 | ... V13: ='Urb MCS'!V257 -> 70 | W13: 0 | X13: 0 | Y13: 0
B14: 161 Dpto. 201 | C14: Javier Caviedes / Antonella castillo | D14: 70 | E14: 0 | F14: 0 | G14: ='Urb MCS'!G258 -> 0 | H14: ='Urb MCS'!H258 -> 70 | I14: ='Urb MCS'!I258 -> 70 | J14: ='Urb MCS'!J258 -> 70 | K14: ='Urb MCS'!K258 -> 70 | L14: ='Urb MCS'!L258 -> 70 | M14: ='Urb MCS'!M258 -> 70 | N14: ='Urb MCS'!N258 -> 70 | ... V14: ='Urb MCS'!V258 -> 70 | W14: 0 | X14: 0 | Y14: 0
B15: 161 Dpto. 202 | C15: Rosa Chavez | D15: 0 | E15: 0 | F15: 0 | G15: ='Urb MCS'!G259 -> 0 | H15: ='Urb MCS'!H259 -> 0 | I15: ='Urb MCS'!I259 -> 0 | J15: ='Urb MCS'!J259 -> 0 | K15: ='Urb MCS'!K259 -> 70 | L15: ='Urb MCS'!L259 -> 0 | M15: ='Urb MCS'!M259 -> 0 | N15: ='Urb MCS'!N259 -> 0 | ... V15: ='Urb MCS'!V259 -> 0 | W15: 0 | X15: 0 | Y15: 0
B16: 161 Dpto. 301 | C16: Fiorella Francia / Sebastián Gabilondo | D16: 70 | E16: 0 | F16: 0 | G16: ='Urb MCS'!H260 -> 70 | H16: =+'Urb MCS'!H260 -> 70 | I16: ='Urb MCS'!I260 -> 70 | J16: ='Urb MCS'!J260 -> 70 | K16: ='Urb MCS'!K260 -> 70 | L16: ='Urb MCS'!L260 -> 70 | M16: ='Urb MCS'!M260 -> 70 | N16: ='Urb MCS'!N260 -> 70 | O16: ='Urb MCS'!O260 -> 70 | P16: ='Urb MCS'!P260 -> 70 | ... V16: ='Urb MCS'!V260 -> 70 | W16: 0 | X16: 0 | Y16: 0
B17: 161 Dpto. 302 | C17: / inquilino | D17: 70 | E17: 0 | F17: 0 | G17: ='Urb MCS'!G261 -> 0 | H17: ='Urb MCS'!H261 -> 0 | I17: ='Urb MCS'!I261 -> 0 | J17: ='Urb MCS'!J261 -> 0 | K17: ='Urb MCS'!K261 -> 70 | L17: ='Urb MCS'!L261 -> 70 | M17: ='Urb MCS'!M261 -> 70 | N17: ='Urb MCS'!N261 -> 70 | ... V17: ='Urb MCS'!V261 -> 0 | W17: 0 | X17: 0 | Y17: 0
B18: 161 Dpto. 401 | C18: Héctor Valencia | D18: 0 | E18: 0 | F18: 0 | G18: ='Urb MCS'!G262 -> 0 | H18: ='Urb MCS'!H262 -> 0 | I18: ='Urb MCS'!I262 -> 0 | J18: ='Urb MCS'!J262 -> 0 | K18: ='Urb MCS'!K262 -> 0 | L18: ='Urb MCS'!L262 -> 0 | M18: ='Urb MCS'!M262 -> 0 | N18: ='Urb MCS'!N262 -> 0 | ... V18: ='Urb MCS'!V262 -> 0 | W18: 0 | X18: 0 | Y18: 0
B19: 161 Dpto. 402 | C19: Patricia Muro | D19: 0 | E19: 0 | F19: 0 | G19: ='Urb MCS'!G263 -> 0 | H19: ='Urb MCS'!H263 -> 0 | I19: ='Urb MCS'!I263 -> 0 | J19: ='Urb MCS'!J263 -> 0 | K19: ='Urb MCS'!K263 -> 0 | L19: ='Urb MCS'!L263 -> 0 | M19: ='Urb MCS'!M263 -> 0 | N19: ='Urb MCS'!N263 -> 0 | ... V19: ='Urb MCS'!V263 -> 0 | W19: 0 | X19: 0 | Y19: 0
B20: 161 Dpto. 501 | C20: Carolina Perez / Wally Freitas | D20: 70 | E20: 0 | F20: 0 | G20: =+'Urb MCS'!G264 -> 70 | H20: ='Urb MCS'!H264 -> 70 | I20: ='Urb MCS'!I264 -> 70 | J20: ='Urb MCS'!J264 -> 70 | K20: ='Urb MCS'!K264 -> 70 | L20: ='Urb MCS'!L264 -> 70 | M20: ='Urb MCS'!M264 -> 70 | N20: ='Urb MCS'!N264 -> 70 | O20: ='Urb MCS'!O264 -> 70 | ... V20: ='Urb MCS'!V264 -> 70 | W20: 70 | X20: 70 | Y20: 0
B21: 161 Dpto. 502 | C21: Andrés Weise | D21: 0 | E21: 0 | F21: 0 | G21: ='Urb MCS'!G265 -> 0 | H21: ='Urb MCS'!H265 -> 0 | I21: ='Urb MCS'!I265 -> 0 | J21: ='Urb MCS'!J265 -> 0 | K21: ='Urb MCS'!K265 -> 0 | L21: ='Urb MCS'!L265 -> 0 | M21: ='Urb MCS'!M265 -> 0 | N21: ='Urb MCS'!N265 -> 0 | ... V21: ='Urb MCS'!V265 -> 0 | W21: 0 | X21: 0 | Y21: 0
B22: 161 Dpto. 601 | C22: Oliver Leleux | D22: 70 | E22: 0 | F22: 0 | G22: ='Urb MCS'!G266 -> 0 | H22: ='Urb MCS'!H266 -> 0 | I22: ='Urb MCS'!I266 -> 0 | J22: ='Urb MCS'!J266 -> 0 | K22: ='Urb MCS'!K266 -> 0 | L22: ='Urb MCS'!L266 -> 0 | M22: ='Urb MCS'!M266 -> 0 | N22: ='Urb MCS'!N266 -> 0 | ... V22: ='Urb MCS'!V266 -> 70 | W22: 0 | X22: 0 | Y22: 0
B23: 161 Dpto. 602 | C23: Salomón Rodríguez | D23: 0 | E23: 0 | F23: 0 | G23: ='Urb MCS'!G267 -> 0 | H23: ='Urb MCS'!H267 -> 0 | I23: ='Urb MCS'!I267 -> 0 | J23: ='Urb MCS'!J267 -> 0 | K23: ='Urb MCS'!K267 -> 0 | L23: ='Urb MCS'!L267 -> 0 | M23: ='Urb MCS'!M267 -> 0 | N23: ='Urb MCS'!N267 -> 0 | ... V23: ='Urb MCS'!V267 -> 0 | W23: 0 | X23: 0 | Y23: 0
B24: 177 | C24: Manuel Rojas | D24: 70 | E24: 0 | F24: 0 | G24: ='Urb MCS'!G268 -> 0 | H24: ='Urb MCS'!H268 -> 0 | I24: ='Urb MCS'!I268 -> 0 | J24: ='Urb MCS'!J268 -> 0 | K24: ='Urb MCS'!K268 -> 0 | L24: ='Urb MCS'!L268 -> 0 | M24: ='Urb MCS'!M268 -> 70 | N24: ='Urb MCS'!N268 -> 70 | ... V24: ='Urb MCS'!V268 -> 70 | W24: 70 | X24: 0 | Y24: 0
B25: 178 Dpto. 101 | D25: 0 | E25: 0 | F25: 0 | G25: ='Urb MCS'!G269 -> 0 | H25: ='Urb MCS'!H269 -> 0 | I25: ='Urb MCS'!I269 -> 0 | J25: ='Urb MCS'!J269 -> 0 | K25: ='Urb MCS'!K269 -> 0 | L25: ='Urb MCS'!L269 -> 0 | M25: ='Urb MCS'!M269 -> 0 | N25: ='Urb MCS'!N269 -> 0 | ... V25: ='Urb MCS'!V269 -> 0 | W25: 0 | X25: 0 | Y25: 0
B26: 178 Dpto. 201 | D26: 0 | E26: 0 | F26: 0 | G26: ='Urb MCS'!G270 -> 0 | H26: ='Urb MCS'!H270 -> 0 | I26: ='Urb MCS'!I270 -> 0 | J26: ='Urb MCS'!J270 -> 0 | K26: ='Urb MCS'!K270 -> 0 | L26: ='Urb MCS'!L270 -> 0 | M26: ='Urb MCS'!M270 -> 0 | N26: ='Urb MCS'!N270 -> 0 | ... V26: ='Urb MCS'!V270 -> 0 | W26: 0 | X26: 0 | Y26: 0
B27: 178 Dpto. 301 | D27: 0 | E27: 0 | F27: 0 | G27: ='Urb MCS'!G271 -> 0 | H27: ='Urb MCS'!H271 -> 0 | I27: ='Urb MCS'!I271 -> 0 | J27: ='Urb MCS'!J271 -> 0 | K27: ='Urb MCS'!K271 -> 0 | L27: ='Urb MCS'!L271 -> 0 | M27: ='Urb MCS'!M271 -> 0 | N27: ='Urb MCS'!N271 -> 0 | ... V27: ='Urb MCS'!V271 -> 0 | W27: 0 | X27: 0 | Y27: 0
B28: 178 Dpto. 401 | D28: 0 | E28: 0 | F28: 0 | G28: ='Urb MCS'!G272 -> 0 | H28: ='Urb MCS'!H272 -> 0 | I28: ='Urb MCS'!I272 -> 0 | J28: ='Urb MCS'!J272 -> 0 | K28: ='Urb MCS'!K272 -> 0 | L28: ='Urb MCS'!L272 -> 0 | M28: ='Urb MCS'!M272 -> 0 | N28: ='Urb MCS'!N272 -> 0 | ... V28: ='Urb MCS'!V272 -> 0 | W28: 0 | X28: 0 | Y28: 0
B29: 178 Dpto. 501 | C29: Juan Carlos Céliz | D29: 70 | E29: 0 | F29: 0 | G29: ='Urb MCS'!G273 -> 70 | H29: ='Urb MCS'!H273 -> 70 | I29: ='Urb MCS'!I273 -> 70 | J29: ='Urb MCS'!J273 -> 70 | K29: ='Urb MCS'!K273 -> 70 | L29: ='Urb MCS'!L273 -> 70 | M29: ='Urb MCS'!M273 -> 70 | N29: ='Urb MCS'!N273 -> 70 | ... V29: ='Urb MCS'!V273 -> 70 | W29: 0 | X29: 0 | Y29: 0
B30: 180 | D30: 0 | E30: 0 | F30: 0 | G30: ='Urb MCS'!G274 -> 0 | H30: ='Urb MCS'!H274 -> 0 | I30: ='Urb MCS'!I274 -> 0 | J30: ='Urb MCS'!J274 -> 0 | K30: ='Urb MCS'!K274 -> 0 | L30: ='Urb MCS'!L274 -> 0 | M30: ='Urb MCS'!M274 -> 0 | N30: ='Urb MCS'!N274 -> 0 | ... V30: ='Urb MCS'!V274 -> 0 | W30: 0 | X30: 0 | Y30: 0
B31: 199 | C31: Elizabeth Zamalloa | D31: 0 | E31: 0 | F31: 0 | G31: ='Urb MCS'!G275 -> 0 | H31: ='Urb MCS'!H275 -> 0 | I31: ='Urb MCS'!I275 -> 0 | J31: ='Urb MCS'!J275 -> 0 | K31: ='Urb MCS'!K275 -> 0 | L31: ='Urb MCS'!L275 -> 0 | M31: ='Urb MCS'!M275 -> 0 | N31: ='Urb MCS'!N275 -> 0 | ... V31: ='Urb MCS'!V275 -> 0 | W31: 0 | X31: 0 | Y31: 0
E32: 0 | F32: 200 | G32: =+'Urb MCS'!G276 -> 620 | H32: =+'Urb MCS'!H276 -> 830 | I32: =+'Urb MCS'!I276 -> 830 | J32: =+'Urb MCS'!J276 -> 830 | K32: =+'Urb MCS'!K276 -> 970 | L32: =+'Urb MCS'!L276 -> 900 | M32: =+'Urb MCS'!M276 -> 970 | N32: =+'Urb MCS'!N276 -> 970 | ... V32: =+'Urb MCS'!V276 -> 830 | W32: 210 | X32: 140 | Y32: 70
V35: =AVERAGE(G32:U32) -> 904.66667

Sheet Ladislao
E2: 2025 | N2: 2026
E3: ABRIL | F3: MAYO | G3: JUNIO | H3: JULIO | I3: AGOSTO | J3: SETIEMBRE | K3: OCTUBRE | L3: NOVIEMBRE | M3: DICIEMBRE | N3: ENERO | O3: FEBRERO | P3: MARZO | Q3: ABRIL | R3: MAYO | S3: JUNIO | T3: JULIO | U3: AGOSTO | V3: SETIEMBRE | W3: OCTUBRE | X3: NOVIEMBRE | Y3: DICIEMBRE
B4: Calle Ladislao Graña | C4: Ladislao Grana | D4: Monto | E4: PAGOS
B5: 140 | C5: Pedro Arriola - dueño / Percy Sánchez - inquilino | D5: 70 | E5: {=+'Urb MCS'!E279:E281} -> 0 | F5: {=+'Urb MCS'!F279:F281} -> 0 | G5: 0 | H5: =Ladislao!H278 -> 0 | I5: =Ladislao!I278 -> 0 | J5: =Ladislao!J278 -> 0 | K5: =Ladislao!K278 -> 0 | L5: =Ladislao!L278 -> 0 | M5: 70 | N5: 70 | O5: 70 | P5: 70 | Q5: 70 | R5: 70 | S5: =Ladislao!S278 -> 0 | T5: =Ladislao!T278 -> 0 | U5: =Ladislao!U278 -> 0 | V5: 0 | W5: {=+'Urb MCS'!X279:X281} -> 0 | X5: {=+'Urb MCS'!Y279:Y281} -> 0 | Y5: {=+'Urb MCS'!Z279:Z281} -> 0
B6: 160/1y2 | C6: Oscar Cabanillas Larrea | D6: 70 | E6: 0 | F6: 0 | G6: 70 | H6: 70 | I6: 70 | J6: 70 | K6: 70 | L6: 70 | M6: 70 | N6: 70 | O6: 70 | P6: 70 | Q6: 70 | R6: 70 | S6: 70 | T6: 70 | U6: 70 | V6: =Ladislao!V279 -> 0 | W6: 0 | X6: 0 | Y6: 0
E7: 0 | F7: 0 | G7: =+'Urb MCS'!G281 -> 70 | H7: =+'Urb MCS'!H281 -> 70 | I7: =+'Urb MCS'!I281 -> 70 | J7: =+'Urb MCS'!J281 -> 70 | K7: =+'Urb MCS'!K281 -> 70 | L7: =+'Urb MCS'!L281 -> 70 | M7: =+'Urb MCS'!M281 -> 140 | N7: =+'Urb MCS'!N281 -> 140 | ... V7: =+'Urb MCS'!V281 -> 0 | W7: 0 | X7: 0 | Y7: 0
S10: =AVERAGE(G7:U7) -> 98
